Workbook

Sheet Sheet1
A1: Illiad Cast
A2: M/F Ratio | B2: 0.5
A3: Median Age | B3: 35 | C3: 10
A4: Married % | B4: 0.2

Sheet Billets
A1: Billet ID | B1: Secondary | C1: Division | E1: Name | F1: Description | G1: Number | H1: Assigned | I1: Personality | J1: Intelligence | K1: Charisma
D2: Class | E2: Unassigned
A3: 1 | C3: Human Services | D3: Medical | E3: Medical | F3: Medical Staff | G3: 8 | H3: =COUNTIF(People!B:B,A3) -> 0 | J3: 100
A4: =A3+1 -> 2 | C4: Human Services | D4: Teacher | E4: Teacher | F4: School Teachers | G4: 4 | H4: =COUNTIF(People!B:B,A4) -> 5 | J4: 100
A5: =A4+1 -> 3 | C5: Human Services | D5: Specialist | E5: Chef | G5: 1 | H5: =COUNTIF(People!B:B,A5) -> 1
A6: =A5+1 -> 4 | C6: Human Services | D6: Specialist | E6: Butcher | F6: Food Service Specialist | G6: 1 | H6: =COUNTIF(People!B:B,A6) -> 1 | I6: INFP | J6: 100
A7: =A6+1 -> 5 | C7: Human Services | D7: Law Enforcement | E7: Policer Officer | G7: 1 | H7: =COUNTIF(People!B:B,A7) -> 1 | I7: ISTP
A8: =A7+1 -> 6 | C8: Human Services | D8: Law Enforcement | E8: Police Dectective | G8: 0 | H8: =COUNTIF(People!B:B,A8) -> 0 | I8: ESTP | J8: 100
A9: =A8+1 -> 7 | C9: Human Services | D9: Government | E9: Mayor | G9: 1 | H9: =COUNTIF(People!B:B,A9) -> 1 | I9: ENFJ | J9: 100 | K9: 110
A10: =A9+1 -> 8 | C10: Human Services | D10: Service Industry | E10: Bartender | G10: 1 | H10: =COUNTIF(People!B:B,A10) -> 1 | I10: ESFP | K10: 110
A11: =A10+1 -> 9 | C11: Human Services | D11: Vendor | E11: Shop Keeper | G11: 1 | H11: =COUNTIF(People!B:B,A11) -> 1 | I11: ESTJ
A12: =A11+1 -> 10 | C12: Human Services | D12: Craftsman | E12: Craftsman | F12: Carpenter, Interior Designer, Contractor | G12: 7 | H12: =COUNTIF(People!B:B,A12) -> 7 | I12: ESTP ISTP ISFP INFJ
A13: =A12+1 -> 11 | C13: Human Services | D13: Service Industry | E13: Service Worker | G13: 13 | H13: =COUNTIF(People!B:B,A13) -> 0
A14: =A13+1 -> 12 | C14: Human Services | D14: Specialist | E14: Artists/Musician | G14: 0 | H14: =COUNTIF(People!B:B,A14) -> 1 | I14: INFP
A15: =A14+1 -> 13 | C15: Human Services | D15: Specialist | E15: Recreation Director | G15: 1 | H15: =COUNTIF(People!B:B,A15) -> 0 | I15: ESFJ
A16: 100 | C16: Human Services | D16: Medical | G16: =SUM(G17:G30) -> 11 | H16: =SUM(H17:H30) -> 7
A17: 101 | C17: Human Services | D17: Medical | E17: Psychologist | G17: 1 | H17: =COUNTIF(People!B:B,A17) -> 1 | I17: INFP
A18: 102 | C18: Human Services | D18: Medical | E18: Nurse / Nutritionist | G18: 1 | H18: =COUNTIF(People!B:B,A18) -> 2 | I18: ESFJ
A19: 103 | B19: 112 | C19: Human Services | D19: Medical | E19: Psychiatrist / Medical Scientist | G19: 0.5 | H19: =COUNTIF(People!B:B,A19) -> 1 | I19: INTP
A20: 104 | C20: Human Services | D20: Medical | E20: Physician | G20: 1 | H20: =COUNTIF(People!B:B,A20) -> 1 | I20: ENTJ
A21: 105 | C21: Human Services | D21: Medical | E21: Dentist / Pediatrician | G21: 1 | H21: =COUNTIF(People!B:B,A21) -> 1 | I21: INFJ
A22: 106 | C22: Human Services | D22: Medical | E22: Surgeon | G22: 1 | H22: =COUNTIF(People!B:B,A22) -> 1 | I22: INTJ
A23: 107 | C23: Human Services | D23: Medical | E23: Recreational Therapist | G23: 0.5 | H23: =COUNTIF(People!B:B,A23) -> 0 | I23: ENFP
A24: 108 | C24: Human Services | D24: Medical | E24: Dental Assistant / Bartender | G24: 0.5 | H24: =COUNTIF(People!B:B,A24) -> 0 | I24: ESFP
A25: 109 | C25: Human Services | D25: Medical | E25: Home Heath Aid | G25: 0.5 | H25: =COUNTIF(People!B:B,A25) -> 0 | I25: ISFP
A26: 110 | C26: Human Services | D26: Medical | G26: 0.5 | H26: =COUNTIF(People!B:B,A26) -> 0
A27: 111 | C27: Human Services | D27: Medical | G27: 1 | H27: =COUNTIF(People!B:B,A27) -> 0
A28: 112 | C28: Human Services | D28: Medical | G28: 0.5 | H28: =COUNTIF(People!B:B,A28) -> 0
A29: 113 | C29: Human Services | D29: Medical | G29: 1 | H29: =COUNTIF(People!B:B,A29) -> 0 | I29: INTP
A30: 114 | C30: Human Services | D30: Medical | G30: 1 | H30: =COUNTIF(People!B:B,A30) -> 0 | I30: ENTJ
A31: 121 | C31: Human Services | D31: Education | E31: Health Educator | G31: 1 | H31: =COUNTIF(People!B:B,A31) -> 0 | I31: ENFJ
A33: 20 | C33: Robots And Agriculture | D33: Specialist | E33: Veterinarian | G33: 1 | H33: =COUNTIF(People!B:B,A33) -> 1 | I33: INFJ | J33: 110
A34: =A33+1 -> 21 | C34: Robots And Agriculture | D34: Specialist | E34: Software Engineer | G34: 1 | H34: =COUNTIF(People!B:B,A34) -> 1 | I34: INTP | J34: 110
A35: =A34+1 -> 22 | C35: Robots And Agriculture | D35: Specialist | E35: Hardware Engineer | G35: 1 | H35: =COUNTIF(People!B:B,A35) -> 1 | I35: ISTP | J35: 110
A36: =A35+1 -> 23 | C36: Robots And Agriculture | D36: Specialist | E36: Logistician | G36: 1 | H36: =COUNTIF(People!B:B,A36) -> 0 | I36: ISTJ | J36: 110
A37: =A36+1 -> 24 | C37: Robots And Agriculture | D37: Specialist | E37: Horticultarist | G37: 1 | H37: =COUNTIF(People!B:B,A37) -> 0 | I37: INFP | J37: 110
A38: =A37+1 -> 25 | C38: Robots And Agriculture | D38: Specialist | E38: Medical Scientist | G38: 1 | H38: =COUNTIF(People!B:B,A38) -> 0 | I38: INTP | J38: 110
A39: =A38+1 -> 26 | C39: Robots And Agriculture | D39: Specialist | E39: Software Developer | G39: 1 | H39: =COUNTIF(People!B:B,A39) -> 1 | I39: INTJ | J39: 110
A40: =A39+1 -> 27 | C40: Robots And Agriculture | D40: Specialist | E40: Microbiololgist | G40: 1 | H40: =COUNTIF(People!B:B,A40) -> 0 | I40: INTJ | J40: 110
A41: =A40+1 -> 28 | C41: Robots And Agriculture | D41: Manager | E41: Office Manager | G41: =CEILING(G43/20,1) -> 5 | H41: =COUNTIF(People!B:B,A41) -> 0 | I41: ISTJ
A42: =A41+1 -> 29 | C42: Robots And Agriculture | D42: Logistics | E42: Bookkeeper | G42: 1 | H42: =COUNTIF(People!B:B,A42) -> 0 | I42: ISFJ
A43: =A42+1 -> 30 | C43: Robots And Agriculture | D43: Technician | E43: Technician (General) | G43: 86 | H43: =COUNTIF(People!B:B,A43) -> 0 | I43: ISFP, ISTP
A44: =A43+1 -> 31 | C44: Robots And Agriculture | D44: Specialist | E44: System Administrator | H44: =COUNTIF(People!B:B,A44) -> 1 | I44: ISTJ | J44: 110
A45: 40 | C45: Ship Systems | D45: Specialist | E45: Physicist | G45: 3 | H45: =COUNTIF(People!B:B,A45) -> 0

Sheet People
A1: Personid | B1: Assignement | C1: Gender | D1: Age | E1: Married | F1: Name Last | G1: Name First | H1: Intelligence | I1: Charisma | J1: Stength | K1: Perception | L1: Constitution | M1: Wisdom | N1: Dexterity | O1: Appearance | P1: MBTI E/I | Q1: MBTI S/N | R1: MBTI T/F | S1: MBTI J/P
A2: 1 | B2: 31 | C2: =IF(Random!B2>Sheet1!$B$2,"Male","Female") -> Female | D2: =NORMINV(Random!C2,Sheet1!$B$3,Sheet1!$C$3) -> 38.594761 | E2: =IF(D2<18,"no",IF(Random!D2>Sheet1!$B$4,"no","yes")) -> yes | F2: =LOOKUP(Random!E2,Namelists!A:A,Namelists!B:B) -> HARRIS | G2: =IF(C2="Male",LOOKUP(Random!F2,Namelists!E:E,Namelists!F:F),LOOKUP(Random!F2,Namelists!I:I,Namelists!J:J)) -> DONNA | H2: =CEILING(NORMINV(Random!G2,100,15),0.1) -> 116.6 | I2: =CEILING(NORMINV(Random!H2,100,15),0.1) -> 80.4 | J2: =CEILING(NORMINV(Random!I1,100,15),0.1) -> 91.3 | K2: =CEILING(NORMINV(Random!J2,100,15),0.1) -> 121.6 | L2: =CEILING(NORMINV(Random!K2,100,15),0.1) -> 92.2 | M2: =CEILING(NORMINV(Random!L2,100,15),0.1) -> 88 | N2: =CEILING(NORMINV(Random!M2,100,15),0.1) -> 99.6 | O2: =CEILING(NORMINV(Random!N2,100,15),0.1) -> 102.9 | P2: =IF(Random!O2>MBTI!$G$3,MBTI!$H$3,MBTI!$F$3) -> I | Q2: =IF(Random!P2>MBTI!$G$4,MBTI!$H$4,MBTI!$F$4) -> S | R2: =IF(Random!Q2>MBTI!$G$5,MBTI!$H$5,MBTI!$F$5) -> T | S2: =IF(Random!R2>MBTI!$G$6,MBTI!$H$6,MBTI!$F$6) -> J | T2: =CONCATENATE(P2,Q2,R2,S2) -> ISTJ | U2: =LOOKUP(T2,MBTI!$A$3:$A$18,MBTI!$B$3:$B$18) -> Logistician | V2: =LOOKUP(T2,MBTI!$A$3:$A$18,MBTI!$C$3:$C$18) -> Sentinal
A3: =A2+1 -> 2 | C3: =IF(Random!B3>Sheet1!$B$2,"Male","Female") -> Male | D3: =NORMINV(Random!C3,Sheet1!$B$3,Sheet1!$C$3) -> 22.974996 | E3: =IF(D3<18,"no",IF(Random!D3>Sheet1!$B$4,"no","yes")) -> yes | F3: =LOOKUP(Random!E3,Namelists!A:A,Namelists!B:B) -> ALI | G3: =IF(C3="Male",LOOKUP(Random!F3,Namelists!E:E,Namelists!F:F),LOOKUP(Random!F3,Namelists!I:I,Namelists!J:J)) -> KENNETH | H3: =CEILING(NORMINV(Random!G3,100,15),0.1) -> 104.8 | I3: =CEILING(NORMINV(Random!H3,100,15),0.1) -> 86.9 | J3: =CEILING(NORMINV(Random!I2,100,15),0.1) -> 112.3 | K3: =CEILING(NORMINV(Random!J3,100,15),0.1) -> 122 | L3: =CEILING(NORMINV(Random!K3,100,15),0.1) -> 87.7 | M3: =CEILING(NORMINV(Random!L3,100,15),0.1) -> 69.8 | N3: =CEILING(NORMINV(Random!M3,100,15),0.1) -> 112.7 | O3: =CEILING(NORMINV(Random!N3,100,15),0.1) -> 90 | P3: =IF(Random!O3>MBTI!$G$3,MBTI!$H$3,MBTI!$F$3) -> I | Q3: =IF(Random!P3>MBTI!$G$4,MBTI!$H$4,MBTI!$F$4) -> S | R3: =IF(Random!Q3>MBTI!$G$5,MBTI!$H$5,MBTI!$F$5) -> F | S3: =IF(Random!R3>MBTI!$G$6,MBTI!$H$6,MBTI!$F$6) -> J | T3: =CONCATENATE(P3,Q3,R3,S3) -> ISFJ | U3: =LOOKUP(T3,MBTI!$A$3:$A$18,MBTI!$B$3:$B$18) -> Defender | V3: =LOOKUP(T3,MBTI!$A$3:$A$18,MBTI!$C$3:$C$18) -> Sentinal
A4: =A3+1 -> 3 | C4: =IF(Random!B4>Sheet1!$B$2,"Male","Female") -> Female | D4: =NORMINV(Random!C4,Sheet1!$B$3,Sheet1!$C$3) -> 33.61266 | E4: =IF(D4<18,"no",IF(Random!D4>Sheet1!$B$4,"no","yes")) -> no | F4: =LOOKUP(Random!E4,Namelists!A:A,Namelists!B:B) -> MYERS | G4: =IF(C4="Male",LOOKUP(Random!F4,Namelists!E:E,Namelists!F:F),LOOKUP(Random!F4,Namelists!I:I,Namelists!J:J)) -> GWEN | H4: =CEILING(NORMINV(Random!G4,100,15),0.1) -> 61.3 | I4: =CEILING(NORMINV(Random!H4,100,15),0.1) -> 101.3 | J4: =CEILING(NORMINV(Random!I3,100,15),0.1) -> 81.1 | K4: =CEILING(NORMINV(Random!J4,100,15),0.1) -> 98.7 | L4: =CEILING(NORMINV(Random!K4,100,15),0.1) -> 101.8 | M4: =CEILING(NORMINV(Random!L4,100,15),0.1) -> 93.6 | N4: =CEILING(NORMINV(Random!M4,100,15),0.1) -> 100.2 | O4: =CEILING(NORMINV(Random!N4,100,15),0.1) -> 73.5 | P4: =IF(Random!O4>MBTI!$G$3,MBTI!$H$3,MBTI!$F$3) -> E | Q4: =IF(Random!P4>MBTI!$G$4,MBTI!$H$4,MBTI!$F$4) -> N | R4: =IF(Random!Q4>MBTI!$G$5,MBTI!$H$5,MBTI!$F$5) -> F | S4: =IF(Random!R4>MBTI!$G$6,MBTI!$H$6,MBTI!$F$6) -> P | T4: =CONCATENATE(P4,Q4,R4,S4) -> ENFP | U4: =LOOKUP(T4,MBTI!$A$3:$A$18,MBTI!$B$3:$B$18) -> Campaigner | V4: =LOOKUP(T4,MBTI!$A$3:$A$18,MBTI!$C$3:$C$18) -> Diplomat
A5: =A4+1 -> 4 | C5: =IF(Random!B5>Sheet1!$B$2,"Male","Female") -> Male | D5: =NORMINV(Random!C5,Sheet1!$B$3,Sheet1!$C$3) -> 28.53444 | E5: =IF(D5<18,"no",IF(Random!D5>Sheet1!$B$4,"no","yes")) -> yes | F5: =LOOKUP(Random!E5,Namelists!A:A,Namelists!B:B) -> MARTINEZ | G5: =IF(C5="Male",LOOKUP(Random!F5,Namelists!E:E,Namelists!F:F),LOOKUP(Random!F5,Namelists!I:I,Namelists!J:J)) -> IRWIN | H5: =CEILING(NORMINV(Random!G5,100,15),0.1) -> 92.8 | I5: =CEILING(NORMINV(Random!H5,100,15),0.1) -> 100.5 | J5: =CEILING(NORMINV(Random!I4,100,15),0.1) -> 111.8 | K5: =CEILING(NORMINV(Random!J5,100,15),0.1) -> 79.7 | L5: =CEILING(NORMINV(Random!K5,100,15),0.1) -> 102.1 | M5: =CEILING(NORMINV(Random!L5,100,15),0.1) -> 92.5 | N5: =CEILING(NORMINV(Random!M5,100,15),0.1) -> 111.9 | O5: =CEILING(NORMINV(Random!N5,100,15),0.1) -> 81.1 | P5: =IF(Random!O5>MBTI!$G$3,MBTI!$H$3,MBTI!$F$3) -> E | Q5: =IF(Random!P5>MBTI!$G$4,MBTI!$H$4,MBTI!$F$4) -> S | R5: =IF(Random!Q5>MBTI!$G$5,MBTI!$H$5,MBTI!$F$5) -> F | S5: =IF(Random!R5>MBTI!$G$6,MBTI!$H$6,MBTI!$F$6) -> J | T5: =CONCATENATE(P5,Q5,R5,S5) -> ESFJ | U5: =LOOKUP(T5,MBTI!$A$3:$A$18,MBTI!$B$3:$B$18) -> Consul | V5: =LOOKUP(T5,MBTI!$A$3:$A$18,MBTI!$C$3:$C$18) -> Sentinal
A6: =A5+1 -> 5 | C6: =IF(Random!B6>Sheet1!$B$2,"Male","Female") -> Female | D6: =NORMINV(Random!C6,Sheet1!$B$3,Sheet1!$C$3) -> 39.310513 | E6: =IF(D6<18,"no",IF(Random!D6>Sheet1!$B$4,"no","yes")) -> no | F6: =LOOKUP(Random!E6,Namelists!A:A,Namelists!B:B) -> SIMMONS | G6: =IF(C6="Male",LOOKUP(Random!F6,Namelists!E:E,Namelists!F:F),LOOKUP(Random!F6,Namelists!I:I,Namelists!J:J)) -> BRITTANY | H6: =CEILING(NORMINV(Random!G6,100,15),0.1) -> 82.1 | I6: =CEILING(NORMINV(Random!H6,100,15),0.1) -> 111.3 | J6: =CEILING(NORMINV(Random!I5,100,15),0.1) -> 107.2 | K6: =CEILING(NORMINV(Random!J6,100,15),0.1) -> 110.8 | L6: =CEILING(NORMINV(Random!K6,100,15),0.1) -> 117.1 | M6: =CEILING(NORMINV(Random!L6,100,15),0.1) -> 110.4 | N6: =CEILING(NORMINV(Random!M6,100,15),0.1) -> 86.3 | O6: =CEILING(NORMINV(Random!N6,100,15),0.1) -> 85.1 | P6: =IF(Random!O6>MBTI!$G$3,MBTI!$H$3,MBTI!$F$3) -> I | Q6: =IF(Random!P6>MBTI!$G$4,MBTI!$H$4,MBTI!$F$4) -> S | R6: =IF(Random!Q6>MBTI!$G$5,MBTI!$H$5,MBTI!$F$5) -> T | S6: =IF(Random!R6>MBTI!$G$6,MBTI!$H$6,MBTI!$F$6) -> P | T6: =CONCATENATE(P6,Q6,R6,S6) -> ISTP | U6: =LOOKUP(T6,MBTI!$A$3:$A$18,MBTI!$B$3:$B$18) -> Virtuoso | V6: =LOOKUP(T6,MBTI!$A$3:$A$18,MBTI!$C$3:$C$18) -> Explorers
A7: =A6+1 -> 6 | C7: =IF(Random!B7>Sheet1!$B$2,"Male","Female") -> Male | D7: =NORMINV(Random!C7,Sheet1!$B$3,Sheet1!$C$3) -> 14.763431 | E7: =IF(D7<18,"no",IF(Random!D7>Sheet1!$B$4,"no","yes")) -> no | F7: =LOOKUP(Random!E7,Namelists!A:A,Namelists!B:B) -> JONES | G7: =IF(C7="Male",LOOKUP(Random!F7,Namelists!E:E,Namelists!F:F),LOOKUP(Random!F7,Namelists!I:I,Namelists!J:J)) -> HARRY | H7: =CEILING(NORMINV(Random!G7,100,15),0.1) -> 95.4 | I7: =CEILING(NORMINV(Random!H7,100,15),0.1) -> 101.9 | J7: =CEILING(NORMINV(Random!I6,100,15),0.1) -> 98.9 | K7: =CEILING(NORMINV(Random!J7,100,15),0.1) -> 101.4 | L7: =CEILING(NORMINV(Random!K7,100,15),0.1) -> 98.7 | M7: =CEILING(NORMINV(Random!L7,100,15),0.1) -> 119.7 | N7: =CEILING(NORMINV(Random!M7,100,15),0.1) -> 84.4 | O7: =CEILING(NORMINV(Random!N7,100,15),0.1) -> 102.8 | P7: =IF(Random!O7>MBTI!$G$3,MBTI!$H$3,MBTI!$F$3) -> E | Q7: =IF(Random!P7>MBTI!$G$4,MBTI!$H$4,MBTI!$F$4) -> N | R7: =IF(Random!Q7>MBTI!$G$5,MBTI!$H$5,MBTI!$F$5) -> F | S7: =IF(Random!R7>MBTI!$G$6,MBTI!$H$6,MBTI!$F$6) -> J | T7: =CONCATENATE(P7,Q7,R7,S7) -> ENFJ | U7: =LOOKUP(T7,MBTI!$A$3:$A$18,MBTI!$B$3:$B$18) -> Protagonist | V7: =LOOKUP(T7,MBTI!$A$3:$A$18,MBTI!$C$3:$C$18) -> Diplomat
A8: =A7+1 -> 7 | C8: =IF(Random!B8>Sheet1!$B$2,"Male","Female") -> Female | D8: =NORMINV(Random!C8,Sheet1!$B$3,Sheet1!$C$3) -> 35.696818 | E8: =IF(D8<18,"no",IF(Random!D8>Sheet1!$B$4,"no","yes")) -> yes | F8: =LOOKUP(Random!E8,Namelists!A:A,Namelists!B:B) -> BOWMAN | G8: =IF(C8="Male",LOOKUP(Random!F8,Namelists!E:E,Namelists!F:F),LOOKUP(Random!F8,Namelists!I:I,Namelists!J:J)) -> ARLENE | H8: =CEILING(NORMINV(Random!G8,100,15),0.1) -> 97.2 | I8: =CEILING(NORMINV(Random!H8,100,15),0.1) -> 103.6 | J8: =CEILING(NORMINV(Random!I7,100,15),0.1) -> 102.1 | K8: =CEILING(NORMINV(Random!J8,100,15),0.1) -> 124.3 | L8: =CEILING(NORMINV(Random!K8,100,15),0.1) -> 82.5 | M8: =CEILING(NORMINV(Random!L8,100,15),0.1) -> 111.9 | N8: =CEILING(NORMINV(Random!M8,100,15),0.1) -> 110.8 | O8: =CEILING(NORMINV(Random!N8,100,15),0.1) -> 107.6 | P8: =IF(Random!O8>MBTI!$G$3,MBTI!$H$3,MBTI!$F$3) -> I | Q8: =IF(Random!P8>MBTI!$G$4,MBTI!$H$4,MBTI!$F$4) -> N | R8: =IF(Random!Q8>MBTI!$G$5,MBTI!$H$5,MBTI!$F$5) -> T | S8: =IF(Random!R8>MBTI!$G$6,MBTI!$H$6,MBTI!$F$6) -> J | T8: =CONCATENATE(P8,Q8,R8,S8) -> INTJ | U8: =LOOKUP(T8,MBTI!$A$3:$A$18,MBTI!$B$3:$B$18) -> Architect | V8: =LOOKUP(T8,MBTI!$A$3:$A$18,MBTI!$C$3:$C$18) -> Analyst
A9: =A8+1 -> 8 | C9: =IF(Random!B9>Sheet1!$B$2,"Male","Female") -> Male | D9: =NORMINV(Random!C9,Sheet1!$B$3,Sheet1!$C$3) -> 38.844092 | E9: =IF(D9<18,"no",IF(Random!D9>Sheet1!$B$4,"no","yes")) -> no | F9: =LOOKUP(Random!E9,Namelists!A:A,Namelists!B:B) -> TYLER | G9: =IF(C9="Male",LOOKUP(Random!F9,Namelists!E:E,Namelists!F:F),LOOKUP(Random!F9,Namelists!I:I,Namelists!J:J)) -> CHRISTOPHER | H9: =CEILING(NORMINV(Random!G9,100,15),0.1) -> 94.9 | I9: =CEILING(NORMINV(Random!H9,100,15),0.1) -> 121.1 | J9: =CEILING(NORMINV(Random!I8,100,15),0.1) -> 96.1 | K9: =CEILING(NORMINV(Random!J9,100,15),0.1) -> 96.9 | L9: =CEILING(NORMINV(Random!K9,100,15),0.1) -> 97.2 | M9: =CEILING(NORMINV(Random!L9,100,15),0.1) -> 114.8 | N9: =CEILING(NORMINV(Random!M9,100,15),0.1) -> 84.7 | O9: =CEILING(NORMINV(Random!N9,100,15),0.1) -> 120.6 | P9: =IF(Random!O9>MBTI!$G$3,MBTI!$H$3,MBTI!$F$3) -> E | Q9: =IF(Random!P9>MBTI!$G$4,MBTI!$H$4,MBTI!$F$4) -> S | R9: =IF(Random!Q9>MBTI!$G$5,MBTI!$H$5,MBTI!$F$5) -> T | S9: =IF(Random!R9>MBTI!$G$6,MBTI!$H$6,MBTI!$F$6) -> J | T9: =CONCATENATE(P9,Q9,R9,S9) -> ESTJ | U9: =LOOKUP(T9,MBTI!$A$3:$A$18,MBTI!$B$3:$B$18) -> Executive | V9: =LOOKUP(T9,MBTI!$A$3:$A$18,MBTI!$C$3:$C$18) -> Sentinal
A10: =A9+1 -> 9 | B10: 10 | C10: =IF(Random!B10>Sheet1!$B$2,"Male","Female") -> Female | D10: =NORMINV(Random!C10,Sheet1!$B$3,Sheet1!$C$3) -> 38.447639 | E10: =IF(D10<18,"no",IF(Random!D10>Sheet1!$B$4,"no","yes")) -> no | F10: =LOOKUP(Random!E10,Namelists!A:A,Namelists!B:B) -> HUDSON | G10: =IF(C10="Male",LOOKUP(Random!F10,Namelists!E:E,Namelists!F:F),LOOKUP(Random!F10,Namelists!I:I,Namelists!J:J)) -> CELINA | H10: =CEILING(NORMINV(Random!G10,100,15),0.1) -> 103.4 | I10: =CEILING(NORMINV(Random!H10,100,15),0.1) -> 93.2 | J10: =CEILING(NORMINV(Random!I9,100,15),0.1) -> 121.9 | K10: =CEILING(NORMINV(Random!J10,100,15),0.1) -> 91.5 | L10: =CEILING(NORMINV(Random!K10,100,15),0.1) -> 105.7 | M10: =CEILING(NORMINV(Random!L10,100,15),0.1) -> 103.9 | N10: =CEILING(NORMINV(Random!M10,100,15),0.1) -> 138 | O10: =CEILING(NORMINV(Random!N10,100,15),0.1) -> 74.6 | P10: =IF(Random!O10>MBTI!$G$3,MBTI!$H$3,MBTI!$F$3) -> I | Q10: =IF(Random!P10>MBTI!$G$4,MBTI!$H$4,MBTI!$F$4) -> S | R10: =IF(Random!Q10>MBTI!$G$5,MBTI!$H$5,MBTI!$F$5) -> T | S10: =IF(Random!R10>MBTI!$G$6,MBTI!$H$6,MBTI!$F$6) -> P | T10: =CONCATENATE(P10,Q10,R10,S10) -> ISTP | U10: =LOOKUP(T10,MBTI!$A$3:$A$18,MBTI!$B$3:$B$18) -> Virtuoso | V10: =LOOKUP(T10,MBTI!$A$3:$A$18,MBTI!$C$3:$C$18) -> Explorers
A11: =A10+1 -> 10 | C11: =IF(Random!B11>Sheet1!$B$2,"Male","Female") -> Female | D11: =NORMINV(Random!C11,Sheet1!$B$3,Sheet1!$C$3) -> 15.091892 | E11: =IF(D11<18,"no",IF(Random!D11>Sheet1!$B$4,"no","yes")) -> no | F11: =LOOKUP(Random!E11,Namelists!A:A,Namelists!B:B) -> BERG | G11: =IF(C11="Male",LOOKUP(Random!F11,Namelists!E:E,Namelists!F:F),LOOKUP(Random!F11,Namelists!I:I,Namelists!J:J)) -> TIFFANY | H11: =CEILING(NORMINV(Random!G11,100,15),0.1) -> 100.5 | I11: =CEILING(NORMINV(Random!H11,100,15),0.1) -> 93.1 | J11: =CEILING(NORMINV(Random!I10,100,15),0.1) -> 99.7 | K11: =CEILING(NORMINV(Random!J11,100,15),0.1) -> 94.4 | L11: =CEILING(NORMINV(Random!K11,100,15),0.1) -> 107.8 | M11: =CEILING(NORMINV(Random!L11,100,15),0.1) -> 94.2 | N11: =CEILING(NORMINV(Random!M11,100,15),0.1) -> 122.7 | O11: =CEILING(NORMINV(Random!N11,100,15),0.1) -> 109.1 | P11: =IF(Random!O11>MBTI!$G$3,MBTI!$H$3,MBTI!$F$3) -> E | Q11: =IF(Random!P11>MBTI!$G$4,MBTI!$H$4,MBTI!$F$4) -> S | R11: =IF(Random!Q11>MBTI!$G$5,MBTI!$H$5,MBTI!$F$5) -> T | S11: =IF(Random!R11>MBTI!$G$6,MBTI!$H$6,MBTI!$F$6) -> P | T11: =CONCATENATE(P11,Q11,R11,S11) -> ESTP | U11: =LOOKUP(T11,MBTI!$A$3:$A$18,MBTI!$B$3:$B$18) -> Entreprenuer | V11: =LOOKUP(T11,MBTI!$A$3:$A$18,MBTI!$C$3:$C$18) -> Explorers
A12: =A11+1 -> 11 | C12: =IF(Random!B12>Sheet1!$B$2,"Male","Female") -> Female | D12: =NORMINV(Random!C12,Sheet1!$B$3,Sheet1!$C$3) -> 41.382999 | E12: =IF(D12<18,"no",IF(Random!D12>Sheet1!$B$4,"no","yes")) -> no | F12: =LOOKUP(Random!E12,Namelists!A:A,Namelists!B:B) -> TANG | G12: =IF(C12="Male",LOOKUP(Random!F12,Namelists!E:E,Namelists!F:F),LOOKUP(Random!F12,Namelists!I:I,Namelists!J:J)) -> KATHLEEN | H12: =CEILING(NORMINV(Random!G12,100,15),0.1) -> 92.3 | I12: =CEILING(NORMINV(Random!H12,100,15),0.1) -> 117.7 | J12: =CEILING(NORMINV(Random!I11,100,15),0.1) -> 109.5 | K12: =CEILING(NORMINV(Random!J12,100,15),0.1) -> 98.2 | L12: =CEILING(NORMINV(Random!K12,100,15),0.1) -> 75.7 | M12: =CEILING(NORMINV(Random!L12,100,15),0.1) -> 86.1 | N12: =CEILING(NORMINV(Random!M12,100,15),0.1) -> 68.4 | O12: =CEILING(NORMINV(Random!N12,100,15),0.1) -> 90.7 | P12: =IF(Random!O12>MBTI!$G$3,MBTI!$H$3,MBTI!$F$3) -> E | Q12: =IF(Random!P12>MBTI!$G$4,MBTI!$H$4,MBTI!$F$4) -> S | R12: =IF(Random!Q12>MBTI!$G$5,MBTI!$H$5,MBTI!$F$5) -> F | S12: =IF(Random!R12>MBTI!$G$6,MBTI!$H$6,MBTI!$F$6) -> P | T12: =CONCATENATE(P12,Q12,R12,S12) -> ESFP | U12: =LOOKUP(T12,MBTI!$A$3:$A$18,MBTI!$B$3:$B$18) -> Entertainer | V12: =LOOKUP(T12,MBTI!$A$3:$A$18,MBTI!$C$3:$C$18) -> Explorers
A13: =A12+1 -> 12 | B13: 10 | C13: =IF(Random!B13>Sheet1!$B$2,"Male","Female") -> Male | D13: =NORMINV(Random!C13,Sheet1!$B$3,Sheet1!$C$3) -> 35.026008 | E13: =IF(D13<18,"no",IF(Random!D13>Sheet1!$B$4,"no","yes")) -> yes | F13: =LOOKUP(Random!E13,Namelists!A:A,Namelists!B:B) -> PALACIOS | G13: =IF(C13="Male",LOOKUP(Random!F13,Namelists!E:E,Namelists!F:F),LOOKUP(Random!F13,Namelists!I:I,Namelists!J:J)) -> TIMOTHY | H13: =CEILING(NORMINV(Random!G13,100,15),0.1) -> 79.4 | I13: =CEILING(NORMINV(Random!H13,100,15),0.1) -> 117.9 | J13: =CEILING(NORMINV(Random!I12,100,15),0.1) -> 113.2 | K13: =CEILING(NORMINV(Random!J13,100,15),0.1) -> 84 | L13: =CEILING(NORMINV(Random!K13,100,15),0.1) -> 82.1 | M13: =CEILING(NORMINV(Random!L13,100,15),0.1) -> 89.6 | N13: =CEILING(NORMINV(Random!M13,100,15),0.1) -> 107.2 | O13: =CEILING(NORMINV(Random!N13,100,15),0.1) -> 90.9 | P13: =IF(Random!O13>MBTI!$G$3,MBTI!$H$3,MBTI!$F$3) -> I | Q13: =IF(Random!P13>MBTI!$G$4,MBTI!$H$4,MBTI!$F$4) -> S | R13: =IF(Random!Q13>MBTI!$G$5,MBTI!$H$5,MBTI!$F$5) -> F | S13: =IF(Random!R13>MBTI!$G$6,MBTI!$H$6,MBTI!$F$6) -> P | T13: =CONCATENATE(P13,Q13,R13,S13) -> ISFP | U13: =LOOKUP(T13,MBTI!$A$3:$A$18,MBTI!$B$3:$B$18) -> Adventurer | V13: =LOOKUP(T13,MBTI!$A$3:$A$18,MBTI!$C$3:$C$18) -> Explorers
A14: =A13+1 -> 13 | C14: =IF(Random!B14>Sheet1!$B$2,"Male","Female") -> Male | D14: =NORMINV(Random!C14,Sheet1!$B$3,Sheet1!$C$3) -> 34.658655 | E14: =IF(D14<18,"no",IF(Random!D14>Sheet1!$B$4,"no","yes")) -> no | F14: =LOOKUP(Random!E14,Namelists!A:A,Namelists!B:B) -> SMITH | G14: =IF(C14="Male",LOOKUP(Random!F14,Namelists!E:E,Namelists!F:F),LOOKUP(Random!F14,Namelists!I:I,Namelists!J:J)) -> MILTON | H14: =CEILING(NORMINV(Random!G14,100,15),0.1) -> 88.7 | I14: =CEILING(NORMINV(Random!H14,100,15),0.1) -> 82.7 | J14: =CEILING(NORMINV(Random!I13,100,15),0.1) -> 92.7 | K14: =CEILING(NORMINV(Random!J14,100,15),0.1) -> 109.4 | L14: =CEILING(NORMINV(Random!K14,100,15),0.1) -> 101.9 | M14: =CEILING(NORMINV(Random!L14,100,15),0.1) -> 96.5 | N14: =CEILING(NORMINV(Random!M14,100,15),0.1) -> 114.5 | O14: =CEILING(NORMINV(Random!N14,100,15),0.1) -> 105.1 | P14: =IF(Random!O14>MBTI!$G$3,MBTI!$H$3,MBTI!$F$3) -> E | Q14: =IF(Random!P14>MBTI!$G$4,MBTI!$H$4,MBTI!$F$4) -> N | R14: =IF(Random!Q14>MBTI!$G$5,MBTI!$H$5,MBTI!$F$5) -> T | S14: =IF(Random!R14>MBTI!$G$6,MBTI!$H$6,MBTI!$F$6) -> P | T14: =CONCATENATE(P14,Q14,R14,S14) -> ENTP | U14: =LOOKUP(T14,MBTI!$A$3:$A$18,MBTI!$B$3:$B$18) -> Debater | V14: =LOOKUP(T14,MBTI!$A$3:$A$18,MBTI!$C$3:$C$18) -> Analyst
A15: =A14+1 -> 14 | C15: =IF(Random!B15>Sheet1!$B$2,"Male","Female") -> Male | D15: =NORMINV(Random!C15,Sheet1!$B$3,Sheet1!$C$3) -> 39.367312 | E15: =IF(D15<18,"no",IF(Random!D15>Sheet1!$B$4,"no","yes")) -> no | F15: =LOOKUP(Random!E15,Namelists!A:A,Namelists!B:B) -> MASON | G15: =IF(C15="Male",LOOKUP(Random!F15,Namelists!E:E,Namelists!F:F),LOOKUP(Random!F15,Namelists!I:I,Namelists!J:J)) -> JOHN | H15: =CEILING(NORMINV(Random!G15,100,15),0.1) -> 100.6 | I15: =CEILING(NORMINV(Random!H15,100,15),0.1) -> 101 | J15: =CEILING(NORMINV(Random!I14,100,15),0.1) -> 114.8 | K15: =CEILING(NORMINV(Random!J15,100,15),0.1) -> 103.6 | L15: =CEILING(NORMINV(Random!K15,100,15),0.1) -> 87.9 | M15: =CEILING(NORMINV(Random!L15,100,15),0.1) -> 114.7 | N15: =CEILING(NORMINV(Random!M15,100,15),0.1) -> 105.8 | O15: =CEILING(NORMINV(Random!N15,100,15),0.1) -> 121.7 | P15: =IF(Random!O15>MBTI!$G$3,MBTI!$H$3,MBTI!$F$3) -> E | Q15: =IF(Random!P15>MBTI!$G$4,MBTI!$H$4,MBTI!$F$4) -> N | R15: =IF(Random!Q15>MBTI!$G$5,MBTI!$H$5,MBTI!$F$5) -> F | S15: =IF(Random!R15>MBTI!$G$6,MBTI!$H$6,MBTI!$F$6) -> J | T15: =CONCATENATE(P15,Q15,R15,S15) -> ENFJ | U15: =LOOKUP(T15,MBTI!$A$3:$A$18,MBTI!$B$3:$B$18) -> Protagonist | V15: =LOOKUP(T15,MBTI!$A$3:$A$18,MBTI!$C$3:$C$18) -> Diplomat
A16: =A15+1 -> 15 | C16: =IF(Random!B16>Sheet1!$B$2,"Male","Female") -> Male | D16: =NORMINV(Random!C16,Sheet1!$B$3,Sheet1!$C$3) -> 39.637199 | E16: =IF(D16<18,"no",IF(Random!D16>Sheet1!$B$4,"no","yes")) -> yes | F16: =LOOKUP(Random!E16,Namelists!A:A,Namelists!B:B) -> DAVIDSON | G16: =IF(C16="Male",LOOKUP(Random!F16,Namelists!E:E,Namelists!F:F),LOOKUP(Random!F16,Namelists!I:I,Namelists!J:J)) -> ROBERT | H16: =CEILING(NORMINV(Random!G16,100,15),0.1) -> 121.1 | I16: =CEILING(NORMINV(Random!H16,100,15),0.1) -> 104.5 | J16: =CEILING(NORMINV(Random!I15,100,15),0.1) -> 108.8 | K16: =CEILING(NORMINV(Random!J16,100,15),0.1) -> 88.4 | L16: =CEILING(NORMINV(Random!K16,100,15),0.1) -> 112.9 | M16: =CEILING(NORMINV(Random!L16,100,15),0.1) -> 120.7 | N16: =CEILING(NORMINV(Random!M16,100,15),0.1) -> 105.3 | O16: =CEILING(NORMINV(Random!N16,100,15),0.1) -> 126.4 | P16: =IF(Random!O16>MBTI!$G$3,MBTI!$H$3,MBTI!$F$3) -> I | Q16: =IF(Random!P16>MBTI!$G$4,MBTI!$H$4,MBTI!$F$4) -> S | R16: =IF(Random!Q16>MBTI!$G$5,MBTI!$H$5,MBTI!$F$5) -> T | S16: =IF(Random!R16>MBTI!$G$6,MBTI!$H$6,MBTI!$F$6) -> J | T16: =CONCATENATE(P16,Q16,R16,S16) -> ISTJ | U16: =LOOKUP(T16,MBTI!$A$3:$A$18,MBTI!$B$3:$B$18) -> Logistician | V16: =LOOKUP(T16,MBTI!$A$3:$A$18,MBTI!$C$3:$C$18) -> Sentinal
A17: =A16+1 -> 16 | C17: =IF(Random!B17>Sheet1!$B$2,"Male","Female") -> Male | D17: =NORMINV(Random!C17,Sheet1!$B$3,Sheet1!$C$3) -> 24.996745 | E17: =IF(D17<18,"no",IF(Random!D17>Sheet1!$B$4,"no","yes")) -> yes | F17: =LOOKUP(Random!E17,Namelists!A:A,Namelists!B:B) -> SANCHEZ | G17: =IF(C17="Male",LOOKUP(Random!F17,Namelists!E:E,Namelists!F:F),LOOKUP(Random!F17,Namelists!I:I,Namelists!J:J)) -> LARRY | H17: =CEILING(NORMINV(Random!G17,100,15),0.1) -> 92.7 | I17: =CEILING(NORMINV(Random!H17,100,15),0.1) -> 97.3 | J17: =CEILING(NORMINV(Random!I16,100,15),0.1) -> 95.2 | K17: =CEILING(NORMINV(Random!J17,100,15),0.1) -> 97.6 | L17: =CEILING(NORMINV(Random!K17,100,15),0.1) -> 91.5 | M17: =CEILING(NORMINV(Random!L17,100,15),0.1) -> 70.6 | N17: =CEILING(NORMINV(Random!M17,100,15),0.1) -> 95.9 | O17: =CEILING(NORMINV(Random!N17,100,15),0.1) -> 102.1 | P17: =IF(Random!O17>MBTI!$G$3,MBTI!$H$3,MBTI!$F$3) -> E | Q17: =IF(Random!P17>MBTI!$G$4,MBTI!$H$4,MBTI!$F$4) -> N | R17: =IF(Random!Q17>MBTI!$G$5,MBTI!$H$5,MBTI!$F$5) -> T | S17: =IF(Random!R17>MBTI!$G$6,MBTI!$H$6,MBTI!$F$6) -> J | T17: =CONCATENATE(P17,Q17,R17,S17) -> ENTJ | U17: =LOOKUP(T17,MBTI!$A$3:$A$18,MBTI!$B$3:$B$18) -> Commander | V17: =LOOKUP(T17,MBTI!$A$3:$A$18,MBTI!$C$3:$C$18) -> Analyst
A18: =A17+1 -> 17 | C18: =IF(Random!B18>Sheet1!$B$2,"Male","Female") -> Female | D18: =NORMINV(Random!C18,Sheet1!$B$3,Sheet1!$C$3) -> 31.410235 | E18: =IF(D18<18,"no",IF(Random!D18>Sheet1!$B$4,"no","yes")) -> no | F18: =LOOKUP(Random!E18,Namelists!A:A,Namelists!B:B) -> LAWSON | G18: =IF(C18="Male",LOOKUP(Random!F18,Namelists!E:E,Namelists!F:F),LOOKUP(Random!F18,Namelists!I:I,Namelists!J:J)) -> CELINA | H18: =CEILING(NORMINV(Random!G18,100,15),0.1) -> 62.8 | I18: =CEILING(NORMINV(Random!H18,100,15),0.1) -> 88.9 | J18: =CEILING(NORMINV(Random!I17,100,15),0.1) -> 131.9 | K18: =CEILING(NORMINV(Random!J18,100,15),0.1) -> 112.6 | L18: =CEILING(NORMINV(Random!K18,100,15),0.1) -> 105.3 | M18: =CEILING(NORMINV(Random!L18,100,15),0.1) -> 106 | N18: =CEILING(NORMINV(Random!M18,100,15),0.1) -> 105.4 | O18: =CEILING(NORMINV(Random!N18,100,15),0.1) -> 89.2 | P18: =IF(Random!O18>MBTI!$G$3,MBTI!$H$3,MBTI!$F$3) -> E | Q18: =IF(Random!P18>MBTI!$G$4,MBTI!$H$4,MBTI!$F$4) -> S | R18: =IF(Random!Q18>MBTI!$G$5,MBTI!$H$5,MBTI!$F$5) -> F | S18: =IF(Random!R18>MBTI!$G$6,MBTI!$H$6,MBTI!$F$6) -> J | T18: =CONCATENATE(P18,Q18,R18,S18) -> ESFJ | U18: =LOOKUP(T18,MBTI!$A$3:$A$18,MBTI!$B$3:$B$18) -> Consul | V18: =LOOKUP(T18,MBTI!$A$3:$A$18,MBTI!$C$3:$C$18) -> Sentinal
A19: =A18+1 -> 18 | C19: =IF(Random!B19>Sheet1!$B$2,"Male","Female") -> Female | D19: =NORMINV(Random!C19,Sheet1!$B$3,Sheet1!$C$3) -> 26.378031 | E19: =IF(D19<18,"no",IF(Random!D19>Sheet1!$B$4,"no","yes")) -> no | F19: =LOOKUP(Random!E19,Namelists!A:A,Namelists!B:B) -> SALAZAR | G19: =IF(C19="Male",LOOKUP(Random!F19,Namelists!E:E,Namelists!F:F),LOOKUP(Random!F19,Namelists!I:I,Namelists!J:J)) -> SUSAN | H19: =CEILING(NORMINV(Random!G19,100,15),0.1) -> 89.4 | I19: =CEILING(NORMINV(Random!H19,100,15),0.1) -> 83.6 | J19: =CEILING(NORMINV(Random!I18,100,15),0.1) -> 124.8 | K19: =CEILING(NORMINV(Random!J19,100,15),0.1) -> 92.4 | L19: =CEILING(NORMINV(Random!K19,100,15),0.1) -> 88.4 | M19: =CEILING(NORMINV(Random!L19,100,15),0.1) -> 124.3 | N19: =CEILING(NORMINV(Random!M19,100,15),0.1) -> 97.9 | O19: =CEILING(NORMINV(Random!N19,100,15),0.1) -> 122.8 | P19: =IF(Random!O19>MBTI!$G$3,MBTI!$H$3,MBTI!$F$3) -> E | Q19: =IF(Random!P19>MBTI!$G$4,MBTI!$H$4,MBTI!$F$4) -> N | R19: =IF(Random!Q19>MBTI!$G$5,MBTI!$H$5,MBTI!$F$5) -> F | S19: =IF(Random!R19>MBTI!$G$6,MBTI!$H$6,MBTI!$F$6) -> P | T19: =CONCATENATE(P19,Q19,R19,S19) -> ENFP | U19: =LOOKUP(T19,MBTI!$A$3:$A$18,MBTI!$B$3:$B$18) -> Campaigner | V19: =LOOKUP(T19,MBTI!$A$3:$A$18,MBTI!$C$3:$C$18) -> Diplomat
A20: =A19+1 -> 19 | C20: =IF(Random!B20>Sheet1!$B$2,"Male","Female") -> Female | D20: =NORMINV(Random!C20,Sheet1!$B$3,Sheet1!$C$3) -> 27.213621 | E20: =IF(D20<18,"no",IF(Random!D20>Sheet1!$B$4,"no","yes")) -> yes | F20: =LOOKUP(Random!E20,Namelists!A:A,Namelists!B:B) -> LUNA | G20: =IF(C20="Male",LOOKUP(Random!F20,Namelists!E:E,Namelists!F:F),LOOKUP(Random!F20,Namelists!I:I,Namelists!J:J)) -> ADRIAN | H20: =CEILING(NORMINV(Random!G20,100,15),0.1) -> 96.3 | I20: =CEILING(NORMINV(Random!H20,100,15),0.1) -> 108.3 | J20: =CEILING(NORMINV(Random!I19,100,15),0.1) -> 101.1 | K20: =CEILING(NORMINV(Random!J20,100,15),0.1) -> 62.8 | L20: =CEILING(NORMINV(Random!K20,100,15),0.1) -> 116.3 | M20: =CEILING(NORMINV(Random!L20,100,15),0.1) -> 95.9 | N20: =CEILING(NORMINV(Random!M20,100,15),0.1) -> 89.4 | O20: =CEILING(NORMINV(Random!N20,100,15),0.1) -> 94.2 | P20: =IF(Random!O20>MBTI!$G$3,MBTI!$H$3,MBTI!$F$3) -> I | Q20: =IF(Random!P20>MBTI!$G$4,MBTI!$H$4,MBTI!$F$4) -> S | R20: =IF(Random!Q20>MBTI!$G$5,MBTI!$H$5,MBTI!$F$5) -> F | S20: =IF(Random!R20>MBTI!$G$6,MBTI!$H$6,MBTI!$F$6) -> J | T20: =CONCATENATE(P20,Q20,R20,S20) -> ISFJ | U20: =LOOKUP(T20,MBTI!$A$3:$A$18,MBTI!$B$3:$B$18) -> Defender | V20: =LOOKUP(T20,MBTI!$A$3:$A$18,MBTI!$C$3:$C$18) -> Sentinal
A21: =A20+1 -> 20 | C21: =IF(Random!B21>Sheet1!$B$2,"Male","Female") -> Male | D21: =NORMINV(Random!C21,Sheet1!$B$3,Sheet1!$C$3) -> 41.349445 | E21: =IF(D21<18,"no",IF(Random!D21>Sheet1!$B$4,"no","yes")) -> no | F21: =LOOKUP(Random!E21,Namelists!A:A,Namelists!B:B) -> MITCHELL | G21: =IF(C21="Male",LOOKUP(Random!F21,Namelists!E:E,Namelists!F:F),LOOKUP(Random!F21,Namelists!I:I,Namelists!J:J)) -> DAVID | H21: =CEILING(NORMINV(Random!G21,100,15),0.1) -> 113.4 | I21: =CEILING(NORMINV(Random!H21,100,15),0.1) -> 95.9 | J21: =CEILING(NORMINV(Random!I20,100,15),0.1) -> 120 | K21: =CEILING(NORMINV(Random!J21,100,15),0.1) -> 99.3 | L21: =CEILING(NORMINV(Random!K21,100,15),0.1) -> 83.3 | M21: =CEILING(NORMINV(Random!L21,100,15),0.1) -> 86.8 | N21: =CEILING(NORMINV(Random!M21,100,15),0.1) -> 84.6 | O21: =CEILING(NORMINV(Random!N21,100,15),0.1) -> 99.7 | P21: =IF(Random!O21>MBTI!$G$3,MBTI!$H$3,MBTI!$F$3) -> E | Q21: =IF(Random!P21>MBTI!$G$4,MBTI!$H$4,MBTI!$F$4) -> S | R21: =IF(Random!Q21>MBTI!$G$5,MBTI!$H$5,MBTI!$F$5) -> T | S21: =IF(Random!R21>MBTI!$G$6,MBTI!$H$6,MBTI!$F$6) -> P | T21: =CONCATENATE(P21,Q21,R21,S21) -> ESTP | U21: =LOOKUP(T21,MBTI!$A$3:$A$18,MBTI!$B$3:$B$18) -> Entreprenuer | V21: =LOOKUP(T21,MBTI!$A$3:$A$18,MBTI!$C$3:$C$18) -> Explorers
A22: =A21+1 -> 21 | B22: 2 | C22: =IF(Random!B22>Sheet1!$B$2,"Male","Female") -> Male | D22: =NORMINV(Random!C22,Sheet1!$B$3,Sheet1!$C$3) -> 30.899986 | E22: =IF(D22<18,"no",IF(Random!D22>Sheet1!$B$4,"no","yes")) -> yes | F22: =LOOKUP(Random!E22,Namelists!A:A,Namelists!B:B) -> ROMERO | G22: =IF(C22="Male",LOOKUP(Random!F22,Namelists!E:E,Namelists!F:F),LOOKUP(Random!F22,Namelists!I:I,Namelists!J:J)) -> FRANCISCO | H22: =CEILING(NORMINV(Random!G22,100,15),0.1) -> 119.6 | I22: =CEILING(NORMINV(Random!H22,100,15),0.1) -> 121.8 | J22: =CEILING(NORMINV(Random!I21,100,15),0.1) -> 81.8 | K22: =CEILING(NORMINV(Random!J22,100,15),0.1) -> 107.4 | L22: =CEILING(NORMINV(Random!K22,100,15),0.1) -> 114.5 | M22: =CEILING(NORMINV(Random!L22,100,15),0.1) -> 75.6 | N22: =CEILING(NORMINV(Random!M22,100,15),0.1) -> 107 | O22: =CEILING(NORMINV(Random!N22,100,15),0.1) -> 82.4 | P22: =IF(Random!O22>MBTI!$G$3,MBTI!$H$3,MBTI!$F$3) -> E | Q22: =IF(Random!P22>MBTI!$G$4,MBTI!$H$4,MBTI!$F$4) -> S | R22: =IF(Random!Q22>MBTI!$G$5,MBTI!$H$5,MBTI!$F$5) -> F | S22: =IF(Random!R22>MBTI!$G$6,MBTI!$H$6,MBTI!$F$6) -> J | T22: =CONCATENATE(P22,Q22,R22,S22) -> ESFJ | U22: =LOOKUP(T22,MBTI!$A$3:$A$18,MBTI!$B$3:$B$18) -> Consul | V22: =LOOKUP(T22,MBTI!$A$3:$A$18,MBTI!$C$3:$C$18) -> Sentinal
A23: =A22+1 -> 22 | C23: =IF(Random!B23>Sheet1!$B$2,"Male","Female") -> Male | D23: =NORMINV(Random!C23,Sheet1!$B$3,Sheet1!$C$3) -> 35.306946 | E23: =IF(D23<18,"no",IF(Random!D23>Sheet1!$B$4,"no","yes")) -> no | F23: =LOOKUP(Random!E23,Namelists!A:A,Namelists!B:B) -> BELL | G23: =IF(C23="Male",LOOKUP(Random!F23,Namelists!E:E,Namelists!F:F),LOOKUP(Random!F23,Namelists!I:I,Namelists!J:J)) -> GEORGE | H23: =CEILING(NORMINV(Random!G23,100,15),0.1) -> 95.5 | I23: =CEILING(NORMINV(Random!H23,100,15),0.1) -> 103 | J23: =CEILING(NORMINV(Random!I22,100,15),0.1) -> 96.1 | K23: =CEILING(NORMINV(Random!J23,100,15),0.1) -> 102.7 | L23: =CEILING(NORMINV(Random!K23,100,15),0.1) -> 111.3 | M23: =CEILING(NORMINV(Random!L23,100,15),0.1) -> 98 | N23: =CEILING(NORMINV(Random!M23,100,15),0.1) -> 119.7 | O23: =CEILING(NORMINV(Random!N23,100,15),0.1) -> 83.2 | P23: =IF(Random!O23>MBTI!$G$3,MBTI!$H$3,MBTI!$F$3) -> I | Q23: =IF(Random!P23>MBTI!$G$4,MBTI!$H$4,MBTI!$F$4) -> S | R23: =IF(Random!Q23>MBTI!$G$5,MBTI!$H$5,MBTI!$F$5) -> T | S23: =IF(Random!R23>MBTI!$G$6,MBTI!$H$6,MBTI!$F$6) -> J | T23: =CONCATENATE(P23,Q23,R23,S23) -> ISTJ | U23: =LOOKUP(T23,MBTI!$A$3:$A$18,MBTI!$B$3:$B$18) -> Logistician | V23: =LOOKUP(T23,MBTI!$A$3:$A$18,MBTI!$C$3:$C$18) -> Sentinal
A24: =A23+1 -> 23 | B24: 12 | C24: =IF(Random!B24>Sheet1!$B$2,"Male","Female") -> Male | D24: =NORMINV(Random!C24,Sheet1!$B$3,Sheet1!$C$3) -> 27.066391 | E24: =IF(D24<18,"no",IF(Random!D24>Sheet1!$B$4,"no","yes")) -> no | F24: =LOOKUP(Random!E24,Namelists!A:A,Namelists!B:B) -> HAMMOND | G24: =IF(C24="Male",LOOKUP(Random!F24,Namelists!E:E,Namelists!F:F),LOOKUP(Random!F24,Namelists!I:I,Namelists!J:J)) -> RUBEN | H24: =CEILING(NORMINV(Random!G24,100,15),0.1) -> 125.3 | I24: =CEILING(NORMINV(Random!H24,100,15),0.1) -> 94.9 | J24: =CEILING(NORMINV(Random!I23,100,15),0.1) -> 87.1 | K24: =CEILING(NORMINV(Random!J24,100,15),0.1) -> 103 | L24: =CEILING(NORMINV(Random!K24,100,15),0.1) -> 111.8 | M24: =CEILING(NORMINV(Random!L24,100,15),0.1) -> 80.3 | N24: =CEILING(NORMINV(Random!M24,100,15),0.1) -> 67.8 | O24: =CEILING(NORMINV(Random!N24,100,15),0.1) -> 112.5 | P24: =IF(Random!O24>MBTI!$G$3,MBTI!$H$3,MBTI!$F$3) -> I | Q24: =IF(Random!P24>MBTI!$G$4,MBTI!$H$4,MBTI!$F$4) -> N | R24: =IF(Random!Q24>MBTI!$G$5,MBTI!$H$5,MBTI!$F$5) -> F | S24: =IF(Random!R24>MBTI!$G$6,MBTI!$H$6,MBTI!$F$6) -> P | T24: =CONCATENATE(P24,Q24,R24,S24) -> INFP | U24: =LOOKUP(T24,MBTI!$A$3:$A$18,MBTI!$B$3:$B$18) -> Mediator | V24: =LOOKUP(T24,MBTI!$A$3:$A$18,MBTI!$C$3:$C$18) -> Diplomat
A25: =A24+1 -> 24 | C25: =IF(Random!B25>Sheet1!$B$2,"Male","Female") -> Male | D25: =NORMINV(Random!C25,Sheet1!$B$3,Sheet1!$C$3) -> 46.535407 | E25: =IF(D25<18,"no",IF(Random!D25>Sheet1!$B$4,"no","yes")) -> no | F25: =LOOKUP(Random!E25,Namelists!A:A,Namelists!B:B) -> ROMERO | G25: =IF(C25="Male",LOOKUP(Random!F25,Namelists!E:E,Namelists!F:F),LOOKUP(Random!F25,Namelists!I:I,Namelists!J:J)) -> ANDREA | H25: =CEILING(NORMINV(Random!G25,100,15),0.1) -> 115.1 | I25: =CEILING(NORMINV(Random!H25,100,15),0.1) -> 97.9 | J25: =CEILING(NORMINV(Random!I24,100,15),0.1) -> 86.4 | K25: =CEILING(NORMINV(Random!J25,100,15),0.1) -> 115.1 | L25: =CEILING(NORMINV(Random!K25,100,15),0.1) -> 93.3 | M25: =CEILING(NORMINV(Random!L25,100,15),0.1) -> 113.5 | N25: =CEILING(NORMINV(Random!M25,100,15),0.1) -> 86.3 | O25: =CEILING(NORMINV(Random!N25,100,15),0.1) -> 116 | P25: =IF(Random!O25>MBTI!$G$3,MBTI!$H$3,MBTI!$F$3) -> E | Q25: =IF(Random!P25>MBTI!$G$4,MBTI!$H$4,MBTI!$F$4) -> S | R25: =IF(Random!Q25>MBTI!$G$5,MBTI!$H$5,MBTI!$F$5) -> T | S25: =IF(Random!R25>MBTI!$G$6,MBTI!$H$6,MBTI!$F$6) -> J | T25: =CONCATENATE(P25,Q25,R25,S25) -> ESTJ | U25: =LOOKUP(T25,MBTI!$A$3:$A$18,MBTI!$B$3:$B$18) -> Executive | V25: =LOOKUP(T25,MBTI!$A$3:$A$18,MBTI!$C$3:$C$18) -> Sentinal
A26: =A25+1 -> 25 | C26: =IF(Random!B26>Sheet1!$B$2,"Male","Female") -> Female | D26: =NORMINV(Random!C26,Sheet1!$B$3,Sheet1!$C$3) -> 21.950148 | E26: =IF(D26<18,"no",IF(Random!D26>Sheet1!$B$4,"no","yes")) -> no | F26: =LOOKUP(Random!E26,Namelists!A:A,Namelists!B:B) -> GREGORY | G26: =IF(C26="Male",LOOKUP(Random!F26,Namelists!E:E,Namelists!F:F),LOOKUP(Random!F26,Namelists!I:I,Namelists!J:J)) -> CELINA | H26: =CEILING(NORMINV(Random!G26,100,15),0.1) -> 90.2 | I26: =CEILING(NORMINV(Random!H26,100,15),0.1) -> 91.8 | J26: =CEILING(NORMINV(Random!I25,100,15),0.1) -> 117.3 | K26: =CEILING(NORMINV(Random!J26,100,15),0.1) -> 82.3 | L26: =CEILING(NORMINV(Random!K26,100,15),0.1) -> 115.8 | M26: =CEILING(NORMINV(Random!L26,100,15),0.1) -> 107.5 | N26: =CEILING(NORMINV(Random!M26,100,15),0.1) -> 96.5 | O26: =CEILING(NORMINV(Random!N26,100,15),0.1) -> 108.3 | P26: =IF(Random!O26>MBTI!$G$3,MBTI!$H$3,MBTI!$F$3) -> E | Q26: =IF(Random!P26>MBTI!$G$4,MBTI!$H$4,MBTI!$F$4) -> N | R26: =IF(Random!Q26>MBTI!$G$5,MBTI!$H$5,MBTI!$F$5) -> F | S26: =IF(Random!R26>MBTI!$G$6,MBTI!$H$6,MBTI!$F$6) -> J | T26: =CONCATENATE(P26,Q26,R26,S26) -> ENFJ | U26: =LOOKUP(T26,MBTI!$A$3:$A$18,MBTI!$B$3:$B$18) -> Protagonist | V26: =LOOKUP(T26,MBTI!$A$3:$A$18,MBTI!$C$3:$C$18) -> Diplomat
A27: =A26+1 -> 26 | B27: 10 | C27: =IF(Random!B27>Sheet1!$B$2,"Male","Female") -> Male | D27: =NORMINV(Random!C27,Sheet1!$B$3,Sheet1!$C$3) -> 42.300872 | E27: =IF(D27<18,"no",IF(Random!D27>Sheet1!$B$4,"no","yes")) -> no | F27: =LOOKUP(Random!E27,Namelists!A:A,Namelists!B:B) -> RUSSELL | G27: =IF(C27="Male",LOOKUP(Random!F27,Namelists!E:E,Namelists!F:F),LOOKUP(Random!F27,Namelists!I:I,Namelists!J:J)) -> JOSEPH | H27: =CEILING(NORMINV(Random!G27,100,15),0.1) -> 113.8 | I27: =CEILING(NORMINV(Random!H27,100,15),0.1) -> 110.5 | J27: =CEILING(NORMINV(Random!I26,100,15),0.1) -> 102 | K27: =CEILING(NORMINV(Random!J27,100,15),0.1) -> 84.8 | L27: =CEILING(NORMINV(Random!K27,100,15),0.1) -> 98.7 | M27: =CEILING(NORMINV(Random!L27,100,15),0.1) -> 103.8 | N27: =CEILING(NORMINV(Random!M27,100,15),0.1) -> 113.8 | O27: =CEILING(NORMINV(Random!N27,100,15),0.1) -> 73.7 | P27: =IF(Random!O27>MBTI!$G$3,MBTI!$H$3,MBTI!$F$3) -> I | Q27: =IF(Random!P27>MBTI!$G$4,MBTI!$H$4,MBTI!$F$4) -> S | R27: =IF(Random!Q27>MBTI!$G$5,MBTI!$H$5,MBTI!$F$5) -> F | S27: =IF(Random!R27>MBTI!$G$6,MBTI!$H$6,MBTI!$F$6) -> P | T27: =CONCATENATE(P27,Q27,R27,S27) -> ISFP | U27: =LOOKUP(T27,MBTI!$A$3:$A$18,MBTI!$B$3:$B$18) -> Adventurer | V27: =LOOKUP(T27,MBTI!$A$3:$A$18,MBTI!$C$3:$C$18) -> Explorers
A28: =A27+1 -> 27 | C28: =IF(Random!B28>Sheet1!$B$2,"Male","Female") -> Female | D28: =NORMINV(Random!C28,Sheet1!$B$3,Sheet1!$C$3) -> 32.594889 | E28: =IF(D28<18,"no",IF(Random!D28>Sheet1!$B$4,"no","yes")) -> no | F28: =LOOKUP(Random!E28,Namelists!A:A,Namelists!B:B) -> RUSSO | G28: =IF(C28="Male",LOOKUP(Random!F28,Namelists!E:E,Namelists!F:F),LOOKUP(Random!F28,Namelists!I:I,Namelists!J:J)) -> TIFFANY | H28: =CEILING(NORMINV(Random!G28,100,15),0.1) -> 74.6 | I28: =CEILING(NORMINV(Random!H28,100,15),0.1) -> 110.4 | J28: =CEILING(NORMINV(Random!I27,100,15),0.1) -> 88.9 | K28: =CEILING(NORMINV(Random!J28,100,15),0.1) -> 122.4 | L28: =CEILING(NORMINV(Random!K28,100,15),0.1) -> 93.9 | M28: =CEILING(NORMINV(Random!L28,100,15),0.1) -> 91.6 | N28: =CEILING(NORMINV(Random!M28,100,15),0.1) -> 104 | O28: =CEILING(NORMINV(Random!N28,100,15),0.1) -> 121.7 | P28: =IF(Random!O28>MBTI!$G$3,MBTI!$H$3,MBTI!$F$3) -> E | Q28: =IF(Random!P28>MBTI!$G$4,MBTI!$H$4,MBTI!$F$4) -> N | R28: =IF(Random!Q28>MBTI!$G$5,MBTI!$H$5,MBTI!$F$5) -> F | S28: =IF(Random!R28>MBTI!$G$6,MBTI!$H$6,MBTI!$F$6) -> P | T28: =CONCATENATE(P28,Q28,R28,S28) -> ENFP | U28: =LOOKUP(T28,MBTI!$A$3:$A$18,MBTI!$B$3:$B$18) -> Campaigner | V28: =LOOKUP(T28,MBTI!$A$3:$A$18,MBTI!$C$3:$C$18) -> Diplomat
A29: =A28+1 -> 28 | C29: =IF(Random!B29>Sheet1!$B$2,"Male","Female") -> Male | D29: =NORMINV(Random!C29,Sheet1!$B$3,Sheet1!$C$3) -> 33.845502 | E29: =IF(D29<18,"no",IF(Random!D29>Sheet1!$B$4,"no","yes")) -> no | F29: =LOOKUP(Random!E29,Namelists!A:A,Namelists!B:B) -> PAYNE | G29: =IF(C29="Male",LOOKUP(Random!F29,Namelists!E:E,Namelists!F:F),LOOKUP(Random!F29,Namelists!I:I,Namelists!J:J)) -> LUIS | H29: =CEILING(NORMINV(Random!G29,100,15),0.1) -> 98.1 | I29: =CEILING(NORMINV(Random!H29,100,15),0.1) -> 90.6 | J29: =CEILING(NORMINV(Random!I28,100,15),0.1) -> 112.2 | K29: =CEILING(NORMINV(Random!J29,100,15),0.1) -> 98.2 | L29: =CEILING(NORMINV(Random!K29,100,15),0.1) -> 91.8 | M29: =CEILING(NORMINV(Random!L29,100,15),0.1) -> 114.5 | N29: =CEILING(NORMINV(Random!M29,100,15),0.1) -> 86.9 | O29: =CEILING(NORMINV(Random!N29,100,15),0.1) -> 90.6 | P29: =IF(Random!O29>MBTI!$G$3,MBTI!$H$3,MBTI!$F$3) -> E | Q29: =IF(Random!P29>MBTI!$G$4,MBTI!$H$4,MBTI!$F$4) -> S | R29: =IF(Random!Q29>MBTI!$G$5,MBTI!$H$5,MBTI!$F$5) -> F | S29: =IF(Random!R29>MBTI!$G$6,MBTI!$H$6,MBTI!$F$6) -> P | T29: =CONCATENATE(P29,Q29,R29,S29) -> ESFP | U29: =LOOKUP(T29,MBTI!$A$3:$A$18,MBTI!$B$3:$B$18) -> Entertainer | V29: =LOOKUP(T29,MBTI!$A$3:$A$18,MBTI!$C$3:$C$18) -> Explorers
A30: =A29+1 -> 29 | B30: 10 | C30: =IF(Random!B30>Sheet1!$B$2,"Male","Female") -> Female | D30: =NORMINV(Random!C30,Sheet1!$B$3,Sheet1!$C$3) -> 19.554771 | E30: =IF(D30<18,"no",IF(Random!D30>Sheet1!$B$4,"no","yes")) -> no | F30: =LOOKUP(Random!E30,Namelists!A:A,Namelists!B:B) -> WALTERS | G30: =IF(C30="Male",LOOKUP(Random!F30,Namelists!E:E,Namelists!F:F),LOOKUP(Random!F30,Namelists!I:I,Namelists!J:J)) -> GAYLE | H30: =CEILING(NORMINV(Random!G30,100,15),0.1) -> 96.3 | I30: =CEILING(NORMINV(Random!H30,100,15),0.1) -> 116.8 | J30: =CEILING(NORMINV(Random!I29,100,15),0.1) -> 69.4 | K30: =CEILING(NORMINV(Random!J30,100,15),0.1) -> 103.9 | L30: =CEILING(NORMINV(Random!K30,100,15),0.1) -> 92.3 | M30: =CEILING(NORMINV(Random!L30,100,15),0.1) -> 119.5 | N30: =CEILING(NORMINV(Random!M30,100,15),0.1) -> 116.7 | O30: =CEILING(NORMINV(Random!N30,100,15),0.1) -> 100.5 | P30: =IF(Random!O30>MBTI!$G$3,MBTI!$H$3,MBTI!$F$3) -> I | Q30: =IF(Random!P30>MBTI!$G$4,MBTI!$H$4,MBTI!$F$4) -> S | R30: =IF(Random!Q30>MBTI!$G$5,MBTI!$H$5,MBTI!$F$5) -> F | S30: =IF(Random!R30>MBTI!$G$6,MBTI!$H$6,MBTI!$F$6) -> P | T30: =CONCATENATE(P30,Q30,R30,S30) -> ISFP | U30: =LOOKUP(T30,MBTI!$A$3:$A$18,MBTI!$B$3:$B$18) -> Adventurer | V30: =LOOKUP(T30,MBTI!$A$3:$A$18,MBTI!$C$3:$C$18) -> Explorers
A31: =A30+1 -> 30 | C31: =IF(Random!B31>Sheet1!$B$2,"Male","Female") -> Male | D31: =NORMINV(Random!C31,Sheet1!$B$3,Sheet1!$C$3) -> 39.820057 | E31: =IF(D31<18,"no",IF(Random!D31>Sheet1!$B$4,"no","yes")) -> no | F31: =LOOKUP(Random!E31,Namelists!A:A,Namelists!B:B) -> GIBBS | G31: =IF(C31="Male",LOOKUP(Random!F31,Namelists!E:E,Namelists!F:F),LOOKUP(Random!F31,Namelists!I:I,Namelists!J:J)) -> ANDREA | H31: =CEILING(NORMINV(Random!G31,100,15),0.1) -> 103.1 | I31: =CEILING(NORMINV(Random!H31,100,15),0.1) -> 131.6 | J31: =CEILING(NORMINV(Random!I30,100,15),0.1) -> 108.1 | K31: =CEILING(NORMINV(Random!J31,100,15),0.1) -> 81.8 | L31: =CEILING(NORMINV(Random!K31,100,15),0.1) -> 97.3 | M31: =CEILING(NORMINV(Random!L31,100,15),0.1) -> 74.7 | N31: =CEILING(NORMINV(Random!M31,100,15),0.1) -> 100.8 | O31: =CEILING(NORMINV(Random!N31,100,15),0.1) -> 107.7 | P31: =IF(Random!O31>MBTI!$G$3,MBTI!$H$3,MBTI!$F$3) -> I | Q31: =IF(Random!P31>MBTI!$G$4,MBTI!$H$4,MBTI!$F$4) -> S | R31: =IF(Random!Q31>MBTI!$G$5,MBTI!$H$5,MBTI!$F$5) -> F | S31: =IF(Random!R31>MBTI!$G$6,MBTI!$H$6,MBTI!$F$6) -> J | T31: =CONCATENATE(P31,Q31,R31,S31) -> ISFJ | U31: =LOOKUP(T31,MBTI!$A$3:$A$18,MBTI!$B$3:$B$18) -> Defender | V31: =LOOKUP(T31,MBTI!$A$3:$A$18,MBTI!$C$3:$C$18) -> Sentinal
A32: =A31+1 -> 31 | C32: =IF(Random!B32>Sheet1!$B$2,"Male","Female") -> Female | D32: =NORMINV(Random!C32,Sheet1!$B$3,Sheet1!$C$3) -> 36.786535 | E32: =IF(D32<18,"no",IF(Random!D32>Sheet1!$B$4,"no","yes")) -> no | F32: =LOOKUP(Random!E32,Namelists!A:A,Namelists!B:B) -> MORRIS | G32: =IF(C32="Male",LOOKUP(Random!F32,Namelists!E:E,Namelists!F:F),LOOKUP(Random!F32,Namelists!I:I,Namelists!J:J)) -> MARGARET | H32: =CEILING(NORMINV(Random!G32,100,15),0.1) -> 93.1 | I32: =CEILING(NORMINV(Random!H32,100,15),0.1) -> 118 | J32: =CEILING(NORMINV(Random!I31,100,15),0.1) -> 118 | K32: =CEILING(NORMINV(Random!J32,100,15),0.1) -> 67.6 | L32: =CEILING(NORMINV(Random!K32,100,15),0.1) -> 83.6 | M32: =CEILING(NORMINV(Random!L32,100,15),0.1) -> 128.9 | N32: =CEILING(NORMINV(Random!M32,100,15),0.1) -> 92.5 | O32: =CEILING(NORMINV(Random!N32,100,15),0.1) -> 75.7 | P32: =IF(Random!O32>MBTI!$G$3,MBTI!$H$3,MBTI!$F$3) -> I | Q32: =IF(Random!P32>MBTI!$G$4,MBTI!$H$4,MBTI!$F$4) -> S | R32: =IF(Random!Q32>MBTI!$G$5,MBTI!$H$5,MBTI!$F$5) -> F | S32: =IF(Random!R32>MBTI!$G$6,MBTI!$H$6,MBTI!$F$6) -> P | T32: =CONCATENATE(P32,Q32,R32,S32) -> ISFP | U32: =LOOKUP(T32,MBTI!$A$3:$A$18,MBTI!$B$3:$B$18) -> Adventurer | V32: =LOOKUP(T32,MBTI!$A$3:$A$18,MBTI!$C$3:$C$18) -> Explorers
A33: =A32+1 -> 32 | C33: =IF(Random!B33>Sheet1!$B$2,"Male","Female") -> Female | D33: =NORMINV(Random!C33,Sheet1!$B$3,Sheet1!$C$3) -> 36.383169 | E33: =IF(D33<18,"no",IF(Random!D33>Sheet1!$B$4,"no","yes")) -> no | F33: =LOOKUP(Random!E33,Namelists!A:A,Namelists!B:B) -> RIVAS | G33: =IF(C33="Male",LOOKUP(Random!F33,Namelists!E:E,Namelists!F:F),LOOKUP(Random!F33,Namelists!I:I,Namelists!J:J)) -> LAUREN | H33: =CEILING(NORMINV(Random!G33,100,15),0.1) -> 131.6 | I33: =CEILING(NORMINV(Random!H33,100,15),0.1) -> 112.4 | J33: =CEILING(NORMINV(Random!I32,100,15),0.1) -> 115.6 | K33: =CEILING(NORMINV(Random!J33,100,15),0.1) -> 113.4 | L33: =CEILING(NORMINV(Random!K33,100,15),0.1) -> 101.4 | M33: =CEILING(NORMINV(Random!L33,100,15),0.1) -> 89.9 | N33: =CEILING(NORMINV(Random!M33,100,15),0.1) -> 93.4 | O33: =CEILING(NORMINV(Random!N33,100,15),0.1) -> 86.9 | P33: =IF(Random!O33>MBTI!$G$3,MBTI!$H$3,MBTI!$F$3) -> E | Q33: =IF(Random!P33>MBTI!$G$4,MBTI!$H$4,MBTI!$F$4) -> S | R33: =IF(Random!Q33>MBTI!$G$5,MBTI!$H$5,MBTI!$F$5) -> F | S33: =IF(Random!R33>MBTI!$G$6,MBTI!$H$6,MBTI!$F$6) -> J | T33: =CONCATENATE(P33,Q33,R33,S33) -> ESFJ | U33: =LOOKUP(T33,MBTI!$A$3:$A$18,MBTI!$B$3:$B$18) -> Consul | V33: =LOOKUP(T33,MBTI!$A$3:$A$18,MBTI!$C$3:$C$18) -> Sentinal
A34: =A33+1 -> 33 | C34: =IF(Random!B34>Sheet1!$B$2,"Male","Female") -> Female | D34: =NORMINV(Random!C34,Sheet1!$B$3,Sheet1!$C$3) -> 37.911029 | E34: =IF(D34<18,"no",IF(Random!D34>Sheet1!$B$4,"no","yes")) -> no | F34: =LOOKUP(Random!E34,Namelists!A:A,Namelists!B:B) -> JONES | G34: =IF(C34="Male",LOOKUP(Random!F34,Namelists!E:E,Namelists!F:F),LOOKUP(Random!F34,Namelists!I:I,Namelists!J:J)) -> DONNA | H34: =CEILING(NORMINV(Random!G34,100,15),0.1) -> 108.2 | I34: =CEILING(NORMINV(Random!H34,100,15),0.1) -> 106.2 | J34: =CEILING(NORMINV(Random!I33,100,15),0.1) -> 100.8 | K34: =CEILING(NORMINV(Random!J34,100,15),0.1) -> 100.2 | L34: =CEILING(NORMINV(Random!K34,100,15),0.1) -> 100.3 | M34: =CEILING(NORMINV(Random!L34,100,15),0.1) -> 91.6 | N34: =CEILING(NORMINV(Random!M34,100,15),0.1) -> 96.3 | O34: =CEILING(NORMINV(Random!N34,100,15),0.1) -> 93.5 | P34: =IF(Random!O34>MBTI!$G$3,MBTI!$H$3,MBTI!$F$3) -> I | Q34: =IF(Random!P34>MBTI!$G$4,MBTI!$H$4,MBTI!$F$4) -> S | R34: =IF(Random!Q34>MBTI!$G$5,MBTI!$H$5,MBTI!$F$5) -> T | S34: =IF(Random!R34>MBTI!$G$6,MBTI!$H$6,MBTI!$F$6) -> J | T34: =CONCATENATE(P34,Q34,R34,S34) -> ISTJ | U34: =LOOKUP(T34,MBTI!$A$3:$A$18,MBTI!$B$3:$B$18) -> Logistician | V34: =LOOKUP(T34,MBTI!$A$3:$A$18,MBTI!$C$3:$C$18) -> Sentinal
A35: =A34+1 -> 34 | C35: =IF(Random!B35>Sheet1!$B$2,"Male","Female") -> Female | D35: =NORMINV(Random!C35,Sheet1!$B$3,Sheet1!$C$3) -> 30.987041 | E35: =IF(D35<18,"no",IF(Random!D35>Sheet1!$B$4,"no","yes")) -> no | F35: =LOOKUP(Random!E35,Namelists!A:A,Namelists!B:B) -> KEMP | G35: =IF(C35="Male",LOOKUP(Random!F35,Namelists!E:E,Namelists!F:F),LOOKUP(Random!F35,Namelists!I:I,Namelists!J:J)) -> DEBRA | H35: =CEILING(NORMINV(Random!G35,100,15),0.1) -> 95.7 | I35: =CEILING(NORMINV(Random!H35,100,15),0.1) -> 114.9 | J35: =CEILING(NORMINV(Random!I34,100,15),0.1) -> 94.9 | K35: =CEILING(NORMINV(Random!J35,100,15),0.1) -> 105.5 | L35: =CEILING(NORMINV(Random!K35,100,15),0.1) -> 83.2 | M35: =CEILING(NORMINV(Random!L35,100,15),0.1) -> 115.1 | N35: =CEILING(NORMINV(Random!M35,100,15),0.1) -> 98 | O35: =CEILING(NORMINV(Random!N35,100,15),0.1) -> 91.7 | P35: =IF(Random!O35>MBTI!$G$3,MBTI!$H$3,MBTI!$F$3) -> E | Q35: =IF(Random!P35>MBTI!$G$4,MBTI!$H$4,MBTI!$F$4) -> S | R35: =IF(Random!Q35>MBTI!$G$5,MBTI!$H$5,MBTI!$F$5) -> T | S35: =IF(Random!R35>MBTI!$G$6,MBTI!$H$6,MBTI!$F$6) -> P | T35: =CONCATENATE(P35,Q35,R35,S35) -> ESTP | U35: =LOOKUP(T35,MBTI!$A$3:$A$18,MBTI!$B$3:$B$18) -> Entreprenuer | V35: =LOOKUP(T35,MBTI!$A$3:$A$18,MBTI!$C$3:$C$18) -> Explorers
A36: =A35+1 -> 35 | C36: =IF(Random!B36>Sheet1!$B$2,"Male","Female") -> Female | D36: =NORMINV(Random!C36,Sheet1!$B$3,Sheet1!$C$3) -> 55.682959 | E36: =IF(D36<18,"no",IF(Random!D36>Sheet1!$B$4,"no","yes")) -> no | F36: =LOOKUP(Random!E36,Namelists!A:A,Namelists!B:B) -> MURPHY | G36: =IF(C36="Male",LOOKUP(Random!F36,Namelists!E:E,Namelists!F:F),LOOKUP(Random!F36,Namelists!I:I,Namelists!J:J)) -> DARLENE | H36: =CEILING(NORMINV(Random!G36,100,15),0.1) -> 113.5 | I36: =CEILING(NORMINV(Random!H36,100,15),0.1) -> 81.2 | J36: =CEILING(NORMINV(Random!I35,100,15),0.1) -> 118 | K36: =CEILING(NORMINV(Random!J36,100,15),0.1) -> 115.9 | L36: =CEILING(NORMINV(Random!K36,100,15),0.1) -> 108 | M36: =CEILING(NORMINV(Random!L36,100,15),0.1) -> 91.2 | N36: =CEILING(NORMINV(Random!M36,100,15),0.1) -> 82.7 | O36: =CEILING(NORMINV(Random!N36,100,15),0.1) -> 102.2 | P36: =IF(Random!O36>MBTI!$G$3,MBTI!$H$3,MBTI!$F$3) -> E | Q36: =IF(Random!P36>MBTI!$G$4,MBTI!$H$4,MBTI!$F$4) -> S | R36: =IF(Random!Q36>MBTI!$G$5,MBTI!$H$5,MBTI!$F$5) -> T | S36: =IF(Random!R36>MBTI!$G$6,MBTI!$H$6,MBTI!$F$6) -> P | T36: =CONCATENATE(P36,Q36,R36,S36) -> ESTP | U36: =LOOKUP(T36,MBTI!$A$3:$A$18,MBTI!$B$3:$B$18) -> Entreprenuer | V36: =LOOKUP(T36,MBTI!$A$3:$A$18,MBTI!$C$3:$C$18) -> Explorers
A37: =A36+1 -> 36 | C37: =IF(Random!B37>Sheet1!$B$2,"Male","Female") -> Female | D37: =NORMINV(Random!C37,Sheet1!$B$3,Sheet1!$C$3) -> 33.53711 | E37: =IF(D37<18,"no",IF(Random!D37>Sheet1!$B$4,"no","yes")) -> no | F37: =LOOKUP(Random!E37,Namelists!A:A,Namelists!B:B) -> MCCARTHY | G37: =IF(C37="Male",LOOKUP(Random!F37,Namelists!E:E,Namelists!F:F),LOOKUP(Random!F37,Namelists!I:I,Namelists!J:J)) -> LILIAN | H37: =CEILING(NORMINV(Random!G37,100,15),0.1) -> 83.8 | I37: =CEILING(NORMINV(Random!H37,100,15),0.1) -> 106.5 | J37: =CEILING(NORMINV(Random!I36,100,15),0.1) -> 113.9 | K37: =CEILING(NORMINV(Random!J37,100,15),0.1) -> 88.6 | L37: =CEILING(NORMINV(Random!K37,100,15),0.1) -> 117.4 | M37: =CEILING(NORMINV(Random!L37,100,15),0.1) -> 97 | N37: =CEILING(NORMINV(Random!M37,100,15),0.1) -> 107.5 | O37: =CEILING(NORMINV(Random!N37,100,15),0.1) -> 87.2 | P37: =IF(Random!O37>MBTI!$G$3,MBTI!$H$3,MBTI!$F$3) -> I | Q37: =IF(Random!P37>MBTI!$G$4,MBTI!$H$4,MBTI!$F$4) -> S | R37: =IF(Random!Q37>MBTI!$G$5,MBTI!$H$5,MBTI!$F$5) -> T | S37: =IF(Random!R37>MBTI!$G$6,MBTI!$H$6,MBTI!$F$6) -> J | T37: =CONCATENATE(P37,Q37,R37,S37) -> ISTJ | U37: =LOOKUP(T37,MBTI!$A$3:$A$18,MBTI!$B$3:$B$18) -> Logistician | V37: =LOOKUP(T37,MBTI!$A$3:$A$18,MBTI!$C$3:$C$18) -> Sentinal
A38: =A37+1 -> 37 | B38: 10 | C38: =IF(Random!B38>Sheet1!$B$2,"Male","Female") -> Female | D38: =NORMINV(Random!C38,Sheet1!$B$3,Sheet1!$C$3) -> 27.292852 | E38: =IF(D38<18,"no",IF(Random!D38>Sheet1!$B$4,"no","yes")) -> no | F38: =LOOKUP(Random!E38,Namelists!A:A,Namelists!B:B) -> HARRIS | G38: =IF(C38="Male",LOOKUP(Random!F38,Namelists!E:E,Namelists!F:F),LOOKUP(Random!F38,Namelists!I:I,Namelists!J:J)) -> SHIRLEY | H38: =CEILING(NORMINV(Random!G38,100,15),0.1) -> 61.8 | I38: =CEILING(NORMINV(Random!H38,100,15),0.1) -> 85.9 | J38: =CEILING(NORMINV(Random!I37,100,15),0.1) -> 101.3 | K38: =CEILING(NORMINV(Random!J38,100,15),0.1) -> 145.4 | L38: =CEILING(NORMINV(Random!K38,100,15),0.1) -> 82.6 | M38: =CEILING(NORMINV(Random!L38,100,15),0.1) -> 75.6 | N38: =CEILING(NORMINV(Random!M38,100,15),0.1) -> 103.1 | O38: =CEILING(NORMINV(Random!N38,100,15),0.1) -> 103.9 | P38: =IF(Random!O38>MBTI!$G$3,MBTI!$H$3,MBTI!$F$3) -> I | Q38: =IF(Random!P38>MBTI!$G$4,MBTI!$H$4,MBTI!$F$4) -> N | R38: =IF(Random!Q38>MBTI!$G$5,MBTI!$H$5,MBTI!$F$5) -> F | S38: =IF(Random!R38>MBTI!$G$6,MBTI!$H$6,MBTI!$F$6) -> J | T38: =CONCATENATE(P38,Q38,R38,S38) -> INFJ | U38: =LOOKUP(T38,MBTI!$A$3:$A$18,MBTI!$B$3:$B$18) -> Advocate | V38: =LOOKUP(T38,MBTI!$A$3:$A$18,MBTI!$C$3:$C$18) -> Diplomat
A39: =A38+1 -> 38 | C39: =IF(Random!B39>Sheet1!$B$2,"Male","Female") -> Female | D39: =NORMINV(Random!C39,Sheet1!$B$3,Sheet1!$C$3) -> 35.894222 | E39: =IF(D39<18,"no",IF(Random!D39>Sheet1!$B$4,"no","yes")) -> no | F39: =LOOKUP(Random!E39,Namelists!A:A,Namelists!B:B) -> HEBERT | G39: =IF(C39="Male",LOOKUP(Random!F39,Namelists!E:E,Namelists!F:F),LOOKUP(Random!F39,Namelists!I:I,Namelists!J:J)) -> SALLY | H39: =CEILING(NORMINV(Random!G39,100,15),0.1) -> 105.5 | I39: =CEILING(NORMINV(Random!H39,100,15),0.1) -> 114.7 | J39: =CEILING(NORMINV(Random!I38,100,15),0.1) -> 130.7 | K39: =CEILING(NORMINV(Random!J39,100,15),0.1) -> 101.6 | L39: =CEILING(NORMINV(Random!K39,100,15),0.1) -> 83.9 | M39: =CEILING(NORMINV(Random!L39,100,15),0.1) -> 88 | N39: =CEILING(NORMINV(Random!M39,100,15),0.1) -> 90.4 | O39: =CEILING(NORMINV(Random!N39,100,15),0.1) -> 128.4 | P39: =IF(Random!O39>MBTI!$G$3,MBTI!$H$3,MBTI!$F$3) -> E | Q39: =IF(Random!P39>MBTI!$G$4,MBTI!$H$4,MBTI!$F$4) -> S | R39: =IF(Random!Q39>MBTI!$G$5,MBTI!$H$5,MBTI!$F$5) -> T | S39: =IF(Random!R39>MBTI!$G$6,MBTI!$H$6,MBTI!$F$6) -> P | T39: =CONCATENATE(P39,Q39,R39,S39) -> ESTP | U39: =LOOKUP(T39,MBTI!$A$3:$A$18,MBTI!$B$3:$B$18) -> Entreprenuer | V39: =LOOKUP(T39,MBTI!$A$3:$A$18,MBTI!$C$3:$C$18) -> Explorers
A40: =A39+1 -> 39 | C40: =IF(Random!B40>Sheet1!$B$2,"Male","Female") -> Male | D40: =NORMINV(Random!C40,Sheet1!$B$3,Sheet1!$C$3) -> 40.444037 | E40: =IF(D40<18,"no",IF(Random!D40>Sheet1!$B$4,"no","yes")) -> no | F40: =LOOKUP(Random!E40,Namelists!A:A,Namelists!B:B) -> ADAMS | G40: =IF(C40="Male",LOOKUP(Random!F40,Namelists!E:E,Namelists!F:F),LOOKUP(Random!F40,Namelists!I:I,Namelists!J:J)) -> ROBERT | H40: =CEILING(NORMINV(Random!G40,100,15),0.1) -> 94.5 | I40: =CEILING(NORMINV(Random!H40,100,15),0.1) -> 112.6 | J40: =CEILING(NORMINV(Random!I39,100,15),0.1) -> 87.8 | K40: =CEILING(NORMINV(Random!J40,100,15),0.1) -> 127.4 | L40: =CEILING(NORMINV(Random!K40,100,15),0.1) -> 109.9 | M40: =CEILING(NORMINV(Random!L40,100,15),0.1) -> 97 | N40: =CEILING(NORMINV(Random!M40,100,15),0.1) -> 93.6 | O40: =CEILING(NORMINV(Random!N40,100,15),0.1) -> 98.1 | P40: =IF(Random!O40>MBTI!$G$3,MBTI!$H$3,MBTI!$F$3) -> I | Q40: =IF(Random!P40>MBTI!$G$4,MBTI!$H$4,MBTI!$F$4) -> S | R40: =IF(Random!Q40>MBTI!$G$5,MBTI!$H$5,MBTI!$F$5) -> F | S40: =IF(Random!R40>MBTI!$G$6,MBTI!$H$6,MBTI!$F$6) -> P | T40: =CONCATENATE(P40,Q40,R40,S40) -> ISFP | U40: =LOOKUP(T40,MBTI!$A$3:$A$18,MBTI!$B$3:$B$18) -> Adventurer | V40: =LOOKUP(T40,MBTI!$A$3:$A$18,MBTI!$C$3:$C$18) -> Explorers
A41: =A40+1 -> 40 | C41: =IF(Random!B41>Sheet1!$B$2,"Male","Female") -> Male | D41: =NORMINV(Random!C41,Sheet1!$B$3,Sheet1!$C$3) -> 41.619012 | E41: =IF(D41<18,"no",IF(Random!D41>Sheet1!$B$4,"no","yes")) -> no | F41: =LOOKUP(Random!E41,Namelists!A:A,Namelists!B:B) -> OLSEN | G41: =IF(C41="Male",LOOKUP(Random!F41,Namelists!E:E,Namelists!F:F),LOOKUP(Random!F41,Namelists!I:I,Namelists!J:J)) -> TOMMY | H41: =CEILING(NORMINV(Random!G41,100,15),0.1) -> 102.5 | I41: =CEILING(NORMINV(Random!H41,100,15),0.1) -> 131.4 | J41: =CEILING(NORMINV(Random!I40,100,15),0.1) -> 87.5 | K41: =CEILING(NORMINV(Random!J41,100,15),0.1) -> 95.9 | L41: =CEILING(NORMINV(Random!K41,100,15),0.1) -> 110.4 | M41: =CEILING(NORMINV(Random!L41,100,15),0.1) -> 113 | N41: =CEILING(NORMINV(Random!M41,100,15),0.1) -> 90.8 | O41: =CEILING(NORMINV(Random!N41,100,15),0.1) -> 90.7 | P41: =IF(Random!O41>MBTI!$G$3,MBTI!$H$3,MBTI!$F$3) -> E | Q41: =IF(Random!P41>MBTI!$G$4,MBTI!$H$4,MBTI!$F$4) -> N | R41: =IF(Random!Q41>MBTI!$G$5,MBTI!$H$5,MBTI!$F$5) -> F | S41: =IF(Random!R41>MBTI!$G$6,MBTI!$H$6,MBTI!$F$6) -> J | T41: =CONCATENATE(P41,Q41,R41,S41) -> ENFJ | U41: =LOOKUP(T41,MBTI!$A$3:$A$18,MBTI!$B$3:$B$18) -> Protagonist | V41: =LOOKUP(T41,MBTI!$A$3:$A$18,MBTI!$C$3:$C$18) -> Diplomat
A42: =A41+1 -> 41 | C42: =IF(Random!B42>Sheet1!$B$2,"Male","Female") -> Male | D42: =NORMINV(Random!C42,Sheet1!$B$3,Sheet1!$C$3) -> 16.342219 | E42: =IF(D42<18,"no",IF(Random!D42>Sheet1!$B$4,"no","yes")) -> no | F42: =LOOKUP(Random!E42,Namelists!A:A,Namelists!B:B) -> COOK | G42: =IF(C42="Male",LOOKUP(Random!F42,Namelists!E:E,Namelists!F:F),LOOKUP(Random!F42,Namelists!I:I,Namelists!J:J)) -> PAUL | H42: =CEILING(NORMINV(Random!G42,100,15),0.1) -> 128.3 | I42: =CEILING(NORMINV(Random!H42,100,15),0.1) -> 90.4 | J42: =CEILING(NORMINV(Random!I41,100,15),0.1) -> 110.7 | K42: =CEILING(NORMINV(Random!J42,100,15),0.1) -> 120 | L42: =CEILING(NORMINV(Random!K42,100,15),0.1) -> 89.4 | M42: =CEILING(NORMINV(Random!L42,100,15),0.1) -> 118.5 | N42: =CEILING(NORMINV(Random!M42,100,15),0.1) -> 102.1 | O42: =CEILING(NORMINV(Random!N42,100,15),0.1) -> 84.8 | P42: =IF(Random!O42>MBTI!$G$3,MBTI!$H$3,MBTI!$F$3) -> E | Q42: =IF(Random!P42>MBTI!$G$4,MBTI!$H$4,MBTI!$F$4) -> S | R42: =IF(Random!Q42>MBTI!$G$5,MBTI!$H$5,MBTI!$F$5) -> F | S42: =IF(Random!R42>MBTI!$G$6,MBTI!$H$6,MBTI!$F$6) -> P | T42: =CONCATENATE(P42,Q42,R42,S42) -> ESFP | U42: =LOOKUP(T42,MBTI!$A$3:$A$18,MBTI!$B$3:$B$18) -> Entertainer | V42: =LOOKUP(T42,MBTI!$A$3:$A$18,MBTI!$C$3:$C$18) -> Explorers
A43: =A42+1 -> 42 | B43: 20 | C43: =IF(Random!B43>Sheet1!$B$2,"Male","Female") -> Male | D43: =NORMINV(Random!C43,Sheet1!$B$3,Sheet1!$C$3) -> 33.415529 | E43: =IF(D43<18,"no",IF(Random!D43>Sheet1!$B$4,"no","yes")) -> yes | F43: =LOOKUP(Random!E43,Namelists!A:A,Namelists!B:B) -> FLORES | G43: =IF(C43="Male",LOOKUP(Random!F43,Namelists!E:E,Namelists!F:F),LOOKUP(Random!F43,Namelists!I:I,Namelists!J:J)) -> KENNETH | H43: =CEILING(NORMINV(Random!G43,100,15),0.1) -> 133.9 | I43: =CEILING(NORMINV(Random!H43,100,15),0.1) -> 63.4 | J43: =CEILING(NORMINV(Random!I42,100,15),0.1) -> 66.3 | K43: =CEILING(NORMINV(Random!J43,100,15),0.1) -> 93.8 | L43: =CEILING(NORMINV(Random!K43,100,15),0.1) -> 134.2 | M43: =CEILING(NORMINV(Random!L43,100,15),0.1) -> 120.2 | N43: =CEILING(NORMINV(Random!M43,100,15),0.1) -> 89.3 | O43: =CEILING(NORMINV(Random!N43,100,15),0.1) -> 109.3 | P43: =IF(Random!O43>MBTI!$G$3,MBTI!$H$3,MBTI!$F$3) -> I | Q43: =IF(Random!P43>MBTI!$G$4,MBTI!$H$4,MBTI!$F$4) -> N | R43: =IF(Random!Q43>MBTI!$G$5,MBTI!$H$5,MBTI!$F$5) -> F | S43: =IF(Random!R43>MBTI!$G$6,MBTI!$H$6,MBTI!$F$6) -> J | T43: =CONCATENATE(P43,Q43,R43,S43) -> INFJ | U43: =LOOKUP(T43,MBTI!$A$3:$A$18,MBTI!$B$3:$B$18) -> Advocate | V43: =LOOKUP(T43,MBTI!$A$3:$A$18,MBTI!$C$3:$C$18) -> Diplomat
A44: =A43+1 -> 43 | C44: =IF(Random!B44>Sheet1!$B$2,"Male","Female") -> Male | D44: =NORMINV(Random!C44,Sheet1!$B$3,Sheet1!$C$3) -> 28.645499 | E44: =IF(D44<18,"no",IF(Random!D44>Sheet1!$B$4,"no","yes")) -> yes | F44: =LOOKUP(Random!E44,Namelists!A:A,Namelists!B:B) -> MEJIA | G44: =IF(C44="Male",LOOKUP(Random!F44,Namelists!E:E,Namelists!F:F),LOOKUP(Random!F44,Namelists!I:I,Namelists!J:J)) -> LEON | H44: =CEILING(NORMINV(Random!G44,100,15),0.1) -> 83.7 | I44: =CEILING(NORMINV(Random!H44,100,15),0.1) -> 111.7 | J44: =CEILING(NORMINV(Random!I43,100,15),0.1) -> 88.4 | K44: =CEILING(NORMINV(Random!J44,100,15),0.1) -> 99.9 | L44: =CEILING(NORMINV(Random!K44,100,15),0.1) -> 86.5 | M44: =CEILING(NORMINV(Random!L44,100,15),0.1) -> 113.6 | N44: =CEILING(NORMINV(Random!M44,100,15),0.1) -> 94 | O44: =CEILING(NORMINV(Random!N44,100,15),0.1) -> 114.5 | P44: =IF(Random!O44>MBTI!$G$3,MBTI!$H$3,MBTI!$F$3) -> I | Q44: =IF(Random!P44>MBTI!$G$4,MBTI!$H$4,MBTI!$F$4) -> S | R44: =IF(Random!Q44>MBTI!$G$5,MBTI!$H$5,MBTI!$F$5) -> F | S44: =IF(Random!R44>MBTI!$G$6,MBTI!$H$6,MBTI!$F$6) -> P | T44: =CONCATENATE(P44,Q44,R44,S44) -> ISFP | U44: =LOOKUP(T44,MBTI!$A$3:$A$18,MBTI!$B$3:$B$18) -> Adventurer | V44: =LOOKUP(T44,MBTI!$A$3:$A$18,MBTI!$C$3:$C$18) -> Explorers
A45: =A44+1 -> 44 | C45: =IF(Random!B45>Sheet1!$B$2,"Male","Female") -> Female | D45: =NORMINV(Random!C45,Sheet1!$B$3,Sheet1!$C$3) -> 26.60528 | E45: =IF(D45<18,"no",IF(Random!D45>Sheet1!$B$4,"no","yes")) -> no | F45: =LOOKUP(Random!E45,Namelists!A:A,Namelists!B:B) -> KING | G45: =IF(C45="Male",LOOKUP(Random!F45,Namelists!E:E,Namelists!F:F),LOOKUP(Random!F45,Namelists!I:I,Namelists!J:J)) -> MARILYN | H45: =CEILING(NORMINV(Random!G45,100,15),0.1) -> 85.7 | I45: =CEILING(NORMINV(Random!H45,100,15),0.1) -> 83.8 | J45: =CEILING(NORMINV(Random!I44,100,15),0.1) -> 113.9 | K45: =CEILING(NORMINV(Random!J45,100,15),0.1) -> 105.3 | L45: =CEILING(NORMINV(Random!K45,100,15),0.1) -> 119.2 | M45: =CEILING(NORMINV(Random!L45,100,15),0.1) -> 89.6 | N45: =CEILING(NORMINV(Random!M45,100,15),0.1) -> 129.6 | O45: =CEILING(NORMINV(Random!N45,100,15),0.1) -> 117.4 | P45: =IF(Random!O45>MBTI!$G$3,MBTI!$H$3,MBTI!$F$3) -> I | Q45: =IF(Random!P45>MBTI!$G$4,MBTI!$H$4,MBTI!$F$4) -> N | R45: =IF(Random!Q45>MBTI!$G$5,MBTI!$H$5,MBTI!$F$5) -> T | S45: =IF(Random!R45>MBTI!$G$6,MBTI!$H$6,MBTI!$F$6) -> P | T45: =CONCATENATE(P45,Q45,R45,S45) -> INTP | U45: =LOOKUP(T45,MBTI!$A$3:$A$18,MBTI!$B$3:$B$18) -> Logician | V45: =LOOKUP(T45,MBTI!$A$3:$A$18,MBTI!$C$3:$C$18) -> Analyst
A46: =A45+1 -> 45 | B46: 101 | C46: =IF(Random!B46>Sheet1!$B$2,"Male","Female") -> Female | D46: =NORMINV(Random!C46,Sheet1!$B$3,Sheet1!$C$3) -> 25.396706 | E46: =IF(D46<18,"no",IF(Random!D46>Sheet1!$B$4,"no","yes")) -> no | F46: =LOOKUP(Random!E46,Namelists!A:A,Namelists!B:B) -> EVERETT | G46: =IF(C46="Male",LOOKUP(Random!F46,Namelists!E:E,Namelists!F:F),LOOKUP(Random!F46,Namelists!I:I,Namelists!J:J)) -> CRYSTAL | H46: =CEILING(NORMINV(Random!G46,100,15),0.1) -> 109.7 | I46: =CEILING(NORMINV(Random!H46,100,15),0.1) -> 114.3 | J46: =CEILING(NORMINV(Random!I45,100,15),0.1) -> 88.9 | K46: =CEILING(NORMINV(Random!J46,100,15),0.1) -> 93.3 | L46: =CEILING(NORMINV(Random!K46,100,15),0.1) -> 88.2 | M46: =CEILING(NORMINV(Random!L46,100,15),0.1) -> 124.2 | N46: =CEILING(NORMINV(Random!M46,100,15),0.1) -> 95.1 | O46: =CEILING(NORMINV(Random!N46,100,15),0.1) -> 95.4 | P46: =IF(Random!O46>MBTI!$G$3,MBTI!$H$3,MBTI!$F$3) -> I | Q46: =IF(Random!P46>MBTI!$G$4,MBTI!$H$4,MBTI!$F$4) -> N | R46: =IF(Random!Q46>MBTI!$G$5,MBTI!$H$5,MBTI!$F$5) -> F | S46: =IF(Random!R46>MBTI!$G$6,MBTI!$H$6,MBTI!$F$6) -> P | T46: =CONCATENATE(P46,Q46,R46,S46) -> INFP | U46: =LOOKUP(T46,MBTI!$A$3:$A$18,MBTI!$B$3:$B$18) -> Mediator | V46: =LOOKUP(T46,MBTI!$A$3:$A$18,MBTI!$C$3:$C$18) -> Diplomat
A47: =A46+1 -> 46 | C47: =IF(Random!B47>Sheet1!$B$2,"Male","Female") -> Female | D47: =NORMINV(Random!C47,Sheet1!$B$3,Sheet1!$C$3) -> 49.837113 | E47: =IF(D47<18,"no",IF(Random!D47>Sheet1!$B$4,"no","yes")) -> no | F47: =LOOKUP(Random!E47,Namelists!A:A,Namelists!B:B) -> PERKINS | G47: =IF(C47="Male",LOOKUP(Random!F47,Namelists!E:E,Namelists!F:F),LOOKUP(Random!F47,Namelists!I:I,Namelists!J:J)) -> HEATHER | H47: =CEILING(NORMINV(Random!G47,100,15),0.1) -> 117.7 | I47: =CEILING(NORMINV(Random!H47,100,15),0.1) -> 98.1 | J47: =CEILING(NORMINV(Random!I46,100,15),0.1) -> 76.8 | K47: =CEILING(NORMINV(Random!J47,100,15),0.1) -> 109.2 | L47: =CEILING(NORMINV(Random!K47,100,15),0.1) -> 106.3 | M47: =CEILING(NORMINV(Random!L47,100,15),0.1) -> 79 | N47: =CEILING(NORMINV(Random!M47,100,15),0.1) -> 75.9 | O47: =CEILING(NORMINV(Random!N47,100,15),0.1) -> 66.5 | P47: =IF(Random!O47>MBTI!$G$3,MBTI!$H$3,MBTI!$F$3) -> I | Q47: =IF(Random!P47>MBTI!$G$4,MBTI!$H$4,MBTI!$F$4) -> S | R47: =IF(Random!Q47>MBTI!$G$5,MBTI!$H$5,MBTI!$F$5) -> F | S47: =IF(Random!R47>MBTI!$G$6,MBTI!$H$6,MBTI!$F$6) -> J | T47: =CONCATENATE(P47,Q47,R47,S47) -> ISFJ | U47: =LOOKUP(T47,MBTI!$A$3:$A$18,MBTI!$B$3:$B$18) -> Defender | V47: =LOOKUP(T47,MBTI!$A$3:$A$18,MBTI!$C$3:$C$18) -> Sentinal
A48: =A47+1 -> 47 | C48: =IF(Random!B48>Sheet1!$B$2,"Male","Female") -> Male | D48: =NORMINV(Random!C48,Sheet1!$B$3,Sheet1!$C$3) -> 36.793801 | E48: =IF(D48<18,"no",IF(Random!D48>Sheet1!$B$4,"no","yes")) -> no | F48: =LOOKUP(Random!E48,Namelists!A:A,Namelists!B:B) -> PATTERSON | G48: =IF(C48="Male",LOOKUP(Random!F48,Namelists!E:E,Namelists!F:F),LOOKUP(Random!F48,Namelists!I:I,Namelists!J:J)) -> WILLIAM | H48: =CEILING(NORMINV(Random!G48,100,15),0.1) -> 96.2 | I48: =CEILING(NORMINV(Random!H48,100,15),0.1) -> 114.6 | J48: =CEILING(NORMINV(Random!I47,100,15),0.1) -> 111.7 | K48: =CEILING(NORMINV(Random!J48,100,15),0.1) -> 96.1 | L48: =CEILING(NORMINV(Random!K48,100,15),0.1) -> 92.9 | M48: =CEILING(NORMINV(Random!L48,100,15),0.1) -> 90 | N48: =CEILING(NORMINV(Random!M48,100,15),0.1) -> 107.3 | O48: =CEILING(NORMINV(Random!N48,100,15),0.1) -> 90.5 | P48: =IF(Random!O48>MBTI!$G$3,MBTI!$H$3,MBTI!$F$3) -> E | Q48: =IF(Random!P48>MBTI!$G$4,MBTI!$H$4,MBTI!$F$4) -> S | R48: =IF(Random!Q48>MBTI!$G$5,MBTI!$H$5,MBTI!$F$5) -> T | S48: =IF(Random!R48>MBTI!$G$6,MBTI!$H$6,MBTI!$F$6) -> J | T48: =CONCATENATE(P48,Q48,R48,S48) -> ESTJ | U48: =LOOKUP(T48,MBTI!$A$3:$A$18,MBTI!$B$3:$B$18) -> Executive | V48: =LOOKUP(T48,MBTI!$A$3:$A$18,MBTI!$C$3:$C$18) -> Sentinal
A49: =A48+1 -> 48 | C49: =IF(Random!B49>Sheet1!$B$2,"Male","Female") -> Male | D49: =NORMINV(Random!C49,Sheet1!$B$3,Sheet1!$C$3) -> 33.431102 | E49: =IF(D49<18,"no",IF(Random!D49>Sheet1!$B$4,"no","yes")) -> no | F49: =LOOKUP(Random!E49,Namelists!A:A,Namelists!B:B) -> MONROE | G49: =IF(C49="Male",LOOKUP(Random!F49,Namelists!E:E,Namelists!F:F),LOOKUP(Random!F49,Namelists!I:I,Namelists!J:J)) -> ANDREA | H49: =CEILING(NORMINV(Random!G49,100,15),0.1) -> 120.1 | I49: =CEILING(NORMINV(Random!H49,100,15),0.1) -> 97.2 | J49: =CEILING(NORMINV(Random!I48,100,15),0.1) -> 86.3 | K49: =CEILING(NORMINV(Random!J49,100,15),0.1) -> 109.2 | L49: =CEILING(NORMINV(Random!K49,100,15),0.1) -> 123.4 | M49: =CEILING(NORMINV(Random!L49,100,15),0.1) -> 108.1 | N49: =CEILING(NORMINV(Random!M49,100,15),0.1) -> 117.9 | O49: =CEILING(NORMINV(Random!N49,100,15),0.1) -> 106.1 | P49: =IF(Random!O49>MBTI!$G$3,MBTI!$H$3,MBTI!$F$3) -> E | Q49: =IF(Random!P49>MBTI!$G$4,MBTI!$H$4,MBTI!$F$4) -> S | R49: =IF(Random!Q49>MBTI!$G$5,MBTI!$H$5,MBTI!$F$5) -> F | S49: =IF(Random!R49>MBTI!$G$6,MBTI!$H$6,MBTI!$F$6) -> J | T49: =CONCATENATE(P49,Q49,R49,S49) -> ESFJ | U49: =LOOKUP(T49,MBTI!$A$3:$A$18,MBTI!$B$3:$B$18) -> Consul | V49: =LOOKUP(T49,MBTI!$A$3:$A$18,MBTI!$C$3:$C$18) -> Sentinal
A50: =A49+1 -> 49 | C50: =IF(Random!B50>Sheet1!$B$2,"Male","Female") -> Female | D50: =NORMINV(Random!C50,Sheet1!$B$3,Sheet1!$C$3) -> 20.556115 | E50: =IF(D50<18,"no",IF(Random!D50>Sheet1!$B$4,"no","yes")) -> no | F50: =LOOKUP(Random!E50,Namelists!A:A,Namelists!B:B) -> MILLER | G50: =IF(C50="Male",LOOKUP(Random!F50,Namelists!E:E,Namelists!F:F),LOOKUP(Random!F50,Namelists!I:I,Namelists!J:J)) -> VICKIE | H50: =CEILING(NORMINV(Random!G50,100,15),0.1) -> 89.5 | I50: =CEILING(NORMINV(Random!H50,100,15),0.1) -> 88.8 | J50: =CEILING(NORMINV(Random!I49,100,15),0.1) -> 120 | K50: =CEILING(NORMINV(Random!J50,100,15),0.1) -> 105.7 | L50: =CEILING(NORMINV(Random!K50,100,15),0.1) -> 86 | M50: =CEILING(NORMINV(Random!L50,100,15),0.1) -> 126.2 | N50: =CEILING(NORMINV(Random!M50,100,15),0.1) -> 95.8 | O50: =CEILING(NORMINV(Random!N50,100,15),0.1) -> 93.2 | P50: =IF(Random!O50>MBTI!$G$3,MBTI!$H$3,MBTI!$F$3) -> I | Q50: =IF(Random!P50>MBTI!$G$4,MBTI!$H$4,MBTI!$F$4) -> S | R50: =IF(Random!Q50>MBTI!$G$5,MBTI!$H$5,MBTI!$F$5) -> F | S50: =IF(Random!R50>MBTI!$G$6,MBTI!$H$6,MBTI!$F$6) -> J | T50: =CONCATENATE(P50,Q50,R50,S50) -> ISFJ | U50: =LOOKUP(T50,MBTI!$A$3:$A$18,MBTI!$B$3:$B$18) -> Defender | V50: =LOOKUP(T50,MBTI!$A$3:$A$18,MBTI!$C$3:$C$18) -> Sentinal
A51: =A50+1 -> 50 | C51: =IF(Random!B51>Sheet1!$B$2,"Male","Female") -> Male | D51: =NORMINV(Random!C51,Sheet1!$B$3,Sheet1!$C$3) -> 27.650196 | E51: =IF(D51<18,"no",IF(Random!D51>Sheet1!$B$4,"no","yes")) -> no | F51: =LOOKUP(Random!E51,Namelists!A:A,Namelists!B:B) -> BROOKS | G51: =IF(C51="Male",LOOKUP(Random!F51,Namelists!E:E,Namelists!F:F),LOOKUP(Random!F51,Namelists!I:I,Namelists!J:J)) -> BOBBY | H51: =CEILING(NORMINV(Random!G51,100,15),0.1) -> 91.5 | I51: =CEILING(NORMINV(Random!H51,100,15),0.1) -> 89.9 | J51: =CEILING(NORMINV(Random!I50,100,15),0.1) -> 103.2 | K51: =CEILING(NORMINV(Random!J51,100,15),0.1) -> 105.5 | L51: =CEILING(NORMINV(Random!K51,100,15),0.1) -> 70.8 | M51: =CEILING(NORMINV(Random!L51,100,15),0.1) -> 102.8 | N51: =CEILING(NORMINV(Random!M51,100,15),0.1) -> 111.1 | O51: =CEILING(NORMINV(Random!N51,100,15),0.1) -> 118.6 | P51: =IF(Random!O51>MBTI!$G$3,MBTI!$H$3,MBTI!$F$3) -> I | Q51: =IF(Random!P51>MBTI!$G$4,MBTI!$H$4,MBTI!$F$4) -> S | R51: =IF(Random!Q51>MBTI!$G$5,MBTI!$H$5,MBTI!$F$5) -> T | S51: =IF(Random!R51>MBTI!$G$6,MBTI!$H$6,MBTI!$F$6) -> J | T51: =CONCATENATE(P51,Q51,R51,S51) -> ISTJ | U51: =LOOKUP(T51,MBTI!$A$3:$A$18,MBTI!$B$3:$B$18) -> Logistician | V51: =LOOKUP(T51,MBTI!$A$3:$A$18,MBTI!$C$3:$C$18) -> Sentinal
A52: =A51+1 -> 51 | C52: =IF(Random!B52>Sheet1!$B$2,"Male","Female") -> Female | D52: =NORMINV(Random!C52,Sheet1!$B$3,Sheet1!$C$3) -> 30.690054 | E52: =IF(D52<18,"no",IF(Random!D52>Sheet1!$B$4,"no","yes")) -> yes | F52: =LOOKUP(Random!E52,Namelists!A:A,Namelists!B:B) -> ABBOTT | G52: =IF(C52="Male",LOOKUP(Random!F52,Namelists!E:E,Namelists!F:F),LOOKUP(Random!F52,Namelists!I:I,Namelists!J:J)) -> MARY | H52: =CEILING(NORMINV(Random!G52,100,15),0.1) -> 87.2 | I52: =CEILING(NORMINV(Random!H52,100,15),0.1) -> 104.2 | J52: =CEILING(NORMINV(Random!I51,100,15),0.1) -> 111 | K52: =CEILING(NORMINV(Random!J52,100,15),0.1) -> 110.7 | L52: =CEILING(NORMINV(Random!K52,100,15),0.1) -> 115.9 | M52: =CEILING(NORMINV(Random!L52,100,15),0.1) -> 86.9 | N52: =CEILING(NORMINV(Random!M52,100,15),0.1) -> 99.2 | O52: =CEILING(NORMINV(Random!N52,100,15),0.1) -> 101.9 | P52: =IF(Random!O52>MBTI!$G$3,MBTI!$H$3,MBTI!$F$3) -> E | Q52: =IF(Random!P52>MBTI!$G$4,MBTI!$H$4,MBTI!$F$4) -> S | R52: =IF(Random!Q52>MBTI!$G$5,MBTI!$H$5,MBTI!$F$5) -> F | S52: =IF(Random!R52>MBTI!$G$6,MBTI!$H$6,MBTI!$F$6) -> P | T52: =CONCATENATE(P52,Q52,R52,S52) -> ESFP | U52: =LOOKUP(T52,MBTI!$A$3:$A$18,MBTI!$B$3:$B$18) -> Entertainer | V52: =LOOKUP(T52,MBTI!$A$3:$A$18,MBTI!$C$3:$C$18) -> Explorers
A53: =A52+1 -> 52 | C53: =IF(Random!B53>Sheet1!$B$2,"Male","Female") -> Male | D53: =NORMINV(Random!C53,Sheet1!$B$3,Sheet1!$C$3) -> 22.300651 | E53: =IF(D53<18,"no",IF(Random!D53>Sheet1!$B$4,"no","yes")) -> no | F53: =LOOKUP(Random!E53,Namelists!A:A,Namelists!B:B) -> MCDANIEL | G53: =IF(C53="Male",LOOKUP(Random!F53,Namelists!E:E,Namelists!F:F),LOOKUP(Random!F53,Namelists!I:I,Namelists!J:J)) -> SALVATORE | H53: =CEILING(NORMINV(Random!G53,100,15),0.1) -> 95.8 | I53: =CEILING(NORMINV(Random!H53,100,15),0.1) -> 106.8 | J53: =CEILING(NORMINV(Random!I52,100,15),0.1) -> 92.8 | K53: =CEILING(NORMINV(Random!J53,100,15),0.1) -> 96.8 | L53: =CEILING(NORMINV(Random!K53,100,15),0.1) -> 120 | M53: =CEILING(NORMINV(Random!L53,100,15),0.1) -> 98 | N53: =CEILING(NORMINV(Random!M53,100,15),0.1) -> 107.3 | O53: =CEILING(NORMINV(Random!N53,100,15),0.1) -> 111.5 | P53: =IF(Random!O53>MBTI!$G$3,MBTI!$H$3,MBTI!$F$3) -> E | Q53: =IF(Random!P53>MBTI!$G$4,MBTI!$H$4,MBTI!$F$4) -> N | R53: =IF(Random!Q53>MBTI!$G$5,MBTI!$H$5,MBTI!$F$5) -> F | S53: =IF(Random!R53>MBTI!$G$6,MBTI!$H$6,MBTI!$F$6) -> J | T53: =CONCATENATE(P53,Q53,R53,S53) -> ENFJ | U53: =LOOKUP(T53,MBTI!$A$3:$A$18,MBTI!$B$3:$B$18) -> Protagonist | V53: =LOOKUP(T53,MBTI!$A$3:$A$18,MBTI!$C$3:$C$18) -> Diplomat
A54: =A53+1 -> 53 | B54: 2 | C54: =IF(Random!B54>Sheet1!$B$2,"Male","Female") -> Female | D54: =NORMINV(Random!C54,Sheet1!$B$3,Sheet1!$C$3) -> 36.086648 | E54: =IF(D54<18,"no",IF(Random!D54>Sheet1!$B$4,"no","yes")) -> no | F54: =LOOKUP(Random!E54,Namelists!A:A,Namelists!B:B) -> BLACK | G54: =IF(C54="Male",LOOKUP(Random!F54,Namelists!E:E,Namelists!F:F),LOOKUP(Random!F54,Namelists!I:I,Namelists!J:J)) -> KAREN | H54: =CEILING(NORMINV(Random!G54,100,15),0.1) -> 109.8 | I54: =CEILING(NORMINV(Random!H54,100,15),0.1) -> 109.8 | J54: =CEILING(NORMINV(Random!I53,100,15),0.1) -> 122.1 | K54: =CEILING(NORMINV(Random!J54,100,15),0.1) -> 99.5 | L54: =CEILING(NORMINV(Random!K54,100,15),0.1) -> 97.8 | M54: =CEILING(NORMINV(Random!L54,100,15),0.1) -> 125.3 | N54: =CEILING(NORMINV(Random!M54,100,15),0.1) -> 73.6 | O54: =CEILING(NORMINV(Random!N54,100,15),0.1) -> 70.6 | P54: =IF(Random!O54>MBTI!$G$3,MBTI!$H$3,MBTI!$F$3) -> I | Q54: =IF(Random!P54>MBTI!$G$4,MBTI!$H$4,MBTI!$F$4) -> N | R54: =IF(Random!Q54>MBTI!$G$5,MBTI!$H$5,MBTI!$F$5) -> T | S54: =IF(Random!R54>MBTI!$G$6,MBTI!$H$6,MBTI!$F$6) -> P | T54: =CONCATENATE(P54,Q54,R54,S54) -> INTP | U54: =LOOKUP(T54,MBTI!$A$3:$A$18,MBTI!$B$3:$B$18) -> Logician | V54: =LOOKUP(T54,MBTI!$A$3:$A$18,MBTI!$C$3:$C$18) -> Analyst
A55: =A54+1 -> 54 | C55: =IF(Random!B55>Sheet1!$B$2,"Male","Female") -> Male | D55: =NORMINV(Random!C55,Sheet1!$B$3,Sheet1!$C$3) -> 36.309271 | E55: =IF(D55<18,"no",IF(Random!D55>Sheet1!$B$4,"no","yes")) -> no | F55: =LOOKUP(Random!E55,Namelists!A:A,Namelists!B:B) -> GILES | G55: =IF(C55="Male",LOOKUP(Random!F55,Namelists!E:E,Namelists!F:F),LOOKUP(Random!F55,Namelists!I:I,Namelists!J:J)) -> DAVID | H55: =CEILING(NORMINV(Random!G55,100,15),0.1) -> 113.5 | I55: =CEILING(NORMINV(Random!H55,100,15),0.1) -> 105.7 | J55: =CEILING(NORMINV(Random!I54,100,15),0.1) -> 93.9 | K55: =CEILING(NORMINV(Random!J55,100,15),0.1) -> 84.6 | L55: =CEILING(NORMINV(Random!K55,100,15),0.1) -> 74.6 | M55: =CEILING(NORMINV(Random!L55,100,15),0.1) -> 106.1 | N55: =CEILING(NORMINV(Random!M55,100,15),0.1) -> 117.4 | O55: =CEILING(NORMINV(Random!N55,100,15),0.1) -> 71.4 | P55: =IF(Random!O55>MBTI!$G$3,MBTI!$H$3,MBTI!$F$3) -> I | Q55: =IF(Random!P55>MBTI!$G$4,MBTI!$H$4,MBTI!$F$4) -> S | R55: =IF(Random!Q55>MBTI!$G$5,MBTI!$H$5,MBTI!$F$5) -> F | S55: =IF(Random!R55>MBTI!$G$6,MBTI!$H$6,MBTI!$F$6) -> J | T55: =CONCATENATE(P55,Q55,R55,S55) -> ISFJ | U55: =LOOKUP(T55,MBTI!$A$3:$A$18,MBTI!$B$3:$B$18) -> Defender | V55: =LOOKUP(T55,MBTI!$A$3:$A$18,MBTI!$C$3:$C$18) -> Sentinal
A56: =A55+1 -> 55 | C56: =IF(Random!B56>Sheet1!$B$2,"Male","Female") -> Male | D56: =NORMINV(Random!C56,Sheet1!$B$3,Sheet1!$C$3) -> 57.295268 | E56: =IF(D56<18,"no",IF(Random!D56>Sheet1!$B$4,"no","yes")) -> no | F56: =LOOKUP(Random!E56,Namelists!A:A,Namelists!B:B) -> ESQUIVEL | G56: =IF(C56="Male",LOOKUP(Random!F56,Namelists!E:E,Namelists!F:F),LOOKUP(Random!F56,Namelists!I:I,Namelists!J:J)) -> JOHN | H56: =CEILING(NORMINV(Random!G56,100,15),0.1) -> 90 | I56: =CEILING(NORMINV(Random!H56,100,15),0.1) -> 83.2 | J56: =CEILING(NORMINV(Random!I55,100,15),0.1) -> 121 | K56: =CEILING(NORMINV(Random!J56,100,15),0.1) -> 90.7 | L56: =CEILING(NORMINV(Random!K56,100,15),0.1) -> 87.2 | M56: =CEILING(NORMINV(Random!L56,100,15),0.1) -> 92.9 | N56: =CEILING(NORMINV(Random!M56,100,15),0.1) -> 90.2 | O56: =CEILING(NORMINV(Random!N56,100,15),0.1) -> 100.8 | P56: =IF(Random!O56>MBTI!$G$3,MBTI!$H$3,MBTI!$F$3) -> I | Q56: =IF(Random!P56>MBTI!$G$4,MBTI!$H$4,MBTI!$F$4) -> N | R56: =IF(Random!Q56>MBTI!$G$5,MBTI!$H$5,MBTI!$F$5) -> F | S56: =IF(Random!R56>MBTI!$G$6,MBTI!$H$6,MBTI!$F$6) -> J | T56: =CONCATENATE(P56,Q56,R56,S56) -> INFJ | U56: =LOOKUP(T56,MBTI!$A$3:$A$18,MBTI!$B$3:$B$18) -> Advocate | V56: =LOOKUP(T56,MBTI!$A$3:$A$18,MBTI!$C$3:$C$18) -> Diplomat
A57: =A56+1 -> 56 | C57: =IF(Random!B57>Sheet1!$B$2,"Male","Female") -> Female | D57: =NORMINV(Random!C57,Sheet1!$B$3,Sheet1!$C$3) -> 25.747533 | E57: =IF(D57<18,"no",IF(Random!D57>Sheet1!$B$4,"no","yes")) -> no | F57: =LOOKUP(Random!E57,Namelists!A:A,Namelists!B:B) -> BECKER | G57: =IF(C57="Male",LOOKUP(Random!F57,Namelists!E:E,Namelists!F:F),LOOKUP(Random!F57,Namelists!I:I,Namelists!J:J)) -> LOUISE | H57: =CEILING(NORMINV(Random!G57,100,15),0.1) -> 118.4 | I57: =CEILING(NORMINV(Random!H57,100,15),0.1) -> 94.7 | J57: =CEILING(NORMINV(Random!I56,100,15),0.1) -> 103.6 | K57: =CEILING(NORMINV(Random!J57,100,15),0.1) -> 112 | L57: =CEILING(NORMINV(Random!K57,100,15),0.1) -> 126.8 | M57: =CEILING(NORMINV(Random!L57,100,15),0.1) -> 103.9 | N57: =CEILING(NORMINV(Random!M57,100,15),0.1) -> 105.1 | O57: =CEILING(NORMINV(Random!N57,100,15),0.1) -> 87.2 | P57: =IF(Random!O57>MBTI!$G$3,MBTI!$H$3,MBTI!$F$3) -> I | Q57: =IF(Random!P57>MBTI!$G$4,MBTI!$H$4,MBTI!$F$4) -> S | R57: =IF(Random!Q57>MBTI!$G$5,MBTI!$H$5,MBTI!$F$5) -> F | S57: =IF(Random!R57>MBTI!$G$6,MBTI!$H$6,MBTI!$F$6) -> P | T57: =CONCATENATE(P57,Q57,R57,S57) -> ISFP | U57: =LOOKUP(T57,MBTI!$A$3:$A$18,MBTI!$B$3:$B$18) -> Adventurer | V57: =LOOKUP(T57,MBTI!$A$3:$A$18,MBTI!$C$3:$C$18) -> Explorers
A58: =A57+1 -> 57 | B58: 5 | C58: =IF(Random!B58>Sheet1!$B$2,"Male","Female") -> Male | D58: =NORMINV(Random!C58,Sheet1!$B$3,Sheet1!$C$3) -> 32.369902 | E58: =IF(D58<18,"no",IF(Random!D58>Sheet1!$B$4,"no","yes")) -> no | F58: =LOOKUP(Random!E58,Namelists!A:A,Namelists!B:B) -> HAYDEN | G58: =IF(C58="Male",LOOKUP(Random!F58,Namelists!E:E,Namelists!F:F),LOOKUP(Random!F58,Namelists!I:I,Namelists!J:J)) -> ANDREA | H58: =CEILING(NORMINV(Random!G58,100,15),0.1) -> 112.7 | I58: =CEILING(NORMINV(Random!H58,100,15),0.1) -> 111.5 | J58: =CEILING(NORMINV(Random!I57,100,15),0.1) -> 100.4 | K58: =CEILING(NORMINV(Random!J58,100,15),0.1) -> 106.8 | L58: =CEILING(NORMINV(Random!K58,100,15),0.1) -> 85.4 | M58: =CEILING(NORMINV(Random!L58,100,15),0.1) -> 95.7 | N58: =CEILING(NORMINV(Random!M58,100,15),0.1) -> 114.5 | O58: =CEILING(NORMINV(Random!N58,100,15),0.1) -> 93.1 | P58: =IF(Random!O58>MBTI!$G$3,MBTI!$H$3,MBTI!$F$3) -> I | Q58: =IF(Random!P58>MBTI!$G$4,MBTI!$H$4,MBTI!$F$4) -> S | R58: =IF(Random!Q58>MBTI!$G$5,MBTI!$H$5,MBTI!$F$5) -> T | S58: =IF(Random!R58>MBTI!$G$6,MBTI!$H$6,MBTI!$F$6) -> P | T58: =CONCATENATE(P58,Q58,R58,S58) -> ISTP | U58: =LOOKUP(T58,MBTI!$A$3:$A$18,MBTI!$B$3:$B$18) -> Virtuoso | V58: =LOOKUP(T58,MBTI!$A$3:$A$18,MBTI!$C$3:$C$18) -> Explorers
A59: =A58+1 -> 58 | C59: =IF(Random!B59>Sheet1!$B$2,"Male","Female") -> Female | D59: =NORMINV(Random!C59,Sheet1!$B$3,Sheet1!$C$3) -> 27.606764 | E59: =IF(D59<18,"no",IF(Random!D59>Sheet1!$B$4,"no","yes")) -> yes | F59: =LOOKUP(Random!E59,Namelists!A:A,Namelists!B:B) -> COSTA | G59: =IF(C59="Male",LOOKUP(Random!F59,Namelists!E:E,Namelists!F:F),LOOKUP(Random!F59,Namelists!I:I,Namelists!J:J)) -> ANGIE | H59: =CEILING(NORMINV(Random!G59,100,15),0.1) -> 70.9 | I59: =CEILING(NORMINV(Random!H59,100,15),0.1) -> 89.2 | J59: =CEILING(NORMINV(Random!I58,100,15),0.1) -> 106.3 | K59: =CEILING(NORMINV(Random!J59,100,15),0.1) -> 101.7 | L59: =CEILING(NORMINV(Random!K59,100,15),0.1) -> 93.3 | M59: =CEILING(NORMINV(Random!L59,100,15),0.1) -> 71.9 | N59: =CEILING(NORMINV(Random!M59,100,15),0.1) -> 110.3 | O59: =CEILING(NORMINV(Random!N59,100,15),0.1) -> 81.7 | P59: =IF(Random!O59>MBTI!$G$3,MBTI!$H$3,MBTI!$F$3) -> I | Q59: =IF(Random!P59>MBTI!$G$4,MBTI!$H$4,MBTI!$F$4) -> S | R59: =IF(Random!Q59>MBTI!$G$5,MBTI!$H$5,MBTI!$F$5) -> T | S59: =IF(Random!R59>MBTI!$G$6,MBTI!$H$6,MBTI!$F$6) -> J | T59: =CONCATENATE(P59,Q59,R59,S59) -> ISTJ | U59: =LOOKUP(T59,MBTI!$A$3:$A$18,MBTI!$B$3:$B$18) -> Logistician | V59: =LOOKUP(T59,MBTI!$A$3:$A$18,MBTI!$C$3:$C$18) -> Sentinal
A60: =A59+1 -> 59 | C60: =IF(Random!B60>Sheet1!$B$2,"Male","Female") -> Male | D60: =NORMINV(Random!C60,Sheet1!$B$3,Sheet1!$C$3) -> 3.4080157 | E60: =IF(D60<18,"no",IF(Random!D60>Sheet1!$B$4,"no","yes")) -> no | F60: =LOOKUP(Random!E60,Namelists!A:A,Namelists!B:B) -> HERNANDEZ | G60: =IF(C60="Male",LOOKUP(Random!F60,Namelists!E:E,Namelists!F:F),LOOKUP(Random!F60,Namelists!I:I,Namelists!J:J)) -> JAMES | H60: =CEILING(NORMINV(Random!G60,100,15),0.1) -> 97.6 | I60: =CEILING(NORMINV(Random!H60,100,15),0.1) -> 102.2 | J60: =CEILING(NORMINV(Random!I59,100,15),0.1) -> 101.7 | K60: =CEILING(NORMINV(Random!J60,100,15),0.1) -> 130.3 | L60: =CEILING(NORMINV(Random!K60,100,15),0.1) -> 91 | M60: =CEILING(NORMINV(Random!L60,100,15),0.1) -> 122.5 | N60: =CEILING(NORMINV(Random!M60,100,15),0.1) -> 82 | O60: =CEILING(NORMINV(Random!N60,100,15),0.1) -> 100.2 | P60: =IF(Random!O60>MBTI!$G$3,MBTI!$H$3,MBTI!$F$3) -> E | Q60: =IF(Random!P60>MBTI!$G$4,MBTI!$H$4,MBTI!$F$4) -> S | R60: =IF(Random!Q60>MBTI!$G$5,MBTI!$H$5,MBTI!$F$5) -> T | S60: =IF(Random!R60>MBTI!$G$6,MBTI!$H$6,MBTI!$F$6) -> P | T60: =CONCATENATE(P60,Q60,R60,S60) -> ESTP | U60: =LOOKUP(T60,MBTI!$A$3:$A$18,MBTI!$B$3:$B$18) -> Entreprenuer | V60: =LOOKUP(T60,MBTI!$A$3:$A$18,MBTI!$C$3:$C$18) -> Explorers
A61: =A60+1 -> 60 | C61: =IF(Random!B61>Sheet1!$B$2,"Male","Female") -> Female | D61: =NORMINV(Random!C61,Sheet1!$B$3,Sheet1!$C$3) -> 52.245292 | E61: =IF(D61<18,"no",IF(Random!D61>Sheet1!$B$4,"no","yes")) -> no | F61: =LOOKUP(Random!E61,Namelists!A:A,Namelists!B:B) -> CASTANEDA | G61: =IF(C61="Male",LOOKUP(Random!F61,Namelists!E:E,Namelists!F:F),LOOKUP(Random!F61,Namelists!I:I,Namelists!J:J)) -> ANGELA | H61: =CEILING(NORMINV(Random!G61,100,15),0.1) -> 54.1 | I61: =CEILING(NORMINV(Random!H61,100,15),0.1) -> 139.5 | J61: =CEILING(NORMINV(Random!I60,100,15),0.1) -> 104.8 | K61: =CEILING(NORMINV(Random!J61,100,15),0.1) -> 108.9 | L61: =CEILING(NORMINV(Random!K61,100,15),0.1) -> 86.6 | M61: =CEILING(NORMINV(Random!L61,100,15),0.1) -> 99.7 | N61: =CEILING(NORMINV(Random!M61,100,15),0.1) -> 85.4 | O61: =CEILING(NORMINV(Random!N61,100,15),0.1) -> 95.8 | P61: =IF(Random!O61>MBTI!$G$3,MBTI!$H$3,MBTI!$F$3) -> E | Q61: =IF(Random!P61>MBTI!$G$4,MBTI!$H$4,MBTI!$F$4) -> N | R61: =IF(Random!Q61>MBTI!$G$5,MBTI!$H$5,MBTI!$F$5) -> F | S61: =IF(Random!R61>MBTI!$G$6,MBTI!$H$6,MBTI!$F$6) -> J | T61: =CONCATENATE(P61,Q61,R61,S61) -> ENFJ | U61: =LOOKUP(T61,MBTI!$A$3:$A$18,MBTI!$B$3:$B$18) -> Protagonist | V61: =LOOKUP(T61,MBTI!$A$3:$A$18,MBTI!$C$3:$C$18) -> Diplomat
A62: =A61+1 -> 61 | C62: =IF(Random!B62>Sheet1!$B$2,"Male","Female") -> Male | D62: =NORMINV(Random!C62,Sheet1!$B$3,Sheet1!$C$3) -> 40.127713 | E62: =IF(D62<18,"no",IF(Random!D62>Sheet1!$B$4,"no","yes")) -> no | F62: =LOOKUP(Random!E62,Namelists!A:A,Namelists!B:B) -> DYER | G62: =IF(C62="Male",LOOKUP(Random!F62,Namelists!E:E,Namelists!F:F),LOOKUP(Random!F62,Namelists!I:I,Namelists!J:J)) -> CHARLES | H62: =CEILING(NORMINV(Random!G62,100,15),0.1) -> 92.1 | I62: =CEILING(NORMINV(Random!H62,100,15),0.1) -> 88.5 | J62: =CEILING(NORMINV(Random!I61,100,15),0.1) -> 109.7 | K62: =CEILING(NORMINV(Random!J62,100,15),0.1) -> 101.8 | L62: =CEILING(NORMINV(Random!K62,100,15),0.1) -> 114.2 | M62: =CEILING(NORMINV(Random!L62,100,15),0.1) -> 93 | N62: =CEILING(NORMINV(Random!M62,100,15),0.1) -> 102.9 | O62: =CEILING(NORMINV(Random!N62,100,15),0.1) -> 106.7 | P62: =IF(Random!O62>MBTI!$G$3,MBTI!$H$3,MBTI!$F$3) -> E | Q62: =IF(Random!P62>MBTI!$G$4,MBTI!$H$4,MBTI!$F$4) -> S | R62: =IF(Random!Q62>MBTI!$G$5,MBTI!$H$5,MBTI!$F$5) -> F | S62: =IF(Random!R62>MBTI!$G$6,MBTI!$H$6,MBTI!$F$6) -> J | T62: =CONCATENATE(P62,Q62,R62,S62) -> ESFJ | U62: =LOOKUP(T62,MBTI!$A$3:$A$18,MBTI!$B$3:$B$18) -> Consul | V62: =LOOKUP(T62,MBTI!$A$3:$A$18,MBTI!$C$3:$C$18) -> Sentinal
A63: =A62+1 -> 62 | C63: =IF(Random!B63>Sheet1!$B$2,"Male","Female") -> Male | D63: =NORMINV(Random!C63,Sheet1!$B$3,Sheet1!$C$3) -> 31.801263 | E63: =IF(D63<18,"no",IF(Random!D63>Sheet1!$B$4,"no","yes")) -> no | F63: =LOOKUP(Random!E63,Namelists!A:A,Namelists!B:B) -> WHITE | G63: =IF(C63="Male",LOOKUP(Random!F63,Namelists!E:E,Namelists!F:F),LOOKUP(Random!F63,Namelists!I:I,Namelists!J:J)) -> DAVID | H63: =CEILING(NORMINV(Random!G63,100,15),0.1) -> 99.9 | I63: =CEILING(NORMINV(Random!H63,100,15),0.1) -> 88.3 | J63: =CEILING(NORMINV(Random!I62,100,15),0.1) -> 135.3 | K63: =CEILING(NORMINV(Random!J63,100,15),0.1) -> 117 | L63: =CEILING(NORMINV(Random!K63,100,15),0.1) -> 106.2 | M63: =CEILING(NORMINV(Random!L63,100,15),0.1) -> 89.1 | N63: =CEILING(NORMINV(Random!M63,100,15),0.1) -> 131.1 | O63: =CEILING(NORMINV(Random!N63,100,15),0.1) -> 123.7 | P63: =IF(Random!O63>MBTI!$G$3,MBTI!$H$3,MBTI!$F$3) -> E | Q63: =IF(Random!P63>MBTI!$G$4,MBTI!$H$4,MBTI!$F$4) -> S | R63: =IF(Random!Q63>MBTI!$G$5,MBTI!$H$5,MBTI!$F$5) -> F | S63: =IF(Random!R63>MBTI!$G$6,MBTI!$H$6,MBTI!$F$6) -> J | T63: =CONCATENATE(P63,Q63,R63,S63) -> ESFJ | U63: =LOOKUP(T63,MBTI!$A$3:$A$18,MBTI!$B$3:$B$18) -> Consul | V63: =LOOKUP(T63,MBTI!$A$3:$A$18,MBTI!$C$3:$C$18) -> Sentinal
A64: =A63+1 -> 63 | C64: =IF(Random!B64>Sheet1!$B$2,"Male","Female") -> Male | D64: =NORMINV(Random!C64,Sheet1!$B$3,Sheet1!$C$3) -> 31.301231 | E64: =IF(D64<18,"no",IF(Random!D64>Sheet1!$B$4,"no","yes")) -> no | F64: =LOOKUP(Random!E64,Namelists!A:A,Namelists!B:B) -> MARSHALL | G64: =IF(C64="Male",LOOKUP(Random!F64,Namelists!E:E,Namelists!F:F),LOOKUP(Random!F64,Namelists!I:I,Namelists!J:J)) -> STEVEN | H64: =CEILING(NORMINV(Random!G64,100,15),0.1) -> 110.7 | I64: =CEILING(NORMINV(Random!H64,100,15),0.1) -> 112.3 | J64: =CEILING(NORMINV(Random!I63,100,15),0.1) -> 84.2 | K64: =CEILING(NORMINV(Random!J64,100,15),0.1) -> 92.5 | L64: =CEILING(NORMINV(Random!K64,100,15),0.1) -> 96.3 | M64: =CEILING(NORMINV(Random!L64,100,15),0.1) -> 112 | N64: =CEILING(NORMINV(Random!M64,100,15),0.1) -> 100.8 | O64: =CEILING(NORMINV(Random!N64,100,15),0.1) -> 89 | P64: =IF(Random!O64>MBTI!$G$3,MBTI!$H$3,MBTI!$F$3) -> E | Q64: =IF(Random!P64>MBTI!$G$4,MBTI!$H$4,MBTI!$F$4) -> N | R64: =IF(Random!Q64>MBTI!$G$5,MBTI!$H$5,MBTI!$F$5) -> F | S64: =IF(Random!R64>MBTI!$G$6,MBTI!$H$6,MBTI!$F$6) -> J | T64: =CONCATENATE(P64,Q64,R64,S64) -> ENFJ | U64: =LOOKUP(T64,MBTI!$A$3:$A$18,MBTI!$B$3:$B$18) -> Protagonist | V64: =LOOKUP(T64,MBTI!$A$3:$A$18,MBTI!$C$3:$C$18) -> Diplomat
A65: =A64+1 -> 64 | C65: =IF(Random!B65>Sheet1!$B$2,"Male","Female") -> Male | D65: =NORMINV(Random!C65,Sheet1!$B$3,Sheet1!$C$3) -> 46.407282 | E65: =IF(D65<18,"no",IF(Random!D65>Sheet1!$B$4,"no","yes")) -> no | F65: =LOOKUP(Random!E65,Namelists!A:A,Namelists!B:B) -> POWERS | G65: =IF(C65="Male",LOOKUP(Random!F65,Namelists!E:E,Namelists!F:F),LOOKUP(Random!F65,Namelists!I:I,Namelists!J:J)) -> ROY | H65: =CEILING(NORMINV(Random!G65,100,15),0.1) -> 104.7 | I65: =CEILING(NORMINV(Random!H65,100,15),0.1) -> 108.3 | J65: =CEILING(NORMINV(Random!I64,100,15),0.1) -> 118.6 | K65: =CEILING(NORMINV(Random!J65,100,15),0.1) -> 83.1 | L65: =CEILING(NORMINV(Random!K65,100,15),0.1) -> 99.2 | M65: =CEILING(NORMINV(Random!L65,100,15),0.1) -> 91.1 | N65: =CEILING(NORMINV(Random!M65,100,15),0.1) -> 100.9 | O65: =CEILING(NORMINV(Random!N65,100,15),0.1) -> 89.4 | P65: =IF(Random!O65>MBTI!$G$3,MBTI!$H$3,MBTI!$F$3) -> I | Q65: =IF(Random!P65>MBTI!$G$4,MBTI!$H$4,MBTI!$F$4) -> S | R65: =IF(Random!Q65>MBTI!$G$5,MBTI!$H$5,MBTI!$F$5) -> F | S65: =IF(Random!R65>MBTI!$G$6,MBTI!$H$6,MBTI!$F$6) -> P | T65: =CONCATENATE(P65,Q65,R65,S65) -> ISFP | U65: =LOOKUP(T65,MBTI!$A$3:$A$18,MBTI!$B$3:$B$18) -> Adventurer | V65: =LOOKUP(T65,MBTI!$A$3:$A$18,MBTI!$C$3:$C$18) -> Explorers
A66: =A65+1 -> 65 | C66: =IF(Random!B66>Sheet1!$B$2,"Male","Female") -> Male | D66: =NORMINV(Random!C66,Sheet1!$B$3,Sheet1!$C$3) -> 31.277721 | E66: =IF(D66<18,"no",IF(Random!D66>Sheet1!$B$4,"no","yes")) -> yes | F66: =LOOKUP(Random!E66,Namelists!A:A,Namelists!B:B) -> MORRIS | G66: =IF(C66="Male",LOOKUP(Random!F66,Namelists!E:E,Namelists!F:F),LOOKUP(Random!F66,Namelists!I:I,Namelists!J:J)) -> WILLIAM | H66: =CEILING(NORMINV(Random!G66,100,15),0.1) -> 127 | I66: =CEILING(NORMINV(Random!H66,100,15),0.1) -> 122.1 | J66: =CEILING(NORMINV(Random!I65,100,15),0.1) -> 88.3 | K66: =CEILING(NORMINV(Random!J66,100,15),0.1) -> 75.5 | L66: =CEILING(NORMINV(Random!K66,100,15),0.1) -> 102.5 | M66: =CEILING(NORMINV(Random!L66,100,15),0.1) -> 114.3 | N66: =CEILING(NORMINV(Random!M66,100,15),0.1) -> 105.1 | O66: =CEILING(NORMINV(Random!N66,100,15),0.1) -> 96.8 | P66: =IF(Random!O66>MBTI!$G$3,MBTI!$H$3,MBTI!$F$3) -> E | Q66: =IF(Random!P66>MBTI!$G$4,MBTI!$H$4,MBTI!$F$4) -> S | R66: =IF(Random!Q66>MBTI!$G$5,MBTI!$H$5,MBTI!$F$5) -> T | S66: =IF(Random!R66>MBTI!$G$6,MBTI!$H$6,MBTI!$F$6) -> J | T66: =CONCATENATE(P66,Q66,R66,S66) -> ESTJ | U66: =LOOKUP(T66,MBTI!$A$3:$A$18,MBTI!$B$3:$B$18) -> Executive | V66: =LOOKUP(T66,MBTI!$A$3:$A$18,MBTI!$C$3:$C$18) -> Sentinal
A67: =A66+1 -> 66 | C67: =IF(Random!B67>Sheet1!$B$2,"Male","Female") -> Male | D67: =NORMINV(Random!C67,Sheet1!$B$3,Sheet1!$C$3) -> 30.065962 | E67: =IF(D67<18,"no",IF(Random!D67>Sheet1!$B$4,"no","yes")) -> yes | F67: =LOOKUP(Random!E67,Namelists!A:A,Namelists!B:B) -> WILSON | G67: =IF(C67="Male",LOOKUP(Random!F67,Namelists!E:E,Namelists!F:F),LOOKUP(Random!F67,Namelists!I:I,Namelists!J:J)) -> EZRA | H67: =CEILING(NORMINV(Random!G67,100,15),0.1) -> 109 | I67: =CEILING(NORMINV(Random!H67,100,15),0.1) -> 77.6 | J67: =CEILING(NORMINV(Random!I66,100,15),0.1) -> 141 | K67: =CEILING(NORMINV(Random!J67,100,15),0.1) -> 88.5 | L67: =CEILING(NORMINV(Random!K67,100,15),0.1) -> 110.3 | M67: =CEILING(NORMINV(Random!L67,100,15),0.1) -> 116.9 | N67: =CEILING(NORMINV(Random!M67,100,15),0.1) -> 120.6 | O67: =CEILING(NORMINV(Random!N67,100,15),0.1) -> 94.9 | P67: =IF(Random!O67>MBTI!$G$3,MBTI!$H$3,MBTI!$F$3) -> I | Q67: =IF(Random!P67>MBTI!$G$4,MBTI!$H$4,MBTI!$F$4) -> S | R67: =IF(Random!Q67>MBTI!$G$5,MBTI!$H$5,MBTI!$F$5) -> T | S67: =IF(Random!R67>MBTI!$G$6,MBTI!$H$6,MBTI!$F$6) -> J | T67: =CONCATENATE(P67,Q67,R67,S67) -> ISTJ | U67: =LOOKUP(T67,MBTI!$A$3:$A$18,MBTI!$B$3:$B$18) -> Logistician | V67: =LOOKUP(T67,MBTI!$A$3:$A$18,MBTI!$C$3:$C$18) -> Sentinal
A68: =A67+1 -> 67 | C68: =IF(Random!B68>Sheet1!$B$2,"Male","Female") -> Female | D68: =NORMINV(Random!C68,Sheet1!$B$3,Sheet1!$C$3) -> 27.26266 | E68: =IF(D68<18,"no",IF(Random!D68>Sheet1!$B$4,"no","yes")) -> no | F68: =LOOKUP(Random!E68,Namelists!A:A,Namelists!B:B) -> HUMPHREY | G68: =IF(C68="Male",LOOKUP(Random!F68,Namelists!E:E,Namelists!F:F),LOOKUP(Random!F68,Namelists!I:I,Namelists!J:J)) -> PATRICIA | H68: =CEILING(NORMINV(Random!G68,100,15),0.1) -> 81 | I68: =CEILING(NORMINV(Random!H68,100,15),0.1) -> 74.3 | J68: =CEILING(NORMINV(Random!I67,100,15),0.1) -> 120.2 | K68: =CEILING(NORMINV(Random!J68,100,15),0.1) -> 93.3 | L68: =CEILING(NORMINV(Random!K68,100,15),0.1) -> 93.6 | M68: =CEILING(NORMINV(Random!L68,100,15),0.1) -> 114.7 | N68: =CEILING(NORMINV(Random!M68,100,15),0.1) -> 77.5 | O68: =CEILING(NORMINV(Random!N68,100,15),0.1) -> 101.2 | P68: =IF(Random!O68>MBTI!$G$3,MBTI!$H$3,MBTI!$F$3) -> I | Q68: =IF(Random!P68>MBTI!$G$4,MBTI!$H$4,MBTI!$F$4) -> S | R68: =IF(Random!Q68>MBTI!$G$5,MBTI!$H$5,MBTI!$F$5) -> T | S68: =IF(Random!R68>MBTI!$G$6,MBTI!$H$6,MBTI!$F$6) -> J | T68: =CONCATENATE(P68,Q68,R68,S68) -> ISTJ | U68: =LOOKUP(T68,MBTI!$A$3:$A$18,MBTI!$B$3:$B$18) -> Logistician | V68: =LOOKUP(T68,MBTI!$A$3:$A$18,MBTI!$C$3:$C$18) -> Sentinal
A69: =A68+1 -> 68 | C69: =IF(Random!B69>Sheet1!$B$2,"Male","Female") -> Male | D69: =NORMINV(Random!C69,Sheet1!$B$3,Sheet1!$C$3) -> 47.466515 | E69: =IF(D69<18,"no",IF(Random!D69>Sheet1!$B$4,"no","yes")) -> no | F69: =LOOKUP(Random!E69,Namelists!A:A,Namelists!B:B) -> ROBINSON | G69: =IF(C69="Male",LOOKUP(Random!F69,Namelists!E:E,Namelists!F:F),LOOKUP(Random!F69,Namelists!I:I,Namelists!J:J)) -> VERNON | H69: =CEILING(NORMINV(Random!G69,100,15),0.1) -> 96.6 | I69: =CEILING(NORMINV(Random!H69,100,15),0.1) -> 88 | J69: =CEILING(NORMINV(Random!I68,100,15),0.1) -> 120.9 | K69: =CEILING(NORMINV(Random!J69,100,15),0.1) -> 93.7 | L69: =CEILING(NORMINV(Random!K69,100,15),0.1) -> 69.3 | M69: =CEILING(NORMINV(Random!L69,100,15),0.1) -> 104.4 | N69: =CEILING(NORMINV(Random!M69,100,15),0.1) -> 92 | O69: =CEILING(NORMINV(Random!N69,100,15),0.1) -> 108.1 | P69: =IF(Random!O69>MBTI!$G$3,MBTI!$H$3,MBTI!$F$3) -> I | Q69: =IF(Random!P69>MBTI!$G$4,MBTI!$H$4,MBTI!$F$4) -> N | R69: =IF(Random!Q69>MBTI!$G$5,MBTI!$H$5,MBTI!$F$5) -> F | S69: =IF(Random!R69>MBTI!$G$6,MBTI!$H$6,MBTI!$F$6) -> J | T69: =CONCATENATE(P69,Q69,R69,S69) -> INFJ | U69: =LOOKUP(T69,MBTI!$A$3:$A$18,MBTI!$B$3:$B$18) -> Advocate | V69: =LOOKUP(T69,MBTI!$A$3:$A$18,MBTI!$C$3:$C$18) -> Diplomat
A70: =A69+1 -> 69 | C70: =IF(Random!B70>Sheet1!$B$2,"Male","Female") -> Male | D70: =NORMINV(Random!C70,Sheet1!$B$3,Sheet1!$C$3) -> 25.939471 | E70: =IF(D70<18,"no",IF(Random!D70>Sheet1!$B$4,"no","yes")) -> no | F70: =LOOKUP(Random!E70,Namelists!A:A,Namelists!B:B) -> WOOD | G70: =IF(C70="Male",LOOKUP(Random!F70,Namelists!E:E,Namelists!F:F),LOOKUP(Random!F70,Namelists!I:I,Namelists!J:J)) -> PAT | H70: =CEILING(NORMINV(Random!G70,100,15),0.1) -> 105.7 | I70: =CEILING(NORMINV(Random!H70,100,15),0.1) -> 122.7 | J70: =CEILING(NORMINV(Random!I69,100,15),0.1) -> 89.3 | K70: =CEILING(NORMINV(Random!J70,100,15),0.1) -> 114 | L70: =CEILING(NORMINV(Random!K70,100,15),0.1) -> 107 | M70: =CEILING(NORMINV(Random!L70,100,15),0.1) -> 91.8 | N70: =CEILING(NORMINV(Random!M70,100,15),0.1) -> 114.9 | O70: =CEILING(NORMINV(Random!N70,100,15),0.1) -> 124.4 | P70: =IF(Random!O70>MBTI!$G$3,MBTI!$H$3,MBTI!$F$3) -> I | Q70: =IF(Random!P70>MBTI!$G$4,MBTI!$H$4,MBTI!$F$4) -> S | R70: =IF(Random!Q70>MBTI!$G$5,MBTI!$H$5,MBTI!$F$5) -> F | S70: =IF(Random!R70>MBTI!$G$6,MBTI!$H$6,MBTI!$F$6) -> P | T70: =CONCATENATE(P70,Q70,R70,S70) -> ISFP | U70: =LOOKUP(T70,MBTI!$A$3:$A$18,MBTI!$B$3:$B$18) -> Adventurer | V70: =LOOKUP(T70,MBTI!$A$3:$A$18,MBTI!$C$3:$C$18) -> Explorers
A71: =A70+1 -> 70 | B71: 3 | C71: =IF(Random!B71>Sheet1!$B$2,"Male","Female") -> Male | D71: =NORMINV(Random!C71,Sheet1!$B$3,Sheet1!$C$3) -> 37.335858 | E71: =IF(D71<18,"no",IF(Random!D71>Sheet1!$B$4,"no","yes")) -> no | F71: =LOOKUP(Random!E71,Namelists!A:A,Namelists!B:B) -> SANTOS | G71: =IF(C71="Male",LOOKUP(Random!F71,Namelists!E:E,Namelists!F:F),LOOKUP(Random!F71,Namelists!I:I,Namelists!J:J)) -> MICHAEL | H71: =CEILING(NORMINV(Random!G71,100,15),0.1) -> 105.5 | I71: =CEILING(NORMINV(Random!H71,100,15),0.1) -> 116.3 | J71: =CEILING(NORMINV(Random!I70,100,15),0.1) -> 100.7 | K71: =CEILING(NORMINV(Random!J71,100,15),0.1) -> 127.9 | L71: =CEILING(NORMINV(Random!K71,100,15),0.1) -> 109 | M71: =CEILING(NORMINV(Random!L71,100,15),0.1) -> 117 | N71: =CEILING(NORMINV(Random!M71,100,15),0.1) -> 95.5 | O71: =CEILING(NORMINV(Random!N71,100,15),0.1) -> 106.9 | P71: =IF(Random!O71>MBTI!$G$3,MBTI!$H$3,MBTI!$F$3) -> E | Q71: =IF(Random!P71>MBTI!$G$4,MBTI!$H$4,MBTI!$F$4) -> S | R71: =IF(Random!Q71>MBTI!$G$5,MBTI!$H$5,MBTI!$F$5) -> T | S71: =IF(Random!R71>MBTI!$G$6,MBTI!$H$6,MBTI!$F$6) -> J | T71: =CONCATENATE(P71,Q71,R71,S71) -> ESTJ | U71: =LOOKUP(T71,MBTI!$A$3:$A$18,MBTI!$B$3:$B$18) -> Executive | V71: =LOOKUP(T71,MBTI!$A$3:$A$18,MBTI!$C$3:$C$18) -> Sentinal
A72: =A71+1 -> 71 | C72: =IF(Random!B72>Sheet1!$B$2,"Male","Female") -> Male | D72: =NORMINV(Random!C72,Sheet1!$B$3,Sheet1!$C$3) -> 42.988865 | E72: =IF(D72<18,"no",IF(Random!D72>Sheet1!$B$4,"no","yes")) -> no | F72: =LOOKUP(Random!E72,Namelists!A:A,Namelists!B:B) -> GUEVARA | G72: =IF(C72="Male",LOOKUP(Random!F72,Namelists!E:E,Namelists!F:F),LOOKUP(Random!F72,Namelists!I:I,Namelists!J:J)) -> JOHN | H72: =CEILING(NORMINV(Random!G72,100,15),0.1) -> 88.9 | I72: =CEILING(NORMINV(Random!H72,100,15),0.1) -> 101.3 | J72: =CEILING(NORMINV(Random!I71,100,15),0.1) -> 102.4 | K72: =CEILING(NORMINV(Random!J72,100,15),0.1) -> 93.5 | L72: =CEILING(NORMINV(Random!K72,100,15),0.1) -> 91.4 | M72: =CEILING(NORMINV(Random!L72,100,15),0.1) -> 101 | N72: =CEILING(NORMINV(Random!M72,100,15),0.1) -> 107.3 | O72: =CEILING(NORMINV(Random!N72,100,15),0.1) -> 98.6 | P72: =IF(Random!O72>MBTI!$G$3,MBTI!$H$3,MBTI!$F$3) -> I | Q72: =IF(Random!P72>MBTI!$G$4,MBTI!$H$4,MBTI!$F$4) -> S | R72: =IF(Random!Q72>MBTI!$G$5,MBTI!$H$5,MBTI!$F$5) -> F | S72: =IF(Random!R72>MBTI!$G$6,MBTI!$H$6,MBTI!$F$6) -> P | T72: =CONCATENATE(P72,Q72,R72,S72) -> ISFP | U72: =LOOKUP(T72,MBTI!$A$3:$A$18,MBTI!$B$3:$B$18) -> Adventurer | V72: =LOOKUP(T72,MBTI!$A$3:$A$18,MBTI!$C$3:$C$18) -> Explorers
A73: =A72+1 -> 72 | B73: 9 | C73: =IF(Random!B73>Sheet1!$B$2,"Male","Female") -> Female | D73: =NORMINV(Random!C73,Sheet1!$B$3,Sheet1!$C$3) -> 49.377936 | E73: =IF(D73<18,"no",IF(Random!D73>Sheet1!$B$4,"no","yes")) -> yes | F73: =LOOKUP(Random!E73,Namelists!A:A,Namelists!B:B) -> LANE | G73: =IF(C73="Male",LOOKUP(Random!F73,Namelists!E:E,Namelists!F:F),LOOKUP(Random!F73,Namelists!I:I,Namelists!J:J)) -> EBONY | H73: =CEILING(NORMINV(Random!G73,100,15),0.1) -> 99.8 | I73: =CEILING(NORMINV(Random!H73,100,15),0.1) -> 121.9 | J73: =CEILING(NORMINV(Random!I72,100,15),0.1) -> 71.8 | K73: =CEILING(NORMINV(Random!J73,100,15),0.1) -> 113.4 | L73: =CEILING(NORMINV(Random!K73,100,15),0.1) -> 102.1 | M73: =CEILING(NORMINV(Random!L73,100,15),0.1) -> 87.3 | N73: =CEILING(NORMINV(Random!M73,100,15),0.1) -> 87.2 | O73: =CEILING(NORMINV(Random!N73,100,15),0.1) -> 111.1 | P73: =IF(Random!O73>MBTI!$G$3,MBTI!$H$3,MBTI!$F$3) -> E | Q73: =IF(Random!P73>MBTI!$G$4,MBTI!$H$4,MBTI!$F$4) -> S | R73: =IF(Random!Q73>MBTI!$G$5,MBTI!$H$5,MBTI!$F$5) -> T | S73: =IF(Random!R73>MBTI!$G$6,MBTI!$H$6,MBTI!$F$6) -> J | T73: =CONCATENATE(P73,Q73,R73,S73) -> ESTJ | U73: =LOOKUP(T73,MBTI!$A$3:$A$18,MBTI!$B$3:$B$18) -> Executive | V73: =LOOKUP(T73,MBTI!$A$3:$A$18,MBTI!$C$3:$C$18) -> Sentinal
A74: =A73+1 -> 73 | C74: =IF(Random!B74>Sheet1!$B$2,"Male","Female") -> Female | D74: =NORMINV(Random!C74,Sheet1!$B$3,Sheet1!$C$3) -> 25.318929 | E74: =IF(D74<18,"no",IF(Random!D74>Sheet1!$B$4,"no","yes")) -> no | F74: =LOOKUP(Random!E74,Namelists!A:A,Namelists!B:B) -> SOLOMON | G74: =IF(C74="Male",LOOKUP(Random!F74,Namelists!E:E,Namelists!F:F),LOOKUP(Random!F74,Namelists!I:I,Namelists!J:J)) -> LOTTIE | H74: =CEILING(NORMINV(Random!G74,100,15),0.1) -> 119.9 | I74: =CEILING(NORMINV(Random!H74,100,15),0.1) -> 101.2 | J74: =CEILING(NORMINV(Random!I73,100,15),0.1) -> 86.7 | K74: =CEILING(NORMINV(Random!J74,100,15),0.1) -> 104.3 | L74: =CEILING(NORMINV(Random!K74,100,15),0.1) -> 66.7 | M74: =CEILING(NORMINV(Random!L74,100,15),0.1) -> 90 | N74: =CEILING(NORMINV(Random!M74,100,15),0.1) -> 124.2 | O74: =CEILING(NORMINV(Random!N74,100,15),0.1) -> 104.2 | P74: =IF(Random!O74>MBTI!$G$3,MBTI!$H$3,MBTI!$F$3) -> E | Q74: =IF(Random!P74>MBTI!$G$4,MBTI!$H$4,MBTI!$F$4) -> S | R74: =IF(Random!Q74>MBTI!$G$5,MBTI!$H$5,MBTI!$F$5) -> F | S74: =IF(Random!R74>MBTI!$G$6,MBTI!$H$6,MBTI!$F$6) -> J | T74: =CONCATENATE(P74,Q74,R74,S74) -> ESFJ | U74: =LOOKUP(T74,MBTI!$A$3:$A$18,MBTI!$B$3:$B$18) -> Consul | V74: =LOOKUP(T74,MBTI!$A$3:$A$18,MBTI!$C$3:$C$18) -> Sentinal
A75: =A74+1 -> 74 | C75: =IF(Random!B75>Sheet1!$B$2,"Male","Female") -> Male | D75: =NORMINV(Random!C75,Sheet1!$B$3,Sheet1!$C$3) -> 19.734818 | E75: =IF(D75<18,"no",IF(Random!D75>Sheet1!$B$4,"no","yes")) -> yes | F75: =LOOKUP(Random!E75,Namelists!A:A,Namelists!B:B) -> DEAN | G75: =IF(C75="Male",LOOKUP(Random!F75,Namelists!E:E,Namelists!F:F),LOOKUP(Random!F75,Namelists!I:I,Namelists!J:J)) -> KEVIN | H75: =CEILING(NORMINV(Random!G75,100,15),0.1) -> 107 | I75: =CEILING(NORMINV(Random!H75,100,15),0.1) -> 73.7 | J75: =CEILING(NORMINV(Random!I74,100,15),0.1) -> 60.3 | K75: =CEILING(NORMINV(Random!J75,100,15),0.1) -> 102.9 | L75: =CEILING(NORMINV(Random!K75,100,15),0.1) -> 119.1 | M75: =CEILING(NORMINV(Random!L75,100,15),0.1) -> 99.3 | N75: =CEILING(NORMINV(Random!M75,100,15),0.1) -> 96.4 | O75: =CEILING(NORMINV(Random!N75,100,15),0.1) -> 96.9 | P75: =IF(Random!O75>MBTI!$G$3,MBTI!$H$3,MBTI!$F$3) -> I | Q75: =IF(Random!P75>MBTI!$G$4,MBTI!$H$4,MBTI!$F$4) -> S | R75: =IF(Random!Q75>MBTI!$G$5,MBTI!$H$5,MBTI!$F$5) -> F | S75: =IF(Random!R75>MBTI!$G$6,MBTI!$H$6,MBTI!$F$6) -> J | T75: =CONCATENATE(P75,Q75,R75,S75) -> ISFJ | U75: =LOOKUP(T75,MBTI!$A$3:$A$18,MBTI!$B$3:$B$18) -> Defender | V75: =LOOKUP(T75,MBTI!$A$3:$A$18,MBTI!$C$3:$C$18) -> Sentinal
A76: =A75+1 -> 75 | C76: =IF(Random!B76>Sheet1!$B$2,"Male","Female") -> Male | D76: =NORMINV(Random!C76,Sheet1!$B$3,Sheet1!$C$3) -> 21.349409 | E76: =IF(D76<18,"no",IF(Random!D76>Sheet1!$B$4,"no","yes")) -> no | F76: =LOOKUP(Random!E76,Namelists!A:A,Namelists!B:B) -> WATSON | G76: =IF(C76="Male",LOOKUP(Random!F76,Namelists!E:E,Namelists!F:F),LOOKUP(Random!F76,Namelists!I:I,Namelists!J:J)) -> TED | H76: =CEILING(NORMINV(Random!G76,100,15),0.1) -> 110.8 | I76: =CEILING(NORMINV(Random!H76,100,15),0.1) -> 93.1 | J76: =CEILING(NORMINV(Random!I75,100,15),0.1) -> 75.1 | K76: =CEILING(NORMINV(Random!J76,100,15),0.1) -> 105.7 | L76: =CEILING(NORMINV(Random!K76,100,15),0.1) -> 107.6 | M76: =CEILING(NORMINV(Random!L76,100,15),0.1) -> 105.5 | N76: =CEILING(NORMINV(Random!M76,100,15),0.1) -> 125.3 | O76: =CEILING(NORMINV(Random!N76,100,15),0.1) -> 103 | P76: =IF(Random!O76>MBTI!$G$3,MBTI!$H$3,MBTI!$F$3) -> E | Q76: =IF(Random!P76>MBTI!$G$4,MBTI!$H$4,MBTI!$F$4) -> S | R76: =IF(Random!Q76>MBTI!$G$5,MBTI!$H$5,MBTI!$F$5) -> F | S76: =IF(Random!R76>MBTI!$G$6,MBTI!$H$6,MBTI!$F$6) -> J | T76: =CONCATENATE(P76,Q76,R76,S76) -> ESFJ | U76: =LOOKUP(T76,MBTI!$A$3:$A$18,MBTI!$B$3:$B$18) -> Consul | V76: =LOOKUP(T76,MBTI!$A$3:$A$18,MBTI!$C$3:$C$18) -> Sentinal
A77: =A76+1 -> 76 | C77: =IF(Random!B77>Sheet1!$B$2,"Male","Female") -> Female | D77: =NORMINV(Random!C77,Sheet1!$B$3,Sheet1!$C$3) -> 38.379826 | E77: =IF(D77<18,"no",IF(Random!D77>Sheet1!$B$4,"no","yes")) -> no | F77: =LOOKUP(Random!E77,Namelists!A:A,Namelists!B:B) -> COSTA | G77: =IF(C77="Male",LOOKUP(Random!F77,Namelists!E:E,Namelists!F:F),LOOKUP(Random!F77,Namelists!I:I,Namelists!J:J)) -> HELEN | H77: =CEILING(NORMINV(Random!G77,100,15),0.1) -> 105.7 | I77: =CEILING(NORMINV(Random!H77,100,15),0.1) -> 96.5 | J77: =CEILING(NORMINV(Random!I76,100,15),0.1) -> 99.2 | K77: =CEILING(NORMINV(Random!J77,100,15),0.1) -> 103.6 | L77: =CEILING(NORMINV(Random!K77,100,15),0.1) -> 107.5 | M77: =CEILING(NORMINV(Random!L77,100,15),0.1) -> 90.4 | N77: =CEILING(NORMINV(Random!M77,100,15),0.1) -> 73.3 | O77: =CEILING(NORMINV(Random!N77,100,15),0.1) -> 116.9 | P77: =IF(Random!O77>MBTI!$G$3,MBTI!$H$3,MBTI!$F$3) -> E | Q77: =IF(Random!P77>MBTI!$G$4,MBTI!$H$4,MBTI!$F$4) -> S | R77: =IF(Random!Q77>MBTI!$G$5,MBTI!$H$5,MBTI!$F$5) -> T | S77: =IF(Random!R77>MBTI!$G$6,MBTI!$H$6,MBTI!$F$6) -> J | T77: =CONCATENATE(P77,Q77,R77,S77) -> ESTJ | U77: =LOOKUP(T77,MBTI!$A$3:$A$18,MBTI!$B$3:$B$18) -> Executive | V77: =LOOKUP(T77,MBTI!$A$3:$A$18,MBTI!$C$3:$C$18) -> Sentinal
A78: =A77+1 -> 77 | C78: =IF(Random!B78>Sheet1!$B$2,"Male","Female") -> Male | D78: =NORMINV(Random!C78,Sheet1!$B$3,Sheet1!$C$3) -> 45.844487 | E78: =IF(D78<18,"no",IF(Random!D78>Sheet1!$B$4,"no","yes")) -> no | F78: =LOOKUP(Random!E78,Namelists!A:A,Namelists!B:B) -> CASTRO | G78: =IF(C78="Male",LOOKUP(Random!F78,Namelists!E:E,Namelists!F:F),LOOKUP(Random!F78,Namelists!I:I,Namelists!J:J)) -> EDWARD | H78: =CEILING(NORMINV(Random!G78,100,15),0.1) -> 82.3 | I78: =CEILING(NORMINV(Random!H78,100,15),0.1) -> 92.7 | J78: =CEILING(NORMINV(Random!I77,100,15),0.1) -> 88.1 | K78: =CEILING(NORMINV(Random!J78,100,15),0.1) -> 100.6 | L78: =CEILING(NORMINV(Random!K78,100,15),0.1) -> 108.2 | M78: =CEILING(NORMINV(Random!L78,100,15),0.1) -> 106.8 | N78: =CEILING(NORMINV(Random!M78,100,15),0.1) -> 98.4 | O78: =CEILING(NORMINV(Random!N78,100,15),0.1) -> 94.8 | P78: =IF(Random!O78>MBTI!$G$3,MBTI!$H$3,MBTI!$F$3) -> I | Q78: =IF(Random!P78>MBTI!$G$4,MBTI!$H$4,MBTI!$F$4) -> N | R78: =IF(Random!Q78>MBTI!$G$5,MBTI!$H$5,MBTI!$F$5) -> F | S78: =IF(Random!R78>MBTI!$G$6,MBTI!$H$6,MBTI!$F$6) -> J | T78: =CONCATENATE(P78,Q78,R78,S78) -> INFJ | U78: =LOOKUP(T78,MBTI!$A$3:$A$18,MBTI!$B$3:$B$18) -> Advocate | V78: =LOOKUP(T78,MBTI!$A$3:$A$18,MBTI!$C$3:$C$18) -> Diplomat
A79: =A78+1 -> 78 | C79: =IF(Random!B79>Sheet1!$B$2,"Male","Female") -> Male | D79: =NORMINV(Random!C79,Sheet1!$B$3,Sheet1!$C$3) -> 35.524423 | E79: =IF(D79<18,"no",IF(Random!D79>Sheet1!$B$4,"no","yes")) -> no | F79: =LOOKUP(Random!E79,Namelists!A:A,Namelists!B:B) -> BURGESS | G79: =IF(C79="Male",LOOKUP(Random!F79,Namelists!E:E,Namelists!F:F),LOOKUP(Random!F79,Namelists!I:I,Namelists!J:J)) -> STEPHEN | H79: =CEILING(NORMINV(Random!G79,100,15),0.1) -> 80.2 | I79: =CEILING(NORMINV(Random!H79,100,15),0.1) -> 96.7 | J79: =CEILING(NORMINV(Random!I78,100,15),0.1) -> 95.4 | K79: =CEILING(NORMINV(Random!J79,100,15),0.1) -> 80.2 | L79: =CEILING(NORMINV(Random!K79,100,15),0.1) -> 93.7 | M79: =CEILING(NORMINV(Random!L79,100,15),0.1) -> 89.8 | N79: =CEILING(NORMINV(Random!M79,100,15),0.1) -> 114.7 | O79: =CEILING(NORMINV(Random!N79,100,15),0.1) -> 71.6 | P79: =IF(Random!O79>MBTI!$G$3,MBTI!$H$3,MBTI!$F$3) -> I | Q79: =IF(Random!P79>MBTI!$G$4,MBTI!$H$4,MBTI!$F$4) -> S | R79: =IF(Random!Q79>MBTI!$G$5,MBTI!$H$5,MBTI!$F$5) -> F | S79: =IF(Random!R79>MBTI!$G$6,MBTI!$H$6,MBTI!$F$6) -> P | T79: =CONCATENATE(P79,Q79,R79,S79) -> ISFP | U79: =LOOKUP(T79,MBTI!$A$3:$A$18,MBTI!$B$3:$B$18) -> Adventurer | V79: =LOOKUP(T79,MBTI!$A$3:$A$18,MBTI!$C$3:$C$18) -> Explorers
A80: =A79+1 -> 79 | B80: 7 | C80: =IF(Random!B80>Sheet1!$B$2,"Male","Female") -> Female | D80: =NORMINV(Random!C80,Sheet1!$B$3,Sheet1!$C$3) -> 50.517159 | E80: =IF(D80<18,"no",IF(Random!D80>Sheet1!$B$4,"no","yes")) -> yes | F80: =LOOKUP(Random!E80,Namelists!A:A,Namelists!B:B) -> WALTON | G80: =IF(C80="Male",LOOKUP(Random!F80,Namelists!E:E,Namelists!F:F),LOOKUP(Random!F80,Namelists!I:I,Namelists!J:J)) -> JUDY | H80: =CEILING(NORMINV(Random!G80,100,15),0.1) -> 112.4 | I80: =CEILING(NORMINV(Random!H80,100,15),0.1) -> 85.9 | J80: =CEILING(NORMINV(Random!I79,100,15),0.1) -> 120.7 | K80: =CEILING(NORMINV(Random!J80,100,15),0.1) -> 127.4 | L80: =CEILING(NORMINV(Random!K80,100,15),0.1) -> 113.1 | M80: =CEILING(NORMINV(Random!L80,100,15),0.1) -> 100.9 | N80: =CEILING(NORMINV(Random!M80,100,15),0.1) -> 89.5 | O80: =CEILING(NORMINV(Random!N80,100,15),0.1) -> 96.4 | P80: =IF(Random!O80>MBTI!$G$3,MBTI!$H$3,MBTI!$F$3) -> E | Q80: =IF(Random!P80>MBTI!$G$4,MBTI!$H$4,MBTI!$F$4) -> N | R80: =IF(Random!Q80>MBTI!$G$5,MBTI!$H$5,MBTI!$F$5) -> F | S80: =IF(Random!R80>MBTI!$G$6,MBTI!$H$6,MBTI!$F$6) -> P | T80: =CONCATENATE(P80,Q80,R80,S80) -> ENFP | U80: =LOOKUP(T80,MBTI!$A$3:$A$18,MBTI!$B$3:$B$18) -> Campaigner | V80: =LOOKUP(T80,MBTI!$A$3:$A$18,MBTI!$C$3:$C$18) -> Diplomat
A81: =A80+1 -> 80 | C81: =IF(Random!B81>Sheet1!$B$2,"Male","Female") -> Female | D81: =NORMINV(Random!C81,Sheet1!$B$3,Sheet1!$C$3) -> 42.241492 | E81: =IF(D81<18,"no",IF(Random!D81>Sheet1!$B$4,"no","yes")) -> no | F81: =LOOKUP(Random!E81,Namelists!A:A,Namelists!B:B) -> RUSSELL | G81: =IF(C81="Male",LOOKUP(Random!F81,Namelists!E:E,Namelists!F:F),LOOKUP(Random!F81,Namelists!I:I,Namelists!J:J)) -> MEGAN | H81: =CEILING(NORMINV(Random!G81,100,15),0.1) -> 90.5 | I81: =CEILING(NORMINV(Random!H81,100,15),0.1) -> 107.1 | J81: =CEILING(NORMINV(Random!I80,100,15),0.1) -> 108.8 | K81: =CEILING(NORMINV(Random!J81,100,15),0.1) -> 110.9 | L81: =CEILING(NORMINV(Random!K81,100,15),0.1) -> 106.9 | M81: =CEILING(NORMINV(Random!L81,100,15),0.1) -> 103.8 | N81: =CEILING(NORMINV(Random!M81,100,15),0.1) -> 100.5 | O81: =CEILING(NORMINV(Random!N81,100,15),0.1) -> 124.9 | P81: =IF(Random!O81>MBTI!$G$3,MBTI!$H$3,MBTI!$F$3) -> I | Q81: =IF(Random!P81>MBTI!$G$4,MBTI!$H$4,MBTI!$F$4) -> S | R81: =IF(Random!Q81>MBTI!$G$5,MBTI!$H$5,MBTI!$F$5) -> F | S81: =IF(Random!R81>MBTI!$G$6,MBTI!$H$6,MBTI!$F$6) -> J | T81: =CONCATENATE(P81,Q81,R81,S81) -> ISFJ | U81: =LOOKUP(T81,MBTI!$A$3:$A$18,MBTI!$B$3:$B$18) -> Defender | V81: =LOOKUP(T81,MBTI!$A$3:$A$18,MBTI!$C$3:$C$18) -> Sentinal
A82: =A81+1 -> 81 | C82: =IF(Random!B82>Sheet1!$B$2,"Male","Female") -> Female | D82: =NORMINV(Random!C82,Sheet1!$B$3,Sheet1!$C$3) -> 9.4827205 | E82: =IF(D82<18,"no",IF(Random!D82>Sheet1!$B$4,"no","yes")) -> no | F82: =LOOKUP(Random!E82,Namelists!A:A,Namelists!B:B) -> GOODMAN | G82: =IF(C82="Male",LOOKUP(Random!F82,Namelists!E:E,Namelists!F:F),LOOKUP(Random!F82,Namelists!I:I,Namelists!J:J)) -> JOANNE | H82: =CEILING(NORMINV(Random!G82,100,15),0.1) -> 94.5 | I82: =CEILING(NORMINV(Random!H82,100,15),0.1) -> 117.5 | J82: =CEILING(NORMINV(Random!I81,100,15),0.1) -> 91.9 | K82: =CEILING(NORMINV(Random!J82,100,15),0.1) -> 102.6 | L82: =CEILING(NORMINV(Random!K82,100,15),0.1) -> 104.2 | M82: =CEILING(NORMINV(Random!L82,100,15),0.1) -> 85.3 | N82: =CEILING(NORMINV(Random!M82,100,15),0.1) -> 121.9 | O82: =CEILING(NORMINV(Random!N82,100,15),0.1) -> 103.7 | P82: =IF(Random!O82>MBTI!$G$3,MBTI!$H$3,MBTI!$F$3) -> I | Q82: =IF(Random!P82>MBTI!$G$4,MBTI!$H$4,MBTI!$F$4) -> S | R82: =IF(Random!Q82>MBTI!$G$5,MBTI!$H$5,MBTI!$F$5) -> F | S82: =IF(Random!R82>MBTI!$G$6,MBTI!$H$6,MBTI!$F$6) -> P | T82: =CONCATENATE(P82,Q82,R82,S82) -> ISFP | U82: =LOOKUP(T82,MBTI!$A$3:$A$18,MBTI!$B$3:$B$18) -> Adventurer | V82: =LOOKUP(T82,MBTI!$A$3:$A$18,MBTI!$C$3:$C$18) -> Explorers
A83: =A82+1 -> 82 | C83: =IF(Random!B83>Sheet1!$B$2,"Male","Female") -> Female | D83: =NORMINV(Random!C83,Sheet1!$B$3,Sheet1!$C$3) -> 34.515098 | E83: =IF(D83<18,"no",IF(Random!D83>Sheet1!$B$4,"no","yes")) -> no | F83: =LOOKUP(Random!E83,Namelists!A:A,Namelists!B:B) -> SEXTON | G83: =IF(C83="Male",LOOKUP(Random!F83,Namelists!E:E,Namelists!F:F),LOOKUP(Random!F83,Namelists!I:I,Namelists!J:J)) -> ANN | H83: =CEILING(NORMINV(Random!G83,100,15),0.1) -> 105.2 | I83: =CEILING(NORMINV(Random!H83,100,15),0.1) -> 84.8 | J83: =CEILING(NORMINV(Random!I82,100,15),0.1) -> 123.5 | K83: =CEILING(NORMINV(Random!J83,100,15),0.1) -> 115.5 | L83: =CEILING(NORMINV(Random!K83,100,15),0.1) -> 85.3 | M83: =CEILING(NORMINV(Random!L83,100,15),0.1) -> 105 | N83: =CEILING(NORMINV(Random!M83,100,15),0.1) -> 91.9 | O83: =CEILING(NORMINV(Random!N83,100,15),0.1) -> 92.2 | P83: =IF(Random!O83>MBTI!$G$3,MBTI!$H$3,MBTI!$F$3) -> E | Q83: =IF(Random!P83>MBTI!$G$4,MBTI!$H$4,MBTI!$F$4) -> S | R83: =IF(Random!Q83>MBTI!$G$5,MBTI!$H$5,MBTI!$F$5) -> F | S83: =IF(Random!R83>MBTI!$G$6,MBTI!$H$6,MBTI!$F$6) -> P | T83: =CONCATENATE(P83,Q83,R83,S83) -> ESFP | U83: =LOOKUP(T83,MBTI!$A$3:$A$18,MBTI!$B$3:$B$18) -> Entertainer | V83: =LOOKUP(T83,MBTI!$A$3:$A$18,MBTI!$C$3:$C$18) -> Explorers
A84: =A83+1 -> 83 | C84: =IF(Random!B84>Sheet1!$B$2,"Male","Female") -> Male | D84: =NORMINV(Random!C84,Sheet1!$B$3,Sheet1!$C$3) -> 31.643803 | E84: =IF(D84<18,"no",IF(Random!D84>Sheet1!$B$4,"no","yes")) -> yes | F84: =LOOKUP(Random!E84,Namelists!A:A,Namelists!B:B) -> BUSH | G84: =IF(C84="Male",LOOKUP(Random!F84,Namelists!E:E,Namelists!F:F),LOOKUP(Random!F84,Namelists!I:I,Namelists!J:J)) -> MITCHELL | H84: =CEILING(NORMINV(Random!G84,100,15),0.1) -> 100.9 | I84: =CEILING(NORMINV(Random!H84,100,15),0.1) -> 105.4 | J84: =CEILING(NORMINV(Random!I83,100,15),0.1) -> 104.8 | K84: =CEILING(NORMINV(Random!J84,100,15),0.1) -> 106.5 | L84: =CEILING(NORMINV(Random!K84,100,15),0.1) -> 107.1 | M84: =CEILING(NORMINV(Random!L84,100,15),0.1) -> 121.1 | N84: =CEILING(NORMINV(Random!M84,100,15),0.1) -> 122 | O84: =CEILING(NORMINV(Random!N84,100,15),0.1) -> 93.7 | P84: =IF(Random!O84>MBTI!$G$3,MBTI!$H$3,MBTI!$F$3) -> E | Q84: =IF(Random!P84>MBTI!$G$4,MBTI!$H$4,MBTI!$F$4) -> S | R84: =IF(Random!Q84>MBTI!$G$5,MBTI!$H$5,MBTI!$F$5) -> F | S84: =IF(Random!R84>MBTI!$G$6,MBTI!$H$6,MBTI!$F$6) -> P | T84: =CONCATENATE(P84,Q84,R84,S84) -> ESFP | U84: =LOOKUP(T84,MBTI!$A$3:$A$18,MBTI!$B$3:$B$18) -> Entertainer | V84: =LOOKUP(T84,MBTI!$A$3:$A$18,MBTI!$C$3:$C$18) -> Explorers
A85: =A84+1 -> 84 | C85: =IF(Random!B85>Sheet1!$B$2,"Male","Female") -> Male | D85: =NORMINV(Random!C85,Sheet1!$B$3,Sheet1!$C$3) -> 45.046633 | E85: =IF(D85<18,"no",IF(Random!D85>Sheet1!$B$4,"no","yes")) -> no | F85: =LOOKUP(Random!E85,Namelists!A:A,Namelists!B:B) -> NOLAN | G85: =IF(C85="Male",LOOKUP(Random!F85,Namelists!E:E,Namelists!F:F),LOOKUP(Random!F85,Namelists!I:I,Namelists!J:J)) -> THOMAS | H85: =CEILING(NORMINV(Random!G85,100,15),0.1) -> 96.5 | I85: =CEILING(NORMINV(Random!H85,100,15),0.1) -> 74.6 | J85: =CEILING(NORMINV(Random!I84,100,15),0.1) -> 97.1 | K85: =CEILING(NORMINV(Random!J85,100,15),0.1) -> 94.4 | L85: =CEILING(NORMINV(Random!K85,100,15),0.1) -> 84.1 | M85: =CEILING(NORMINV(Random!L85,100,15),0.1) -> 112.2 | N85: =CEILING(NORMINV(Random!M85,100,15),0.1) -> 68.4 | O85: =CEILING(NORMINV(Random!N85,100,15),0.1) -> 102.9 | P85: =IF(Random!O85>MBTI!$G$3,MBTI!$H$3,MBTI!$F$3) -> I | Q85: =IF(Random!P85>MBTI!$G$4,MBTI!$H$4,MBTI!$F$4) -> S | R85: =IF(Random!Q85>MBTI!$G$5,MBTI!$H$5,MBTI!$F$5) -> F | S85: =IF(Random!R85>MBTI!$G$6,MBTI!$H$6,MBTI!$F$6) -> P | T85: =CONCATENATE(P85,Q85,R85,S85) -> ISFP | U85: =LOOKUP(T85,MBTI!$A$3:$A$18,MBTI!$B$3:$B$18) -> Adventurer | V85: =LOOKUP(T85,MBTI!$A$3:$A$18,MBTI!$C$3:$C$18) -> Explorers
A86: =A85+1 -> 85 | C86: =IF(Random!B86>Sheet1!$B$2,"Male","Female") -> Male | D86: =NORMINV(Random!C86,Sheet1!$B$3,Sheet1!$C$3) -> 20.148774 | E86: =IF(D86<18,"no",IF(Random!D86>Sheet1!$B$4,"no","yes")) -> no | F86: =LOOKUP(Random!E86,Namelists!A:A,Namelists!B:B) -> GARCIA | G86: =IF(C86="Male",LOOKUP(Random!F86,Namelists!E:E,Namelists!F:F),LOOKUP(Random!F86,Namelists!I:I,Namelists!J:J)) -> RONALD | H86: =CEILING(NORMINV(Random!G86,100,15),0.1) -> 75.6 | I86: =CEILING(NORMINV(Random!H86,100,15),0.1) -> 79.6 | J86: =CEILING(NORMINV(Random!I85,100,15),0.1) -> 105.7 | K86: =CEILING(NORMINV(Random!J86,100,15),0.1) -> 82.9 | L86: =CEILING(NORMINV(Random!K86,100,15),0.1) -> 96.9 | M86: =CEILING(NORMINV(Random!L86,100,15),0.1) -> 77 | N86: =CEILING(NORMINV(Random!M86,100,15),0.1) -> 92.8 | O86: =CEILING(NORMINV(Random!N86,100,15),0.1) -> 131.3 | P86: =IF(Random!O86>MBTI!$G$3,MBTI!$H$3,MBTI!$F$3) -> E | Q86: =IF(Random!P86>MBTI!$G$4,MBTI!$H$4,MBTI!$F$4) -> S | R86: =IF(Random!Q86>MBTI!$G$5,MBTI!$H$5,MBTI!$F$5) -> F | S86: =IF(Random!R86>MBTI!$G$6,MBTI!$H$6,MBTI!$F$6) -> J | T86: =CONCATENATE(P86,Q86,R86,S86) -> ESFJ | U86: =LOOKUP(T86,MBTI!$A$3:$A$18,MBTI!$B$3:$B$18) -> Consul | V86: =LOOKUP(T86,MBTI!$A$3:$A$18,MBTI!$C$3:$C$18) -> Sentinal
A87: =A86+1 -> 86 | B87: 102 | C87: =IF(Random!B87>Sheet1!$B$2,"Male","Female") -> Female | D87: =NORMINV(Random!C87,Sheet1!$B$3,Sheet1!$C$3) -> 51.698167 | E87: =IF(D87<18,"no",IF(Random!D87>Sheet1!$B$4,"no","yes")) -> no | F87: =LOOKUP(Random!E87,Namelists!A:A,Namelists!B:B) -> MITCHELL | G87: =IF(C87="Male",LOOKUP(Random!F87,Namelists!E:E,Namelists!F:F),LOOKUP(Random!F87,Namelists!I:I,Namelists!J:J)) -> DAISY | H87: =CEILING(NORMINV(Random!G87,100,15),0.1) -> 105.6 | I87: =CEILING(NORMINV(Random!H87,100,15),0.1) -> 96.5 | J87: =CEILING(NORMINV(Random!I86,100,15),0.1) -> 115.5 | K87: =CEILING(NORMINV(Random!J87,100,15),0.1) -> 79.2 | L87: =CEILING(NORMINV(Random!K87,100,15),0.1) -> 70.3 | M87: =CEILING(NORMINV(Random!L87,100,15),0.1) -> 95.6 | N87: =CEILING(NORMINV(Random!M87,100,15),0.1) -> 83.5 | O87: =CEILING(NORMINV(Random!N87,100,15),0.1) -> 98.8 | P87: =IF(Random!O87>MBTI!$G$3,MBTI!$H$3,MBTI!$F$3) -> E | Q87: =IF(Random!P87>MBTI!$G$4,MBTI!$H$4,MBTI!$F$4) -> S | R87: =IF(Random!Q87>MBTI!$G$5,MBTI!$H$5,MBTI!$F$5) -> F | S87: =IF(Random!R87>MBTI!$G$6,MBTI!$H$6,MBTI!$F$6) -> J | T87: =CONCATENATE(P87,Q87,R87,S87) -> ESFJ | U87: =LOOKUP(T87,MBTI!$A$3:$A$18,MBTI!$B$3:$B$18) -> Consul | V87: =LOOKUP(T87,MBTI!$A$3:$A$18,MBTI!$C$3:$C$18) -> Sentinal
A88: =A87+1 -> 87 | B88: 2 | C88: =IF(Random!B88>Sheet1!$B$2,"Male","Female") -> Female | D88: =NORMINV(Random!C88,Sheet1!$B$3,Sheet1!$C$3) -> 42.779249 | E88: =IF(D88<18,"no",IF(Random!D88>Sheet1!$B$4,"no","yes")) -> no | F88: =LOOKUP(Random!E88,Namelists!A:A,Namelists!B:B) -> MCLAUGHLIN | G88: =IF(C88="Male",LOOKUP(Random!F88,Namelists!E:E,Namelists!F:F),LOOKUP(Random!F88,Namelists!I:I,Namelists!J:J)) -> SHERYL | H88: =CEILING(NORMINV(Random!G88,100,15),0.1) -> 112.2 | I88: =CEILING(NORMINV(Random!H88,100,15),0.1) -> 85.9 | J88: =CEILING(NORMINV(Random!I87,100,15),0.1) -> 88.2 | K88: =CEILING(NORMINV(Random!J88,100,15),0.1) -> 97.5 | L88: =CEILING(NORMINV(Random!K88,100,15),0.1) -> 129.9 | M88: =CEILING(NORMINV(Random!L88,100,15),0.1) -> 105 | N88: =CEILING(NORMINV(Random!M88,100,15),0.1) -> 112.5 | O88: =CEILING(NORMINV(Random!N88,100,15),0.1) -> 67.4 | P88: =IF(Random!O88>MBTI!$G$3,MBTI!$H$3,MBTI!$F$3) -> E | Q88: =IF(Random!P88>MBTI!$G$4,MBTI!$H$4,MBTI!$F$4) -> N | R88: =IF(Random!Q88>MBTI!$G$5,MBTI!$H$5,MBTI!$F$5) -> F | S88: =IF(Random!R88>MBTI!$G$6,MBTI!$H$6,MBTI!$F$6) -> J | T88: =CONCATENATE(P88,Q88,R88,S88) -> ENFJ | U88: =LOOKUP(T88,MBTI!$A$3:$A$18,MBTI!$B$3:$B$18) -> Protagonist | V88: =LOOKUP(T88,MBTI!$A$3:$A$18,MBTI!$C$3:$C$18) -> Diplomat
A89: =A88+1 -> 88 | C89: =IF(Random!B89>Sheet1!$B$2,"Male","Female") -> Male | D89: =NORMINV(Random!C89,Sheet1!$B$3,Sheet1!$C$3) -> 9.4643494 | E89: =IF(D89<18,"no",IF(Random!D89>Sheet1!$B$4,"no","yes")) -> no | F89: =LOOKUP(Random!E89,Namelists!A:A,Namelists!B:B) -> COX | G89: =IF(C89="Male",LOOKUP(Random!F89,Namelists!E:E,Namelists!F:F),LOOKUP(Random!F89,Namelists!I:I,Namelists!J:J)) -> RONALD | H89: =CEILING(NORMINV(Random!G89,100,15),0.1) -> 70.9 | I89: =CEILING(NORMINV(Random!H89,100,15),0.1) -> 109 | J89: =CEILING(NORMINV(Random!I88,100,15),0.1) -> 107.6 | K89: =CEILING(NORMINV(Random!J89,100,15),0.1) -> 131.4 | L89: =CEILING(NORMINV(Random!K89,100,15),0.1) -> 121.8 | M89: =CEILING(NORMINV(Random!L89,100,15),0.1) -> 74 | N89: =CEILING(NORMINV(Random!M89,100,15),0.1) -> 110.8 | O89: =CEILING(NORMINV(Random!N89,100,15),0.1) -> 111.4 | P89: =IF(Random!O89>MBTI!$G$3,MBTI!$H$3,MBTI!$F$3) -> E | Q89: =IF(Random!P89>MBTI!$G$4,MBTI!$H$4,MBTI!$F$4) -> N | R89: =IF(Random!Q89>MBTI!$G$5,MBTI!$H$5,MBTI!$F$5) -> T | S89: =IF(Random!R89>MBTI!$G$6,MBTI!$H$6,MBTI!$F$6) -> J | T89: =CONCATENATE(P89,Q89,R89,S89) -> ENTJ | U89: =LOOKUP(T89,MBTI!$A$3:$A$18,MBTI!$B$3:$B$18) -> Commander | V89: =LOOKUP(T89,MBTI!$A$3:$A$18,MBTI!$C$3:$C$18) -> Analyst
A90: =A89+1 -> 89 | C90: =IF(Random!B90>Sheet1!$B$2,"Male","Female") -> Male | D90: =NORMINV(Random!C90,Sheet1!$B$3,Sheet1!$C$3) -> 43.211923 | E90: =IF(D90<18,"no",IF(Random!D90>Sheet1!$B$4,"no","yes")) -> yes | F90: =LOOKUP(Random!E90,Namelists!A:A,Namelists!B:B) -> MAGANA | G90: =IF(C90="Male",LOOKUP(Random!F90,Namelists!E:E,Namelists!F:F),LOOKUP(Random!F90,Namelists!I:I,Namelists!J:J)) -> RICHARD | H90: =CEILING(NORMINV(Random!G90,100,15),0.1) -> 134.5 | I90: =CEILING(NORMINV(Random!H90,100,15),0.1) -> 105.2 | J90: =CEILING(NORMINV(Random!I89,100,15),0.1) -> 106.1 | K90: =CEILING(NORMINV(Random!J90,100,15),0.1) -> 86.7 | L90: =CEILING(NORMINV(Random!K90,100,15),0.1) -> 97.6 | M90: =CEILING(NORMINV(Random!L90,100,15),0.1) -> 110.9 | N90: =CEILING(NORMINV(Random!M90,100,15),0.1) -> 119.3 | O90: =CEILING(NORMINV(Random!N90,100,15),0.1) -> 91.9 | P90: =IF(Random!O90>MBTI!$G$3,MBTI!$H$3,MBTI!$F$3) -> E | Q90: =IF(Random!P90>MBTI!$G$4,MBTI!$H$4,MBTI!$F$4) -> S | R90: =IF(Random!Q90>MBTI!$G$5,MBTI!$H$5,MBTI!$F$5) -> F | S90: =IF(Random!R90>MBTI!$G$6,MBTI!$H$6,MBTI!$F$6) -> P | T90: =CONCATENATE(P90,Q90,R90,S90) -> ESFP | U90: =LOOKUP(T90,MBTI!$A$3:$A$18,MBTI!$B$3:$B$18) -> Entertainer | V90: =LOOKUP(T90,MBTI!$A$3:$A$18,MBTI!$C$3:$C$18) -> Explorers
A91: =A90+1 -> 90 | C91: =IF(Random!B91>Sheet1!$B$2,"Male","Female") -> Female | D91: =NORMINV(Random!C91,Sheet1!$B$3,Sheet1!$C$3) -> 43.261531 | E91: =IF(D91<18,"no",IF(Random!D91>Sheet1!$B$4,"no","yes")) -> no | F91: =LOOKUP(Random!E91,Namelists!A:A,Namelists!B:B) -> ODOM | G91: =IF(C91="Male",LOOKUP(Random!F91,Namelists!E:E,Namelists!F:F),LOOKUP(Random!F91,Namelists!I:I,Namelists!J:J)) -> GERTRUDE | H91: =CEILING(NORMINV(Random!G91,100,15),0.1) -> 131 | I91: =CEILING(NORMINV(Random!H91,100,15),0.1) -> 94 | J91: =CEILING(NORMINV(Random!I90,100,15),0.1) -> 90.7 | K91: =CEILING(NORMINV(Random!J91,100,15),0.1) -> 95.2 | L91: =CEILING(NORMINV(Random!K91,100,15),0.1) -> 111.2 | M91: =CEILING(NORMINV(Random!L91,100,15),0.1) -> 74.1 | N91: =CEILING(NORMINV(Random!M91,100,15),0.1) -> 114.1 | O91: =CEILING(NORMINV(Random!N91,100,15),0.1) -> 89 | P91: =IF(Random!O91>MBTI!$G$3,MBTI!$H$3,MBTI!$F$3) -> E | Q91: =IF(Random!P91>MBTI!$G$4,MBTI!$H$4,MBTI!$F$4) -> N | R91: =IF(Random!Q91>MBTI!$G$5,MBTI!$H$5,MBTI!$F$5) -> F | S91: =IF(Random!R91>MBTI!$G$6,MBTI!$H$6,MBTI!$F$6) -> J | T91: =CONCATENATE(P91,Q91,R91,S91) -> ENFJ | U91: =LOOKUP(T91,MBTI!$A$3:$A$18,MBTI!$B$3:$B$18) -> Protagonist | V91: =LOOKUP(T91,MBTI!$A$3:$A$18,MBTI!$C$3:$C$18) -> Diplomat
A92: =A91+1 -> 91 | B92: 102 | C92: =IF(Random!B92>Sheet1!$B$2,"Male","Female") -> Female | D92: =NORMINV(Random!C92,Sheet1!$B$3,Sheet1!$C$3) -> 30.329002 | E92: =IF(D92<18,"no",IF(Random!D92>Sheet1!$B$4,"no","yes")) -> no | F92: =LOOKUP(Random!E92,Namelists!A:A,Namelists!B:B) -> BARKER | G92: =IF(C92="Male",LOOKUP(Random!F92,Namelists!E:E,Namelists!F:F),LOOKUP(Random!F92,Namelists!I:I,Namelists!J:J)) -> ASHLEY | H92: =CEILING(NORMINV(Random!G92,100,15),0.1) -> 101.8 | I92: =CEILING(NORMINV(Random!H92,100,15),0.1) -> 102.7 | J92: =CEILING(NORMINV(Random!I91,100,15),0.1) -> 108 | K92: =CEILING(NORMINV(Random!J92,100,15),0.1) -> 117.8 | L92: =CEILING(NORMINV(Random!K92,100,15),0.1) -> 96.7 | M92: =CEILING(NORMINV(Random!L92,100,15),0.1) -> 80.6 | N92: =CEILING(NORMINV(Random!M92,100,15),0.1) -> 90.3 | O92: =CEILING(NORMINV(Random!N92,100,15),0.1) -> 113.2 | P92: =IF(Random!O92>MBTI!$G$3,MBTI!$H$3,MBTI!$F$3) -> E | Q92: =IF(Random!P92>MBTI!$G$4,MBTI!$H$4,MBTI!$F$4) -> S | R92: =IF(Random!Q92>MBTI!$G$5,MBTI!$H$5,MBTI!$F$5) -> F | S92: =IF(Random!R92>MBTI!$G$6,MBTI!$H$6,MBTI!$F$6) -> J | T92: =CONCATENATE(P92,Q92,R92,S92) -> ESFJ | U92: =LOOKUP(T92,MBTI!$A$3:$A$18,MBTI!$B$3:$B$18) -> Consul | V92: =LOOKUP(T92,MBTI!$A$3:$A$18,MBTI!$C$3:$C$18) -> Sentinal
A93: =A92+1 -> 92 | C93: =IF(Random!B93>Sheet1!$B$2,"Male","Female") -> Female | D93: =NORMINV(Random!C93,Sheet1!$B$3,Sheet1!$C$3) -> 37.040572 | E93: =IF(D93<18,"no",IF(Random!D93>Sheet1!$B$4,"no","yes")) -> no | F93: =LOOKUP(Random!E93,Namelists!A:A,Namelists!B:B) -> WARD | G93: =IF(C93="Male",LOOKUP(Random!F93,Namelists!E:E,Namelists!F:F),LOOKUP(Random!F93,Namelists!I:I,Namelists!J:J)) -> NORA | H93: =CEILING(NORMINV(Random!G93,100,15),0.1) -> 99.9 | I93: =CEILING(NORMINV(Random!H93,100,15),0.1) -> 91.3 | J93: =CEILING(NORMINV(Random!I92,100,15),0.1) -> 90.3 | K93: =CEILING(NORMINV(Random!J93,100,15),0.1) -> 76.7 | L93: =CEILING(NORMINV(Random!K93,100,15),0.1) -> 87.2 | M93: =CEILING(NORMINV(Random!L93,100,15),0.1) -> 70.9 | N93: =CEILING(NORMINV(Random!M93,100,15),0.1) -> 115.5 | O93: =CEILING(NORMINV(Random!N93,100,15),0.1) -> 94.2 | P93: =IF(Random!O93>MBTI!$G$3,MBTI!$H$3,MBTI!$F$3) -> I | Q93: =IF(Random!P93>MBTI!$G$4,MBTI!$H$4,MBTI!$F$4) -> S | R93: =IF(Random!Q93>MBTI!$G$5,MBTI!$H$5,MBTI!$F$5) -> T | S93: =IF(Random!R93>MBTI!$G$6,MBTI!$H$6,MBTI!$F$6) -> J | T93: =CONCATENATE(P93,Q93,R93,S93) -> ISTJ | U93: =LOOKUP(T93,MBTI!$A$3:$A$18,MBTI!$B$3:$B$18) -> Logistician | V93: =LOOKUP(T93,MBTI!$A$3:$A$18,MBTI!$C$3:$C$18) -> Sentinal
A94: =A93+1 -> 93 | C94: =IF(Random!B94>Sheet1!$B$2,"Male","Female") -> Female | D94: =NORMINV(Random!C94,Sheet1!$B$3,Sheet1!$C$3) -> 42.409503 | E94: =IF(D94<18,"no",IF(Random!D94>Sheet1!$B$4,"no","yes")) -> no | F94: =LOOKUP(Random!E94,Namelists!A:A,Namelists!B:B) -> REYES | G94: =IF(C94="Male",LOOKUP(Random!F94,Namelists!E:E,Namelists!F:F),LOOKUP(Random!F94,Namelists!I:I,Namelists!J:J)) -> SUZANNE | H94: =CEILING(NORMINV(Random!G94,100,15),0.1) -> 105.8 | I94: =CEILING(NORMINV(Random!H94,100,15),0.1) -> 110.4 | J94: =CEILING(NORMINV(Random!I93,100,15),0.1) -> 115.3 | K94: =CEILING(NORMINV(Random!J94,100,15),0.1) -> 88.8 | L94: =CEILING(NORMINV(Random!K94,100,15),0.1) -> 100.2 | M94: =CEILING(NORMINV(Random!L94,100,15),0.1) -> 96.2 | N94: =CEILING(NORMINV(Random!M94,100,15),0.1) -> 96.2 | O94: =CEILING(NORMINV(Random!N94,100,15),0.1) -> 85 | P94: =IF(Random!O94>MBTI!$G$3,MBTI!$H$3,MBTI!$F$3) -> E | Q94: =IF(Random!P94>MBTI!$G$4,MBTI!$H$4,MBTI!$F$4) -> S | R94: =IF(Random!Q94>MBTI!$G$5,MBTI!$H$5,MBTI!$F$5) -> F | S94: =IF(Random!R94>MBTI!$G$6,MBTI!$H$6,MBTI!$F$6) -> J | T94: =CONCATENATE(P94,Q94,R94,S94) -> ESFJ | U94: =LOOKUP(T94,MBTI!$A$3:$A$18,MBTI!$B$3:$B$18) -> Consul | V94: =LOOKUP(T94,MBTI!$A$3:$A$18,MBTI!$C$3:$C$18) -> Sentinal
A95: =A94+1 -> 94 | C95: =IF(Random!B95>Sheet1!$B$2,"Male","Female") -> Female | D95: =NORMINV(Random!C95,Sheet1!$B$3,Sheet1!$C$3) -> 33.391966 | E95: =IF(D95<18,"no",IF(Random!D95>Sheet1!$B$4,"no","yes")) -> no | F95: =LOOKUP(Random!E95,Namelists!A:A,Namelists!B:B) -> WU | G95: =IF(C95="Male",LOOKUP(Random!F95,Namelists!E:E,Namelists!F:F),LOOKUP(Random!F95,Namelists!I:I,Namelists!J:J)) -> MARY | H95: =CEILING(NORMINV(Random!G95,100,15),0.1) -> 115.3 | I95: =CEILING(NORMINV(Random!H95,100,15),0.1) -> 106 | J95: =CEILING(NORMINV(Random!I94,100,15),0.1) -> 78.5 | K95: =CEILING(NORMINV(Random!J95,100,15),0.1) -> 118.4 | L95: =CEILING(NORMINV(Random!K95,100,15),0.1) -> 126.8 | M95: =CEILING(NORMINV(Random!L95,100,15),0.1) -> 110.1 | N95: =CEILING(NORMINV(Random!M95,100,15),0.1) -> 107.2 | O95: =CEILING(NORMINV(Random!N95,100,15),0.1) -> 103 | P95: =IF(Random!O95>MBTI!$G$3,MBTI!$H$3,MBTI!$F$3) -> E | Q95: =IF(Random!P95>MBTI!$G$4,MBTI!$H$4,MBTI!$F$4) -> S | R95: =IF(Random!Q95>MBTI!$G$5,MBTI!$H$5,MBTI!$F$5) -> F | S95: =IF(Random!R95>MBTI!$G$6,MBTI!$H$6,MBTI!$F$6) -> P | T95: =CONCATENATE(P95,Q95,R95,S95) -> ESFP | U95: =LOOKUP(T95,MBTI!$A$3:$A$18,MBTI!$B$3:$B$18) -> Entertainer | V95: =LOOKUP(T95,MBTI!$A$3:$A$18,MBTI!$C$3:$C$18) -> Explorers
A96: =A95+1 -> 95 | C96: =IF(Random!B96>Sheet1!$B$2,"Male","Female") -> Male | D96: =NORMINV(Random!C96,Sheet1!$B$3,Sheet1!$C$3) -> 26.038957 | E96: =IF(D96<18,"no",IF(Random!D96>Sheet1!$B$4,"no","yes")) -> no | F96: =LOOKUP(Random!E96,Namelists!A:A,Namelists!B:B) -> WATKINS | G96: =IF(C96="Male",LOOKUP(Random!F96,Namelists!E:E,Namelists!F:F),LOOKUP(Random!F96,Namelists!I:I,Namelists!J:J)) -> RICHARD | H96: =CEILING(NORMINV(Random!G96,100,15),0.1) -> 93.9 | I96: =CEILING(NORMINV(Random!H96,100,15),0.1) -> 100.7 | J96: =CEILING(NORMINV(Random!I95,100,15),0.1) -> 76.6 | K96: =CEILING(NORMINV(Random!J96,100,15),0.1) -> 74.1 | L96: =CEILING(NORMINV(Random!K96,100,15),0.1) -> 87.4 | M96: =CEILING(NORMINV(Random!L96,100,15),0.1) -> 136.9 | N96: =CEILING(NORMINV(Random!M96,100,15),0.1) -> 113.4 | O96: =CEILING(NORMINV(Random!N96,100,15),0.1) -> 85.9 | P96: =IF(Random!O96>MBTI!$G$3,MBTI!$H$3,MBTI!$F$3) -> E | Q96: =IF(Random!P96>MBTI!$G$4,MBTI!$H$4,MBTI!$F$4) -> S | R96: =IF(Random!Q96>MBTI!$G$5,MBTI!$H$5,MBTI!$F$5) -> F | S96: =IF(Random!R96>MBTI!$G$6,MBTI!$H$6,MBTI!$F$6) -> P | T96: =CONCATENATE(P96,Q96,R96,S96) -> ESFP | U96: =LOOKUP(T96,MBTI!$A$3:$A$18,MBTI!$B$3:$B$18) -> Entertainer | V96: =LOOKUP(T96,MBTI!$A$3:$A$18,MBTI!$C$3:$C$18) -> Explorers
A97: =A96+1 -> 96 | C97: =IF(Random!B97>Sheet1!$B$2,"Male","Female") -> Female | D97: =NORMINV(Random!C97,Sheet1!$B$3,Sheet1!$C$3) -> 45.782988 | E97: =IF(D97<18,"no",IF(Random!D97>Sheet1!$B$4,"no","yes")) -> no | F97: =LOOKUP(Random!E97,Namelists!A:A,Namelists!B:B) -> THOMAS | G97: =IF(C97="Male",LOOKUP(Random!F97,Namelists!E:E,Namelists!F:F),LOOKUP(Random!F97,Namelists!I:I,Namelists!J:J)) -> MAUREEN | H97: =CEILING(NORMINV(Random!G97,100,15),0.1) -> 90.3 | I97: =CEILING(NORMINV(Random!H97,100,15),0.1) -> 98.7 | J97: =CEILING(NORMINV(Random!I96,100,15),0.1) -> 74.1 | K97: =CEILING(NORMINV(Random!J97,100,15),0.1) -> 96.1 | L97: =CEILING(NORMINV(Random!K97,100,15),0.1) -> 115.9 | M97: =CEILING(NORMINV(Random!L97,100,15),0.1) -> 119.5 | N97: =CEILING(NORMINV(Random!M97,100,15),0.1) -> 121.5 | O97: =CEILING(NORMINV(Random!N97,100,15),0.1) -> 77.3 | P97: =IF(Random!O97>MBTI!$G$3,MBTI!$H$3,MBTI!$F$3) -> I | Q97: =IF(Random!P97>MBTI!$G$4,MBTI!$H$4,MBTI!$F$4) -> S | R97: =IF(Random!Q97>MBTI!$G$5,MBTI!$H$5,MBTI!$F$5) -> F | S97: =IF(Random!R97>MBTI!$G$6,MBTI!$H$6,MBTI!$F$6) -> P | T97: =CONCATENATE(P97,Q97,R97,S97) -> ISFP | U97: =LOOKUP(T97,MBTI!$A$3:$A$18,MBTI!$B$3:$B$18) -> Adventurer | V97: =LOOKUP(T97,MBTI!$A$3:$A$18,MBTI!$C$3:$C$18) -> Explorers
A98: =A97+1 -> 97 | C98: =IF(Random!B98>Sheet1!$B$2,"Male","Female") -> Male | D98: =NORMINV(Random!C98,Sheet1!$B$3,Sheet1!$C$3) -> 39.330847 | E98: =IF(D98<18,"no",IF(Random!D98>Sheet1!$B$4,"no","yes")) -> no | F98: =LOOKUP(Random!E98,Namelists!A:A,Namelists!B:B) -> MOLINA | G98: =IF(C98="Male",LOOKUP(Random!F98,Namelists!E:E,Namelists!F:F),LOOKUP(Random!F98,Namelists!I:I,Namelists!J:J)) -> DARRELL | H98: =CEILING(NORMINV(Random!G98,100,15),0.1) -> 93.7 | I98: =CEILING(NORMINV(Random!H98,100,15),0.1) -> 86.8 | J98: =CEILING(NORMINV(Random!I97,100,15),0.1) -> 96.5 | K98: =CEILING(NORMINV(Random!J98,100,15),0.1) -> 114.5 | L98: =CEILING(NORMINV(Random!K98,100,15),0.1) -> 108.1 | M98: =CEILING(NORMINV(Random!L98,100,15),0.1) -> 97.6 | N98: =CEILING(NORMINV(Random!M98,100,15),0.1) -> 98.7 | O98: =CEILING(NORMINV(Random!N98,100,15),0.1) -> 87.1 | P98: =IF(Random!O98>MBTI!$G$3,MBTI!$H$3,MBTI!$F$3) -> E | Q98: =IF(Random!P98>MBTI!$G$4,MBTI!$H$4,MBTI!$F$4) -> S | R98: =IF(Random!Q98>MBTI!$G$5,MBTI!$H$5,MBTI!$F$5) -> T | S98: =IF(Random!R98>MBTI!$G$6,MBTI!$H$6,MBTI!$F$6) -> P | T98: =CONCATENATE(P98,Q98,R98,S98) -> ESTP | U98: =LOOKUP(T98,MBTI!$A$3:$A$18,MBTI!$B$3:$B$18) -> Entreprenuer | V98: =LOOKUP(T98,MBTI!$A$3:$A$18,MBTI!$C$3:$C$18) -> Explorers
A99: =A98+1 -> 98 | C99: =IF(Random!B99>Sheet1!$B$2,"Male","Female") -> Female | D99: =NORMINV(Random!C99,Sheet1!$B$3,Sheet1!$C$3) -> 44.369807 | E99: =IF(D99<18,"no",IF(Random!D99>Sheet1!$B$4,"no","yes")) -> no | F99: =LOOKUP(Random!E99,Namelists!A:A,Namelists!B:B) -> FISHER | G99: =IF(C99="Male",LOOKUP(Random!F99,Namelists!E:E,Namelists!F:F),LOOKUP(Random!F99,Namelists!I:I,Namelists!J:J)) -> JOAN | H99: =CEILING(NORMINV(Random!G99,100,15),0.1) -> 91 | I99: =CEILING(NORMINV(Random!H99,100,15),0.1) -> 126.5 | J99: =CEILING(NORMINV(Random!I98,100,15),0.1) -> 97.5 | K99: =CEILING(NORMINV(Random!J99,100,15),0.1) -> 126.1 | L99: =CEILING(NORMINV(Random!K99,100,15),0.1) -> 119.4 | M99: =CEILING(NORMINV(Random!L99,100,15),0.1) -> 95.7 | N99: =CEILING(NORMINV(Random!M99,100,15),0.1) -> 91 | O99: =CEILING(NORMINV(Random!N99,100,15),0.1) -> 104.8 | P99: =IF(Random!O99>MBTI!$G$3,MBTI!$H$3,MBTI!$F$3) -> E | Q99: =IF(Random!P99>MBTI!$G$4,MBTI!$H$4,MBTI!$F$4) -> N | R99: =IF(Random!Q99>MBTI!$G$5,MBTI!$H$5,MBTI!$F$5) -> F | S99: =IF(Random!R99>MBTI!$G$6,MBTI!$H$6,MBTI!$F$6) -> P | T99: =CONCATENATE(P99,Q99,R99,S99) -> ENFP | U99: =LOOKUP(T99,MBTI!$A$3:$A$18,MBTI!$B$3:$B$18) -> Campaigner | V99: =LOOKUP(T99,MBTI!$A$3:$A$18,MBTI!$C$3:$C$18) -> Diplomat
A100: =A99+1 -> 99 | C100: =IF(Random!B100>Sheet1!$B$2,"Male","Female") -> Female | D100: =NORMINV(Random!C100,Sheet1!$B$3,Sheet1!$C$3) -> 41.857906 | E100: =IF(D100<18,"no",IF(Random!D100>Sheet1!$B$4,"no","yes")) -> no | F100: =LOOKUP(Random!E100,Namelists!A:A,Namelists!B:B) -> ROSE | G100: =IF(C100="Male",LOOKUP(Random!F100,Namelists!E:E,Namelists!F:F),LOOKUP(Random!F100,Namelists!I:I,Namelists!J:J)) -> CELINA | H100: =CEILING(NORMINV(Random!G100,100,15),0.1) -> 87.7 | I100: =CEILING(NORMINV(Random!H100,100,15),0.1) -> 96.3 | J100: =CEILING(NORMINV(Random!I99,100,15),0.1) -> 79.1 | K100: =CEILING(NORMINV(Random!J100,100,15),0.1) -> 90.7 | L100: =CEILING(NORMINV(Random!K100,100,15),0.1) -> 123.6 | M100: =CEILING(NORMINV(Random!L100,100,15),0.1) -> 85.1 | N100: =CEILING(NORMINV(Random!M100,100,15),0.1) -> 112.1 | O100: =CEILING(NORMINV(Random!N100,100,15),0.1) -> 108.2 | P100: =IF(Random!O100>MBTI!$G$3,MBTI!$H$3,MBTI!$F$3) -> E | Q100: =IF(Random!P100>MBTI!$G$4,MBTI!$H$4,MBTI!$F$4) -> S | R100: =IF(Random!Q100>MBTI!$G$5,MBTI!$H$5,MBTI!$F$5) -> T | S100: =IF(Random!R100>MBTI!$G$6,MBTI!$H$6,MBTI!$F$6) -> J | T100: =CONCATENATE(P100,Q100,R100,S100) -> ESTJ | U100: =LOOKUP(T100,MBTI!$A$3:$A$18,MBTI!$B$3:$B$18) -> Executive | V100: =LOOKUP(T100,MBTI!$A$3:$A$18,MBTI!$C$3:$C$18) -> Sentinal
...

Sheet MBTI
A1: Myers Briggs Personality Types | D1: https://www.16personalities.com/personality-types
D2: http://paulsohn.org/the-best-jobs-for-all-16-myers-briggs-personality-types-in-one-infographic/
A3: ENFJ | B3: Protagonist | C3: Diplomat | D3: Empath | E3: Inspiring Guides | F3: E | G3: 0.493 | H3: I | I3: =1-G3 -> 0.507
A4: ENFP | B4: Campaigner | C4: Diplomat | D4: Empath | E4: Expressive Advocates | F4: S | G4: 0.733 | H4: N | I4: =1-G4 -> 0.267
A5: ENTJ | B5: Commander | C5: Analyst | D5: Theorists | E5: Driven Directors | F5: T | G5: 0.402 | H5: F | I5: =1-G5 -> 0.598
A6: ENTP | B6: Debater | C6: Analyst | D6: Theorists | E6: Inspired Inventors | F6: J | G6: 0.541 | H6: P | I6: =1-G6 -> 0.459
A7: ESFJ | B7: Consul | C7: Sentinal | D7: Caretaker | E7: Caring Provider
A8: ESFP | B8: Entertainer | C8: Explorers | D8: Caretaker | E8: Outgoing Entertainer
A9: ESTJ | B9: Executive | C9: Sentinal | D9: Pragmatist | E9: Practical Supervisor
A10: ESTP | B10: Entreprenuer | C10: Explorers | D10: Pragmatist | E10: Agile Troubleshooter
A11: INFJ | B11: Advocate | C11: Diplomat | D11: Empath | E11: Compassionate Counselors
A12: INFP | B12: Mediator | C12: Diplomat | D12: Empath | E12: Creative Individualists
A13: INTJ | B13: Architect | C13: Analyst | D13: Theorists | E13: Strategic Masterminds
A14: INTP | B14: Logician | C14: Analyst | D14: Theorists | E14: Independent Scientists
A15: ISFJ | B15: Defender | C15: Sentinal | D15: Caretaker | E15: Sensible Helper
A16: ISFP | B16: Adventurer | C16: Explorers | D16: Caretaker | E16: Attentitive Artists
A17: ISTJ | B17: Logistician | C17: Sentinal | D17: Pragmatist | E17: Practical Supervisor
A18: ISTP | B18: Virtuoso | C18: Explorers | D18: Pragmatist | E18: Adaptable Technician

Sheet JobPlacement
A1: Division | B1: Title | C1: MBTI | D1: Source
B2: General Manager | C2: ESTJ | D2: a | E2: a | F2: http://paulsohn.org/the-best-jobs-for-all-16-myers-briggs-personality-types-in-one-infographic/
B3: Chef | C3: ESTJ | D3: a | E3: b
B4: Insurance Agent | C4: ESTJ | D4: a
B5: Loan Officer | C5: ESTJ | D5: a
B6: School Administrator | C6: ESTJ | D6: a
B7: Accountant | C7: ISTJ | D7: a
B8: Office Manager | C8: ISTJ | D8: a
B9: Probation Officer | C9: ISTJ | D9: a
B10: Logistician | C10: ISTJ | D10: a
B11: System Administrator | C11: ISTJ | D11: a
B12: Building Contractor | C12: ESTP | D12: a
B13: Police Detective | C13: ESTP | D13: a
B14: Financial Advisor | C14: ESTP | D14: a
B15: Sales Manager | C15: ESTP | D15: a
... B131: Procurement Clerk | C131: ISFP | D131: b
B132: Team Assembler | C132: ISFP | D132: b | F132: https://careerassessmentsite.com/myers-briggs-test/mbti-personality-types/isfp/careers/team-assemblers/myers-briggs-isfp-career

Sheet Random
A1: 0.38113532 | B1: 0.6452122 | C1: 0.72538278 | D1: 0.32133689 | E1: 0.49927003 | F1: 0.66284729 | G1: 0.072965782 | H1: 0.0057475967 | I1: 0.2805295 | J1: 0.74604827 | K1: 0.26921818 | L1: 0.41856378 | M1: 0.14618059 | N1: 0.31818624 | O1: 0.84601375 | P1: 0.15378088 | Q1: 0.048281391 | R1: 0.38558419 | S1: 0.4907708
A2: 0.77731255 | B2: 0.24095739 | C2: 0.64038052 | D2: 0.049837079 | E2: 0.19421536 | F2: 0.15657097 | G2: 0.86532271 | H2: 0.095408735 | I2: 0.79245108 | J2: 0.92495421 | K2: 0.29943219 | L2: 0.21084235 | M2: 0.48867374 | N2: 0.57479093 | O2: 0.79262031 | P2: 0.3210169 | Q2: 0.25640054 | R2: 0.08696492 | S2: 0.22829508
A3: 0.72214648 | B3: 0.85967846 | C3: 0.11458485 | D3: 0.13896721 | E3: 0.81463083 | F3: 0.29963316 | G3: 0.62500618 | H3: 0.19027619 | I3: 0.10286233 | J3: 0.9286346 | K3: 0.20554117 | L3: 0.021853595 | M3: 0.80080741 | N3: 0.25203635 | O3: 0.65206895 | P3: 0.59619349 | Q3: 0.9046084 | R3: 0.1189962 | S3: 0.25752596
A4: 0.95487341 | B4: 0.30725221 | C4: 0.44483016 | D4: 0.58556597 | E4: 0.3956719 | F4: 0.86032279 | G4: 0.0049104482 | H4: 0.53253294 | I4: 0.78338353 | J4: 0.46529488 | K4: 0.54607571 | L4: 0.33254075 | M4: 0.50524143 | N4: 0.038095148 | O4: 0.15315423 | P4: 0.80031248 | Q4: 0.86143933 | R4: 0.63534965 | S4: 0.13430553
A5: 0.66750867 | B5: 0.6614743 | C5: 0.25895968 | D5: 0.070359639 | E5: 0.10190847 | F5: 0.94821481 | G5: 0.31445444 | H5: 0.51294309 | I5: 0.6840879 | J5: 0.087438981 | K5: 0.55533782 | L5: 0.30825415 | M5: 0.78450126 | N5: 0.10284027 | O5: 0.34468453 | P5: 0.3221412 | Q5: 0.67464696 | R5: 0.44501415 | S5: 0.35427425
A6: 0.66025213 | B6: 0.47259403 | C6: 0.66678447 | D6: 0.89947242 | E6: 0.42940853 | F6: 0.6612237 | G6: 0.11624523 | H6: 0.77279697 | I6: 0.46931137 | J6: 0.76362504 | K6: 0.87232721 | L6: 0.75472231 | M6: 0.17961661 | N6: 0.15979847 | O6: 0.74334913 | P6: 0.51207707 | Q6: 0.035399686 | R6: 0.88768904 | S6: 0.070872222
A7: 0.55045193 | B7: 0.78824429 | C7: 0.021502735 | D7: 0.062275981 | E7: 0.057372453 | F7: 0.5628237 | G7: 0.37732013 | H7: 0.54863196 | I7: 0.55344187 | J7: 0.5355028 | K7: 0.46423918 | L7: 0.9054233 | M7: 0.14907807 | N7: 0.57170628 | O7: 0.15220347 | P7: 0.90847102 | Q7: 0.46818687 | R7: 0.31447499 | S7: 0.10562922
A8: 0.18506797 | B8: 0.17596118 | C8: 0.52777652 | D8: 0.17036692 | E8: 0.64584576 | F8: 0.70968395 | G8: 0.42594412 | H8: 0.59409107 | I8: 0.39628892 | J8: 0.94695579 | K8: 0.12102682 | L8: 0.78481761 | M8: 0.76366214 | N8: 0.69355323 | O8: 0.87143659 | P8: 0.84634888 | Q8: 0.21905184 | R8: 0.2488842 | S8: 0.62122012
A9: 0.43631604 | B9: 0.91239842 | C9: 0.64966242 | D9: 0.58248954 | E9: 0.788636 | F9: 0.24638313 | G9: 0.36451155 | H9: 0.92020522 | I9: 0.92703651 | J9: 0.41700591 | K9: 0.4249489 | L9: 0.83788861 | M9: 0.1538367 | N9: 0.91441728 | O9: 0.47982846 | P9: 0.18139417 | Q9: 0.23600879 | R9: 0.38539421 | S9: 0.37823357
A10: 0.23465925 | B10: 0.21007395 | C10: 0.63486405 | D10: 0.7204197 | E10: 0.56397512 | F10: 0.98160761 | G10: 0.5884094 | H10: 0.32418847 | I10: 0.48949974 | J10: 0.28488814 | K10: 0.64642691 | L10: 0.60246864 | M10: 0.99430161 | N10: 0.044911266 | O10: 0.55268225 | P10: 0.37791436 | Q10: 0.19079842 | R10: 0.89723011 | S10: 0.52158977
A11: 0.7614493 | B11: 0.21251555 | C11: 0.023250846 | D11: 0.81676918 | E11: 0.88266627 | F11: 0.52060527 | G11: 0.51141665 | H11: 0.32197777 | I11: 0.7358082 | J11: 0.3531912 | K11: 0.69656795 | L11: 0.34711939 | M11: 0.93482139 | N11: 0.72783472 | O11: 0.095529896 | P11: 0.022282331 | Q11: 0.39076262 | R11: 0.66690665 | S11: 0.16879496
A12: 0.037046531 | B12: 0.23625855 | C12: 0.73836077 | D12: 0.5294472 | E12: 0.9905304 | F12: 0.26702951 | G12: 0.30245827 | H12: 0.88036174 | I12: 0.80929392 | J12: 0.45199729 | K12: 0.052229182 | L12: 0.17676663 | M12: 0.017405796 | N12: 0.26581054 | O12: 0.018307199 | P12: 0.51688736 | Q12: 0.78186674 | R12: 0.60560051 | S12: 0.4132556
... A500: 0.7519998 | B500: 0.94326272 | C500: 0.6747126 | D500: 0.46429481 | E500: 0.089394391 | F500: 0.80887104 | G500: 0.57999415 | H500: 0.57192684 | I500: 0.32810649 | J500: 0.24000696 | K500: 0.77299956 | L500: 0.59337682 | M500: 0.21023098 | N500: 0.3862569 | O500: 0.85293842 | P500: 0.048632093 | Q500: 0.35807784 | R500: 0.70838336 | S500: 0.25096019

Sheet Namelists
B1: Last Names | D1: =SUM(C:C) -> 40956.45 | F1: Male Names | H1: =SUM(G:G) -> 88.59 | J1: Female Names | L1: =SUM(K:K) -> 81.857
A2: 0 | B2: SMITH | C2: 828.19 | E2: 0 | F2: JAMES | G2: 3.318 | I2: 0 | J2: MARY | K2: 2.629
A3: =A2+C3/$D$1 -> 0.015998457 | B3: JOHNSON | C3: 655.24 | E3: =E2+G3/$H$1 -> 0.036922903 | F3: JOHN | G3: 3.271 | I3: =I2+K3/$L$1 -> 0.013108225 | J3: PATRICIA | K3: 1.073
A4: =A3+C4/$D$1 -> 0.029451039 | B4: WILLIAMS | C4: 550.97 | E4: =E3+G4/$H$1 -> 0.072400948 | F4: ROBERT | G4: 3.143 | I4: =I3+K4/$L$1 -> 0.025752226 | J4: LINDA | K4: 1.035
A5: =A4+C5/$D$1 -> 0.041345624 | B5: BROWN | C5: 487.16 | E5: =E4+G5/$H$1 -> 0.10207698 | F5: MICHAEL | G5: 2.629 | I5: =I4+K5/$L$1 -> 0.037724324 | J5: BARBARA | K5: 0.98
A6: =A5+C6/$D$1 -> 0.053144499 | B6: JONES | C6: 483.24 | E6: =E5+G6/$H$1 -> 0.12974376 | F6: WILLIAM | G6: 2.451 | I6: =I5+K6/$L$1 -> 0.049171115 | J6: ELIZABETH | K6: 0.937
A7: =A6+C7/$D$1 -> 0.062796702 | B7: GARCIA | C7: 395.32 | E7: =E6+G7/$H$1 -> 0.1564172 | F7: DAVID | G7: 2.363 | I7: =I6+K7/$L$1 -> 0.060556825 | J7: JENNIFER | K7: 0.932
A8: =A7+C8/$D$1 -> 0.072410329 | B8: MILLER | C8: 393.74 | E8: =E7+G8/$H$1 -> 0.17564059 | F8: RICHARD | G8: 1.703 | I8: =I7+K8/$L$1 -> 0.070672026 | J8: MARIA | K8: 0.828
A9: =A8+C9/$D$1 -> 0.081650631 | B9: DAVIS | C9: 378.45 | E9: =E8+G9/$H$1 -> 0.19283215 | F9: CHARLES | G9: 1.523 | I9: =I8+K9/$L$1 -> 0.080371868 | J9: SUSAN | K9: 0.794
A10: =A9+C10/$D$1 -> 0.090713673 | B10: RODRIGUEZ | C10: 371.19 | E10: =E9+G10/$H$1 -> 0.20868044 | F10: JOSEPH | G10: 1.404 | I10: =I9+K10/$L$1 -> 0.089754083 | J10: MARGARET | K10: 0.768
A11: =A10+C11/$D$1 -> 0.099488847 | B11: MARTINEZ | C11: 359.4 | E11: =E10+G11/$H$1 -> 0.22425782 | F11: THOMAS | G11: 1.38 | I11: =I10+K11/$L$1 -> 0.098635425 | J11: DOROTHY | K11: 0.727
A12: =A11+C12/$D$1 -> 0.10812436 | B12: HERNANDEZ | C12: 353.68 | E12: =E11+G12/$H$1 -> 0.23594085 | F12: CHRISTOPHER | G12: 1.035 | I12: =I11+K12/$L$1 -> 0.10723579 | J12: LISA | K12: 0.704
A13: =A12+C13/$D$1 -> 0.11536303 | B13: LOPEZ | C13: 296.47 | E13: =E12+G13/$H$1 -> 0.24693532 | F13: DANIEL | G13: 0.974 | I13: =I12+K13/$L$1 -> 0.11540858 | J13: NANCY | K13: 0.669
A14: =A13+C14/$D$1 -> 0.12232432 | B14: GONZALEZ | C14: 285.11 | E14: =E13+G14/$H$1 -> 0.2576363 | F14: PAUL | G14: 0.948 | I14: =I13+K14/$L$1 -> 0.12355693 | J14: KAREN | K14: 0.667
... A901: =A900+C901/$D$1 -> 0.94978154 | B901: ASHLEY | C901: 13.05 | E901: =E900+G901/$H$1 -> 0.96254656 | F901: ANDREA | G901: 0.006 | I901: =I900+K901/$L$1 -> 0.95697375 | J901: AUGUSTA | K901: 0.01
A902: =A901+C902/$D$1 -> 0.95009919 | B902: FRIEDMAN | C902: 13.01 | I902: =I901+K902/$L$1 -> 0.95709591 | J902: LILIANA | K902: 0.01
A903: =A902+C903/$D$1 -> 0.95041611 | B903: POTTS | C903: 12.98 | I903: =I902+K903/$L$1 -> 0.95721808 | J903: YOUNG | K903: 0.01
A904: =A903+C904/$D$1 -> 0.95073279 | B904: TRUONG | C904: 12.97 | I904: =I903+K904/$L$1 -> 0.95734024 | J904: CHRISTIAN | K904: 0.01
A905: =A904+C905/$D$1 -> 0.95104947 | B905: COSTA | C905: 12.97 | I905: =I904+K905/$L$1 -> 0.9574624 | J905: LESSIE | K905: 0.01
A906: =A905+C906/$D$1 -> 0.9513659 | B906: CORREA | C906: 12.96 | I906: =I905+K906/$L$1 -> 0.95758457 | J906: AMALIA | K906: 0.01
A907: =A906+C907/$D$1 -> 0.95168234 | B907: BLEVINS | C907: 12.96 | I907: =I906+K907/$L$1 -> 0.95770673 | J907: SAVANNAH | K907: 0.01
A908: =A907+C908/$D$1 -> 0.95199804 | B908: NIXON | C908: 12.93 | I908: =I907+K908/$L$1 -> 0.9578289 | J908: ANASTASIA | K908: 0.01
A909: =A908+C909/$D$1 -> 0.95231301 | B909: CLEMENTS | C909: 12.9 | I909: =I908+K909/$L$1 -> 0.95795106 | J909: VILMA | K909: 0.01
A910: =A909+C910/$D$1 -> 0.95262773 | B910: FRY | C910: 12.89 | I910: =I909+K910/$L$1 -> 0.95807323 | J910: NATALIA | K910: 0.01
A911: =A910+C911/$D$1 -> 0.95294172 | B911: DELAROSA | C911: 12.86 | I911: =I910+K911/$L$1 -> 0.95819539 | J911: ROSELLA | K911: 0.01
A912: =A911+C912/$D$1 -> 0.95325571 | B912: BEST | C912: 12.86 | I912: =I911+K912/$L$1 -> 0.95831755 | J912: LYNNETTE | K912: 0.01
A913: =A912+C913/$D$1 -> 0.95356946 | B913: BENTON | C913: 12.85 | I913: =I912+K913/$L$1 -> 0.95843972 | J913: CORINA | K913: 0.01
... A1000: =A999+C1000/$D$1 -> 0.97977877 | B1000: TANG | C1000: 11.85 | I1000: =I999+K1000/$L$1 -> 0.96778528 | J1000: TERRA | K1000: 0.008
I1001: =I1000+K1001/$L$1 -> 0.96788302 | J1001: CELINA | K1001: 0.008
